 Dungeon Crawl Stone Soup version 0.25-b1-46-gb8a1ec05df (webtiles) character file.

Game seed: 528006681162539520

1784667 lepoulpe303 the Champion of Chaos (level 27, 226/235 HPs)
             Began as a Deep Dwarf Fighter on June 10, 2020.
             Was the Champion of Makhleb.
             Escaped with the Orb
             ... and 3 runes on June 11, 2020!
             The game lasted 06:13:10 (69154 turns).

lepoulpe303 the Champion of Chaos (DDFi)           Turns: 69154, Time: 06:13:10

Health: 226/235    AC: 38    Str: 27 (29) XL:     27
Magic:  13/13      EV: 20    Int:  9 (10) God:    Makhleb [******]
Gold:   7482       SH: 24    Dex: 14 (15) Spells: 26/26 levels left

rFire    + + +     SeeInvis +   a - +8 mithril axe "Arga" {speed, MR+}
rCold    + . .     Gourm    .   X - +5 kite shield {reflect} {Reflect}
rNeg     + + .     Faith    +   T - +6 plate armour "Pushrug" {rF+ rC+ Stlth+}
rPois    +         Spirit   .   (helmet restricted)
rElec    .         Reflect  +   G - +1 cloak {rCorr}
rCorr    +         Harm     .   U - +1 pair of gloves
MR       +++++     Rnd*Tele +   m - +1 pair of boots {run} {Speed+}
Stlth    ++........             L - amulet "Rojeibuj" {Faith rPois rF+ Dex-2 SInv}
HPRegen  0.00/turn              c - ring of Zith {+Fly rF+ rN+ Str+4}
MPRegen  0.13/turn              k - +6 ring of dexterity

@: non-regenerating, quick
A: damage resistance, heal wounds, antennae 1, hooves 1, iridescent scales 1,
large bone plates 1, yellow scales 1, clumsy 2, dopey 1, frail 1, low mp 3,
negative energy resistance 1, sense surroundings 3, teleportitis 2, weak 1, wild
magic 1, evolution 1, no regeneration
0: Orb of Zot
}: 3/15 runes: decaying, serpentine, silver
a: Heal Wounds, Minor Destruction, Lesser Servant of Makhleb, Major Destruction,
Greater Servant of Makhleb, Renounce Religion, Evoke Flight


You escaped.
You worshipped Makhleb.
Makhleb was exalted by your worship.
You were not hungry.

You visited 10 branches of the dungeon, and saw 50 of its levels.
You visited the Abyss 1 time.
You visited 1 bazaar.
You also visited: Wizlab.

You collected 9263 gold pieces.
You spent 1781 gold pieces at shops.

Inventory:

Hand Weapons
 a - the +8 mithril axe "Arga" (weapon) {speed, MR+}
   (You bought it in a shop on level 1 of the Orcish Mines)

   Attacks with this weapon are significantly faster.
   It affects your resistance to hostile enchantments.
 b - the +0 fustibalus "Woneiqutt" {freeze, Str+2 Dex+4}
   (You found it on level 3 of the Elven Halls)

   It causes projectiles fired from it to freeze those they strike, causing
   extra injury to most foes and up to half again as much damage against
   particularly susceptible opponents.
   They can also slow down cold-blooded creatures.
   It affects your strength (+2).
   It affects your dexterity (+4).
Missiles
 O - 155 sling bullets
 V - 6 silver javelins (quivered)
Armour
 m - a +1 pair of boots of running (worn) {Speed+}
 v - a +1 helmet
 x - a +2 cloak of stealth
 E - +2 ice dragon scales
 G - a +1 cloak of preservation (worn)
 T - the +6 plate armour "Pushrug" (worn) {rF+ rC+ Stlth+}
   (You found it on level 3 of the Elven Halls)

   It protects you from fire.
   It protects you from cold.
   It makes you more stealthy.
 U - a +1 pair of gloves (worn)
 X - a +5 kite shield of reflection (worn) {Reflect}
Jewellery
 c - the ring of Zith (left hand) {+Fly rF+ rN+ Str+4}
   (You took it off a deep elf mage on level 3 of the Elven Halls)

   [ring of protection from fire]

   It affects your strength (+4).
   It protects you from fire.
   It protects you from negative energy.
   It lets you fly.
 k - a +6 ring of dexterity (right hand)
 H - an uncursed ring of magical power {MP+9}
 I - the ring of Nionesida {rElec rC+ Slay+4 Stlth-}
   (You found it in a wizard's laboratory)

   [ring of attention]

   It affects your accuracy and damage with ranged weapons and melee attacks
   (+4).
   It protects you from cold.
   It insulates you from electricity.
   It makes you less stealthy.
 L - the amulet "Rojeibuj" (around neck) {Faith rPois rF+ Dex-2 SInv}
   (You took it off a deep elf death mage on level 3 of the Elven Halls)

   [amulet of faith]

   It allows you to gain divine favour quickly.
   It affects your dexterity (-2).
   It protects you from fire.
   It protects you from poison.
   It lets you see invisible.
Wands
 o - a wand of clouds (10)
 u - a wand of enslavement (11)
 y - a wand of acid (19)
 D - a wand of digging (7)
 F - a wand of polymorph (19)
 M - a wand of paralysis (33)
 P - a wand of iceblast (12)
 W - a wand of disintegration (24)
Scrolls
 f - 4 scrolls of fog
 g - 7 scrolls of fear
 i - 16 scrolls of identify
 t - 19 scrolls of teleportation
 w - 25 scrolls of remove curse
 A - a scroll of enchant weapon
 B - 9 scrolls of blinking {!r}
 J - 5 scrolls of immolation {!r}
 K - 7 scrolls of magic mapping {!r}
 R - 3 scrolls of noise {!r}
 Z - 4 scrolls of silence
Potions
 d - 4 potions of might
 h - 4 potions of haste
 j - a potion of cancellation
 l - 15 potions of heal wounds
 n - 3 potions of resistance
 p - 3 potions of invisibility
 q - 24 potions of curing
 r - 2 potions of ambrosia
 s - 9 potions of flight
 z - 3 potions of stabbing
 S - 4 potions of lignification {!q}
Miscellaneous
 C - 4 boxes of beasts
Comestibles
 e - 82 rations


   Skills:
 + Level 18.7 Fighting
 - Level 18.0 Axes
 - Level 14.0 Slings
 + Level 21.6 Armour
 + Level 21.5 Dodging
 * Level 20.0 Stealth
 - Level 16.0 Shields
 O Level 27 Invocations
 + Level 22.2 Evocations


You had 26 spell levels left.
You didn't know any spells.
Your spell library contained the following spells:

 Spells                   Type           Power        Failure   Level  Hunger
 Animate Skeleton         Necr           N/A          90%         1    ##.....
 Beastly Appendage        Tmut           #.....       90%         1    ##.....
 Freeze                   Ice            #...         90%         1    ##.....
 Infusion                 Chrm           #...         90%         1    ##.....
 Magic Dart               Conj           #...         90%         1    ##.....
 Pain                     Necr           #...         90%         1    ##.....
 Sting                    Tmut/Pois      #...         90%         1    ##.....
 Summon Butterflies       Summ           #.......     90%         1    ##.....
 Summon Small Mammal      Summ           #...         90%         1    ##.....
 Blink                    Tloc           N/A          97%         2    ###....
 Call Imp                 Summ           #.......     97%         2    ###....
 Poisonous Vapours        Pois/Air       #.....       97%         2    ###....
 Searing Ray              Conj           #.....       97%         2    ###....
 Shroud of Golubria       Chrm/Tloc      #.....       97%         2    ###....
 Slow                     Hex            #.......     97%         2    ###....
 Song of Slaying          Chrm           #.......     97%         2    ###....
 Sticks to Snakes         Tmut           #.......     97%         2    ###....
 Swiftness                Chrm/Air       #.......     97%         2    ###....
 Call Canine Familiar     Summ           #.......     99%         3    ####...
 Confusing Touch          Hex            #.......     99%         3    ####...
 Conjure Flame            Conj/Fire      #.......     99%         3    ####...
 Dazzling Flash           Conj/Hex       #.....       99%         3    ####...
 Frozen Ramparts          Ice            #.....       99%         3    ####...
 Gell's Gravitas          Tloc           #.........   99%         3    ####...
 Lesser Beckoning         Tloc           #.........   99%         3    ####...
 Mephitic Cloud           Conj/Pois/Air  #.......     99%         3    ####...
 Ozocubu's Armour         Chrm/Ice       #.......     99%         3    ####...
 Recall                   Summ/Tloc      N/A          99%         3    ####...
 Spectral Weapon          Hex/Chrm       #.......     99%         3    ####...
 Spider Form              Tmut/Pois      #.........   99%         3    ####...
 Summon Guardian Golem    Hex/Summ       #.......     99%         3    ####...
 Teleport Other           Tloc           #.......     99%         3    ####...
 Vampiric Draining        Necr           #.........   99%         3    ####...
 Animate Dead             Necr           N/A          100%        4    #####..
 Fulminant Prism          Conj/Hex       #.........   100%        4    #####..
 Hailstorm                Conj/Ice       #.......     100%        4    #####..
 Ice Form                 Ice/Tmut       #.......     100%        4    #####..
 Iskenderun's Mystic Bla  Conj/Tloc      #.......     100%        4    #####..
 Petrify                  Tmut/Erth      #.......     100%        4    #####..
 Summon Ice Beast         Ice/Summ       #.......     100%        4    #####..
 Summon Lightning Spire   Summ/Air       #.......     100%        4    #####..
 Agony                    Necr           #.......     100%        5    ######.
 Alistair's Intoxication  Tmut/Pois      #.......     100%        5    ######.
 Aura of Abjuration       Summ           #.........   100%        5    ######.
 Blade Hands              Tmut           #.........   100%        5    ######.
 Borgnjor's Vile Clutch   Necr/Erth      #.........   100%        5    ######.
 Metabolic Englaciation   Hex/Ice        #.........   100%        5    ######.
 Silence                  Hex/Air        #.........   100%        5    ######.
 Summon Demon             Summ           #.........   100%        5    ######.
 Summon Forest            Summ/Tloc      #.........   100%        5    ######.
 Summon Mana Viper        Hex/Summ       #.......     100%        5    ######.
 Yara's Violent Unravell  Hex/Tmut       #.........   100%        5    ######.
 Conjure Ball Lightning   Conj/Air       #.........   100%        6    #######
 Death Channel            Necr           #.........   100%        6    #######
 Eringya's Noxious Bog    Tmut/Pois      #.........   100%        6    #######
 Freezing Cloud           Conj/Ice/Air   #.........   100%        6    #######
 Iron Shot                Conj/Erth      #.........   100%        6    #######
 Shadow Creatures         Summ           N/A          100%        6    #######
 Simulacrum               Ice/Necr       #.........   100%        6    #######
 Ring of Flames           Chrm/Fire      #.........   100%        7    #######
 Summon Hydra             Summ           #.........   100%        7    #######
 Disjunction              Tloc           #.........   100%        8    #######
 Lehudib's Crystal Spear  Conj/Erth      #.........   100%        8    #######
 Dragon's Call            Summ           #.........   100%        9    #######
 Tornado                  Air            #.........   100%        9    #######
 Passage of Golubria      Tloc           Unusable     N/A         4    N/A

Dungeon Overview and Level Annotations

Branches:
Dungeon (15/15)            Temple (1/1) D:4            Lair (6/6) D:8
  Swamp (4/4) Lair:2        Snake (4/4) Lair:4        Slime (0/5) Lair:5
    Orc (2/2) D:9             Elf (3/3) Orc:2        Vaults (5/5) D:13
  Crypt (0/3) Vaults:2     Depths (5/5) D:15            Zot (5/5) Depths:5
 WizLab (visited)

Altars:
Ashenzari
Cheibriados
Dithmenos
Elyvilon
Fedhas
Gozag
Hepliaklqana
Kikubaaqudgha
Makhleb
Nemelex Xobeh
Okawaru
Qazlal
Ru
Sif Muna
Trog
Uskayaw
Vehumet
Wu Jian
Xom
Yredelemnul
Zin
The Shining One
Beogh
Jiyva

Shops:
D:6 *   D:10 *   D:15 :   Orc:1 *   Orc:2 :!(!   Elf:1 =   Elf:2 **[
Snake:2 (   Vaults:2 (   Vaults:4 *   Depths:5 **

Portals:
Hell: Depths:1 Depths:2 Depths:3 Depths:4 Depths:5
Abyss: Depths:3 Depths:4
Pandemonium: Depths:1 Depths:3
Ziggurat: Depths:4

Annotations:
Lair:1 exclusion: oklob plant
Depths:2 Boris
Depths:5 3 runed translucent doors - shops, exclusion: obsidian statue, p0werm0de's ghost, adept DDFi
Zot:5 3 runed translucent doors, Icycared's ghost, master GrFi


Innate Abilities, Weirdness & Mutations

You are resistant to damage.
You can heal yourself by infusing magical energy.
You resist negative energy. (rN+)
You passively map a large area around you.
You do not regenerate.
You have a pair of small antennae on your head.
You have large cloven feet.
You are partially covered in iridescent scales. (AC +2)
You are partially covered in large bone plates. (SH +4)
You are partially covered in yellow scales. (AC +2)
You are very clumsy. (Dex -4)
You are dopey. (Int -2)
You are frail. (-10% HP)
Your magical capacity is extremely low. (-30% MP)
You are sometimes teleported next to monsters.
You are weak. (Str -2)
Your spells are a little harder to cast, but a little more powerful.
You evolve.


Message History

You kill the golden eye!
You feel better.
You regained 11 hp, and now have 206/235 hp.
The golden eye blinks at you. You resist with almost no effort.
You slice the golden eye!!
You kill the golden eye!
You feel better.
You slice the golden eye!!
You kill the golden eye!
You feel better.
You regained 20 hp, and now have 226/235 hp.
There is a stone staircase leading up here.
You climb upwards.
There is a stone staircase leading down here.
There is a stone staircase leading up here.
You climb upwards.
There is a stone staircase leading down here.
There is a staircase leading out of the dungeon here.
There is a staircase leading out of the dungeon here.
You have escaped!

#....#######≈≈≈.≈≈≈≈≈≈...........
...#.## ##≈≈≈≈≈.≈≈≈≈≈≈....^.....
...#..####≈≈≈≈≈≈.≈≈≈≈≈≈≈.........
........#≈≈≈8≈≈.≈≈≈≈≈8≈≈≈........
.........≈≈≈≈≈.≈≈≈≈≈≈≈≈≈≈........
.......##≈≈≈≈≈.≈≈≈≈≈≈≈≈≈≈.....>.#
###....##≈≈≈≈≈.≈≈≈≈≈≈≈≈≈≈.#####.#
#..####≈≈≈≈≈≈..>≈≈≈≈≈≈≈.# #.#
##.# #≈≈≈≈≈≈≈@..≈≈≈≈≈≈.# #.# #.#
##≈≈≈≈≈≈≈≈≈≈.≈≈≈≈≈.# #.#
#.###.≈≈≈≈≈≈≈≈≈≈.≈≈≈≈≈.# #.#
#...÷.≈≈≈≈≈≈≈≈≈≈.≈≈≈≈≈.# #.#
###...≈≈≈8≈≈≈≈≈.≈≈8≈≈≈.# #.#
#....≈≈≈≈≈≈≈.≈≈≈≈≈≈#.## #.#
#...>.≈≈≈≈≈≈.≈≈≈≈≈....# #..
#......≈≈≈≈≈≈.≈≈≈..#..####..
#...÷..........#...#........


There were no monsters in sight!

Levels and vault maps discovered:
D:1:      nzn_arrival_water_spiral, layout_rooms, chequers_serial_rivers_room_a
D:2:      layout_loops_ring, xom_butterflies, kennysheep_generic_room_16,
          uniq_terence
D:3:      layout_basic, tso_altar, uniq_jessica
D:4:      minmay_chambers_of_threes, layout_basic, minmay_temple_entry_hall,
          uniq_edmund, uniq_crazy_yiuf_cottage
D:5:      layout_basic, first_ration, uniq_eustachio
D:6:      layout_basic, grunt_temple_overflow_open, nicolae_alphabet_shops,
          uniq_menkaure
D:7:      layout_rooms, grunt_ogre_cave
D:8:      layout_basic, okawaru_humans, elyvilon_altar_5, erik_lair_dragon,
          basic_altar, uniq_psyche
D:9:      layout_rooms, chequers_temple_overflow_statue_of_worship, erik_orc_1
D:10:     layout_roguey, minmay_shop_damaged
D:11:     layout_layer_cave, basic_altar, minivault_14, corexii_hall_statues_l,
          uniq_snorg
D:12:     layout_roguey, basic_altar, serial_curves, eino_curves_01,
          eino_curves_01
D:13:     layout_loops_ring, david_vaults_1, uniq_urug
D:14:     layout_loops_ring, zin_angel, uniq_kirke
D:15:     gammafunk_depths_entry_grave, layout_small_grid, serial_shops,
          nicolae_shop_competitors_out_of_business, nicolae_ru_awakened_eye,
          uniq_louise, uniq_nessos
Temple:   eino_temple_lava
Lair:1:   layout_cave_pods, minmay_lair_oklob_chamber
Lair:2:   layout_long_grid, nicolae_swamp_entry_splash_gauntlet,
          infiniplex_staircase_pool, lemuel_fruit_fields
Lair:3:   layout_misc_corridors, minivault_29
Lair:4:   layout_roguey, minmay_snake_entry_six_corridors
Lair:5:   layout_regular_city, slime_altar_1, chequers_serial_rivers_micro_c,
          grunt_megastairs_3
Lair:6:   evilmike_catoblepas_cave, layout_regular_city, wad_woods_river_01
Swamp:1:  layout_falls_marsh, evilmike_swamp_ruin_house_6, uniq_donald,
          uniq_aizul
Swamp:2:  layout_basic_swamp, hangedman_swamp_pad
Swamp:3:  layout_basic_swamp, lemuel_altar_in_water
Swamp:4:  swamp, layout_basic_swamp, swamp_pool2
Snake:1:  layout_honeycomb
Snake:2:  layout_layer_cave, serial_shops, shop_coins, grunt_megastairs_2
Snake:3:  nrook_guardian_serpent_snake_passage, layout_honeycomb, basic_altar
Snake:4:  grunt_snake_rune_spirals, layout_onion_interference, st_stairs_1
Orc:1:    layout_caves, minmay_shop_mayhem, hangedman_minor_magic
Orc:2:    kennysheep_orc_mage_school, layout_caves, uniq_rupert
Elf:1:    minmay_elf_arrival_circle, layout_geoelf_diagonals, serial_shops,
          shop_fountains, minmay_elf_sorcery, grunt_ministairs_2,
          minivault_25_ag, evilmike_minifort, uniq_jorgrun
Elf:2:    layout_geoelf_octagon, serial_shops, nicolae_shop_behind_doors, shop,
          shop, grunt_ministairs_10, uniq_azrael
Elf:3:    minmay_elf_hall_dome, layout_geoelf_grid
Vaults:1: nicolae_vaults_hallways_thing, nicolae_vaults_network_quinsquares
          [nicolae_vaults_network_quincunx_subvault,
          nicolae_vaults_network_quincunx_subvault,
          nicolae_vaults_network_quincunx_subvault,
          nicolae_vaults_network_quincunx_subvault],
          hangedman_vaults_river_flow, nicolae_vaults_angled_halls,
          ontoclasm_vaults_loading_screen, nicolae_vaults_little_squares_4,
          st_lattice, grunt_vaults_focal, hangedman_vaults_pinch,
          nicolae_vaults_yaktaur_gun_rack, v_pattern_3,
          nicolae_vaults_network_s, grunt_vaults_diagonal, layout_vaults_omnibox
Vaults:2: vaults_mumra_minichess_inversion, minmay_crypt_entry_simple_box,
          v_misc_30, ontoclasm_vaults_decontamination, v_misc_12,
          ontoclasm_vaults_eye, layout_vaults_omnigrid, serial_shops,
          nicolae_shop_overgrown_old_shop
Vaults:3: ontoclasm_vaults_ligature, v_misc_10, ontoclasm_vaults_chip,
          v_misc_29, vaults_room_fancy_cross, vaults_room_door_hall,
          vaults_room_door_ring, nicolae_vaults_network_star, v_misc_22,
          layout_vaults_big_cross
Vaults:4: vaults_dpeg_ring, nicolae_vaults_mini_display_case,
          vaults_room_large_hall, v_misc_12, nicolae_vaults_octagons, v_misc_26,
          vaults_room_grid, vaults_mumra_hexcomb, ontoclasm_vaults_ring_small,
          v_misc_3, v_misc_2, layout_vaults_chaotic_city, serial_shops,
          shop_statue
Vaults:5: uniq_jory
Depths:1: four-leaf_vault, layout_basic, grunt_pan_entry_sceptre,
          grunt_hell_entry_dis_grunt, kennysheep_small_square
Depths:2: minmay_the_grid_3x3 [minmay_the_grid_artifice, minmay_the_grid_doors,
          minmay_the_grid_pillar_ring, minmay_the_grid_zigzag_pyramid,
          minmay_the_grid_empty, minmay_the_grid_outer_circle,
          minmay_the_grid_minigrid_medium, minmay_the_grid_mess,
          minmay_the_grid_prize_big_room], layout_cave_pools, serial_shops,
          bzr_entry_dummy, hell_entry
Depths:3: grunt_deathspiral_small, layout_basic, grunt_mini_vestibule,
          abyss_entry, rand_demon_pan_entry_7, mu_enter_wizlab_1, minivault_15,
          uniq_mara
Depths:4: hangedman_crystal_crosses_colossus [crystal_crosses_arms_four,
          crystal_crosses_arms_four, crystal_crosses_arms_two,
          crystal_crosses_arms_two], abyss_entry, hell_entry
Depths:5: grunt_zot_entry_gee_three, layout_long_grid, ebering_ghost_gozag,
          minmay_misc_feat_room, hell_entry, minmay_pinched_square, uniq_boris,
          uniq_margery, uniq_enchantress
Zot:1:    lemuel_acid_trip, layout_cathedral_of_symmetry
Zot:2:    kennysheep_spiral_hall, layout_gridville
Zot:3:    layout_gridlike, st_stairs_3, hangedman_zot_decor_scrapings
Zot:4:    nicolae_moth_party, layout_misc_corridors, lemuel_baited_zot_trap
Zot:5:    layout_basic, gammafunk_ghost_split, lemuel_lake_of_fire

Notes
Turn   | Place    | Note
-------+----------+-------------------------------------------
     0 | D:1      | lepoulpe303 the Deep Dwarf Fighter began the quest for the
                  | Orb.
     0 | D:1      | Reached XP level 1. HP: 20/20 MP: 1/1
    81 | D:1      | Identified a +0 chain mail (You found it on level 1 of the
                  | Dungeon)
    90 | D:1      | Identified a +0 dagger
    94 | D:1      | Reached XP level 2. HP: 16/27 MP: 2/2
   124 | D:1      | Identified a +0 dagger
   160 | D:1      | Identified a +0 dagger
   461 | D:2      | Identified a +0 dagger
   463 | D:2      | Reached XP level 3. HP: 12/33 MP: 3/3
   480 | D:2      | Identified a +0 dagger
   532 | D:2      | Reached skill level 3 in Fighting
   532 | D:2      | Reached skill level 3 in Axes
   532 | D:2      | Reached skill level 1 in Dodging
   618 | D:2      | Identified a +0 dagger
   648 | D:2      | Identified a +0 flail
   648 | D:2      | Identified a +2 chain mail of poison resistance
   648 | D:2      | Noticed Terence
   663 | D:2      | HP: 8/34 [Terence/+0 flail (3)]
   669 | D:2      | Killed Terence
   669 | D:2      | Reached XP level 4. HP: 10/42 MP: 4/4
   758 | D:2      | Identified a +0 dagger
   855 | D:2      | Found a shimmering altar of Xom.
   940 | D:2      | Identified a +0 club
  1179 | D:3      | Identified a +0 club
  1183 | D:3      | Identified a +0 hand axe
  1183 | D:3      | Identified a cursed -1 short sword
  1184 | D:3      | Identified a +0 flail
  1184 | D:3      | Identified a +0 flail
  1207 | D:3      | Identified a +0 club
  1207 | D:3      | Identified a +0 robe
  1207 | D:3      | Noticed Jessica
  1207 | D:3      | Identified a +0 club
  1217 | D:3      | Killed Jessica
  1217 | D:3      | Reached skill level 4 in Armour
  1217 | D:3      | Reached XP level 5. HP: 16/49 MP: 5/5
  1236 | D:3      | Identified a +0 short sword
  1337 | D:3      | Identified a +0 club
  1437 | D:3      | Found a glowing golden altar of the Shining One.
  1921 | D:4      | Identified a +0 club
  1926 | D:4      | Reached skill level 4 in Axes
  1926 | D:4      | Reached skill level 2 in Dodging
  1926 | D:4      | Reached skill level 4 in Shields
  1970 | D:4      | Identified a +0 hand axe
  1972 | D:4      | Identified a +1 flail of holy wrath
  2185 | D:4      | Identified a +3 dire flail of protection
  2185 | D:4      | Identified a +0 ring mail
  2185 | D:4      | Noticed Edmund
  2214 | D:4      | HP: 9/49 [Edmund/+3 dire flail of protection (5)]
  2223 | D:4      | Killed Edmund
  2223 | D:4      | Reached XP level 6. HP: 16/56 MP: 5/5
  2476 | D:4      | Found a staircase to the Ecumenical Temple.
  2482 | Temple   | Entered the Ecumenical Temple
  2614 | D:4      | Identified a +0 hand axe
  2614 | D:4      | Identified a +0 ring mail
  2725 | D:4      | Identified 6 scrolls of remove curse
  2726 | D:4      | Identified a ring of wizardry (You found it on level 1 of
                  | the Dungeon)
  2727 | D:4      | Identified a ring of ice (You found it on level 4 of the
                  | Dungeon)
  2729 | D:4      | Identified a ring of flight (You found it on level 2 of the
                  | Dungeon)
  2731 | D:4      | Identified a ring of fire (You found it on level 2 of the
                  | Dungeon)
  2802 | D:4      | Found a runed translucent door.
  2803 | D:4      | Identified a +2 quarterstaff of chaos
  2803 | D:4      | Identified a +0 cloak
  2803 | D:4      | Noticed Crazy Yiuf
  2927 | D:4      | Reached skill level 5 in Axes
  2963 | D:4      | Reached skill level 3 in Dodging
  2983 | D:4      | Reached XP level 7. HP: 34/63 MP: 6/6
  3323 | D:4      | Killed Crazy Yiuf
  3434 | D:4      | Identified a cursed +0 broad axe (You found it on level 4
                  | of the Dungeon)
  3435 | D:4      | Identified 5 scrolls of identify
  3435 | D:4      | Identified 2 potions of brilliance
  3436 | D:4      | Identified 2 potions of mutation
  3437 | D:4      | Identified 3 potions of curing
  3453 | D:5      | Entered Level 5 of the Dungeon
  3483 | D:5      | Identified a +0 club
  3487 | D:5      | Identified a +1 dagger of speed
  3487 | D:5      | Identified a +0 leather armour
  3502 | D:5      | Identified a +0 hand axe
  3502 | D:5      | Identified a +0 leather armour
  3549 | D:5      | Identified a +0 falchion
  3549 | D:5      | Identified a +0 ring mail
  3553 | D:5      | Identified a +0 club
  3553 | D:5      | Identified a +0 leather armour
  3555 | D:5      | Identified a +0 flail
  3737 | D:5      | Reached skill level 4 in Fighting
  3862 | D:5      | Reached skill level 5 in Armour
  3878 | D:5      | Identified a +0 pair of gloves (You found it on level 5 of
                  | the Dungeon)
  4186 | D:5      | Identified a +0 rapier
  4186 | D:5      | Identified a +0 leather armour
  4186 | D:5      | Noticed Eustachio
  4226 | D:5      | Killed Eustachio
  4226 | D:5      | Reached skill level 6 in Axes
  4226 | D:5      | Reached skill level 5 in Shields
  4436 | D:5      | Identified a +0 helmet (You found it on level 5 of the
                  | Dungeon)
  4458 | D:6      | Identified a +0 short sword
  4459 | D:6      | Identified a +0 scale mail
  4460 | D:6      | Identified a +0 hand axe
  4460 | D:6      | Identified a +0 leather armour
  4588 | D:6      | Found a burning altar of Makhleb.
  4590 | D:6      | Found a shimmering blue altar of Sif Muna.
  4590 | D:6      | Found an ornate altar of the Wu Jian Council.
  4592 | D:6      | Found a bloodstained altar of Trog.
  4593 | D:6      | Found a hide-covered altar of Uskayaw.
  4596 | D:6      | Became a worshipper of Makhleb the Destroyer
  4632 | D:6      | Identified a cursed -3 shortbow
  4642 | D:6      | Reached skill level 1 in Invocations
  4642 | D:6      | Reached XP level 8. HP: 29/73 MP: 6/6
  4751 | D:6      | Reached skill level 2 in Invocations
  4767 | D:6      | Identified a +0 club
  4767 | D:6      | Identified a +0 ring mail
  4767 | D:6      | Identified a +0 dagger
  4767 | D:6      | Identified a +0 robe
  4785 | D:6      | Reached skill level 4 in Dodging
  4791 | D:6      | Identified a +0 shortbow
  4793 | D:6      | Identified a +0 dagger
  4797 | D:6      | Identified a +0 dagger
  4797 | D:6      | Identified a +0 robe
  4799 | D:6      | Identified a +0 dagger
  4865 | D:6      | Found Paotal's Practical Paraphernalia.
  5132 | D:6      | Noticed Menkaure
  5140 | D:6      | HP: 15/73 [Menkaure (10)]
  5142 | D:6      | Killed Menkaure
  5142 | D:6      | Reached skill level 3 in Invocations
  5329 | D:7      | Identified a ring of stealth (You found it on level 7 of
                  | the Dungeon)
  5365 | D:7      | Reached skill level 7 in Axes
  5376 | D:7      | Identified a +0 giant spiked club
  5422 | D:7      | Identified a +0 mace
  5422 | D:7      | Identified a +0 chain mail
  5422 | D:7      | Identified a +0 dagger
  5422 | D:7      | Identified a +0 leather armour
  5422 | D:7      | Identified a +0 flail
  5425 | D:7      | Reached * piety under Makhleb
  5456 | D:7      | Reached skill level 4 in Invocations
  5643 | D:7      | Identified a +0 short sword
  5643 | D:7      | Identified a +0 leather armour
  5643 | D:7      | Identified an uncursed ring of positive energy
  5672 | D:7      | Identified a +3 mace
  5672 | D:7      | Identified a +0 robe
  5680 | D:7      | Identified a cursed +0 trident
  5680 | D:7      | Identified a +0 robe
  5680 | D:7      | Identified a +4 mace of freezing
  5680 | D:7      | Identified a +0 robe
  5681 | D:7      | Identified a +0 mace
  5685 | D:7      | Identified a +3 spear
  5685 | D:7      | Identified a +0 robe
  5687 | D:7      | Identified a +0 club
  5687 | D:7      | Identified a +0 chain mail
  5688 | D:7      | Identified a +0 ring mail
  5692 | D:7      | HP: 17/73 [wight/cursed +0 trident (7)]
  5693 | D:7      | HP: 8/73 [wight/cursed +0 trident (1)]
  5710 | D:7      | Gained mutation: You passively map the area around you.
                  | [Deep Dwarf growth]
  5710 | D:7      | Reached XP level 9. HP: 32/80 MP: 10/10
  5717 | D:7      | Reached skill level 6 in Armour
  5779 | D:7      | Identified a +0 spear
  5779 | D:7      | Identified a +0 club
  5779 | D:7      | Identified a cursed -1 halberd
  5779 | D:7      | Identified a +0 whip
  5779 | D:7      | Identified a +0 leather armour
  5780 | D:7      | Identified a +0 club
  5841 | D:7      | Identified a +0 mace
  5841 | D:7      | Identified a +0 dagger
  5841 | D:7      | Identified a +0 scale mail
  5841 | D:7      | Identified a +0 mace
  5841 | D:7      | Identified a +0 trident
  5841 | D:7      | Identified a +0 chain mail
  5860 | D:7      | Reached skill level 6 in Shields
  5868 | D:7      | Reached skill level 5 in Fighting
  5868 | D:7      | Reached skill level 5 in Invocations
  6260 | D:2      | Identified a +0 hunting sling (You found it on level 5 of
                  | the Dungeon)
  6433 | D:8      | Found an iron altar of Okawaru.
  6435 | D:8      | Identified a +0 long sword
  6435 | D:8      | Identified a +0 ring mail
  6435 | D:8      | Identified a +0 long sword
  6435 | D:8      | Identified a +0 ring mail
  6469 | D:8      | Reached skill level 5 in Dodging
  6518 | D:8      | Reached skill level 8 in Axes
  6518 | D:8      | Reached skill level 1 in Slings
  6560 | D:8      | Identified a +0 shortbow
  6585 | D:8      | Reached ** piety under Makhleb
  6585 | D:8      | Reached skill level 6 in Invocations
  6658 | D:8      | Found a white marble altar of Elyvilon.
  6741 | D:8      | Identified a +4 dagger of distortion
  6741 | D:8      | Identified a +0 robe of positive energy
  6741 | D:8      | Noticed Psyche
  6749 | D:8      | HP: 19/81 [Psyche/magic dart (4)]
  6759 | D:8      | HP: 20/81 [Psyche/+4 dagger of distortion (3)]
  6763 | D:8      | Killed Psyche
  6763 | D:8      | Reached skill level 2 in Slings
  6911 | D:8      | Identified a +0 whip
  6911 | D:8      | Identified a cursed -2 flail
  6913 | D:8      | Identified a +0 whip
  6913 | D:8      | Identified a +0 leather armour
  6922 | D:8      | Identified a +0 flail
  6925 | D:8      | Identified a +0 club
  7368 | D:8      | Found a stormy altar of Qazlal.
  7381 | D:8      | Identified a +0 dagger
  7381 | D:8      | Identified a +0 robe
  7385 | D:8      | Identified a +0 morningstar
  7388 | D:8      | Identified a +0 club
  7460 | D:8      | Identified a +0 falchion
  7460 | D:8      | Identified a +0 shortbow
  7487 | D:8      | Reached skill level 7 in Invocations
  7496 | D:8      | Reached XP level 10. HP: 24/88 MP: 9/9
  7499 | D:8      | HP: 22/88 [centaur/+0 falchion (2)]
  7522 | D:8      | HP: 13/88 [komodo dragon (12)]
  7529 | D:8      | HP: 17/88 [komodo dragon (12)]
  7535 | D:8      | HP: 18/90 [crocodile (7)]
  7541 | D:8      | HP: 20/90 [sky beast (5)]
  7547 | D:8      | HP: 10/90 [wyvern (10)]
  7672 | D:8      | Found a staircase to the Lair.
  7753 | D:9      | Reached skill level 9 in Axes
  7769 | D:9      | Identified a +0 club
  7769 | D:9      | Identified a +0 club
  7769 | D:9      | Identified a +0 club
  7780 | D:9      | Identified a +2 ring mail of cold resistance
  7782 | D:9      | Identified a +0 mace
  7782 | D:9      | Identified a +0 scale mail
  7787 | D:9      | Identified a +0 club
  7787 | D:9      | Identified a cursed +0 leather armour
  7801 | D:9      | Identified a +0 dagger
  7801 | D:9      | Identified a +0 robe
  7805 | D:9      | Identified a +0 dagger
  7805 | D:9      | Identified a cursed +0 robe
  7814 | D:9      | Reached *** piety under Makhleb
  7814 | D:9      | Reached skill level 7 in Armour
  7822 | D:9      | Identified a +0 glaive
  7822 | D:9      | Identified a +0 plate armour
  7840 | D:9      | Reached skill level 7 in Shields
  7877 | D:9      | Identified a +0 hand axe
  7877 | D:9      | Identified a cursed +0 leather armour
  7884 | D:9      | Identified 5 potions of stabbing
  7885 | D:9      | Identified 2 potions of haste
  7886 | D:9      | Identified a potion of heal wounds
  7888 | D:9      | Identified a +0 dagger
  7888 | D:9      | Identified a +0 robe
  7890 | D:9      | Identified a +0 flail
  7896 | D:9      | Reached skill level 3 in Slings
  7896 | D:9      | Identified a +0 mace
  7896 | D:9      | Identified a +0 chain mail
  7900 | D:9      | Identified a +0 trident
  7900 | D:9      | Identified a +0 animal skin
  7908 | D:9      | Found a staircase to the Orcish Mines.
  8009 | D:9      | Identified a +0 shortbow
  8016 | D:9      | Reached skill level 6 in Dodging
  8094 | D:9      | Identified a +2 dagger of draining
  8094 | D:9      | Identified a +0 robe
  8104 | D:9      | Identified a cursed +0 trident
  8104 | D:9      | Identified a +0 plate armour
  8111 | D:9      | Identified a +0 flail
  8124 | D:8      | HP: 22/91 [killer bee (1)]
  8133 | D:8      | Reached skill level 8 in Invocations
  8146 | D:8      | Identified 5 scrolls of enchant armour
  8169 | D:8      | Identified 5 scrolls of amnesia
  8170 | D:8      | Identified 2 scrolls of magic mapping
  8214 | D:9      | Identified a +0 short sword
  8214 | D:9      | Identified a +0 club
  8214 | D:9      | Identified a +0 short sword
  8214 | D:9      | Identified a +0 dagger
  8311 | D:9      | Identified a +0 giant club
  8333 | D:9      | Found a blossoming altar of Fedhas.
  8333 | D:9      | Found a hazy altar of Hepliaklqana.
  8334 | D:9      | Found a radiant altar of Vehumet.
  8343 | D:9      | Identified a +0 giant spiked club
  8609 | D:9      | Reached skill level 6 in Fighting
  8817 | D:9      | Identified a +0 giant club
  8817 | D:9      | Identified a +0 giant spiked club
  8817 | D:9      | Noticed a two-headed ogre
  8847 | D:9      | Killed a two-headed ogre
  8866 | D:9      | Identified a +0 dagger
  8866 | D:9      | Identified a +0 robe
  8869 | D:9      | Identified a +0 dagger
  8869 | D:9      | Identified a +0 robe
  8872 | D:9      | Identified a +0 hand axe
  8872 | D:9      | Identified a +0 scale mail
  8893 | D:9      | Identified a +0 dagger of flaming
  8893 | D:9      | Identified a +0 robe
  9033 | D:8      | Identified 2 potions of flight
  9036 | Lair:1   | Entered Level 1 of the Lair of Beasts
  9070 | Lair:1   | Noticed a spiny frog
  9077 | Lair:1   | Killed a spiny frog
  9093 | Lair:1   | Noticed an oklob plant
  9143 | Lair:1   | Reached skill level 9 in Invocations
  9167 | Lair:1   | Noticed a seven-headed hydra
  9333 | Lair:1   | Killed a seven-headed hydra
  9333 | Lair:1   | Reached skill level 4 in Slings
  9333 | Lair:1   | Reached XP level 11. HP: 38/97 MP: 10/10
  9509 | Lair:1   | Reached **** piety under Makhleb
  9532 | Lair:1   | Reached skill level 10 in Axes
  9723 | Lair:1   | HP: 22/98 [yak (6)]
  9729 | Lair:1   | HP: 13/98 [yak (9)]
 10077 | Lair:2   | HP: 22/98 [komodo dragon (14)]
 10759 | Lair:2   | Reached skill level 7 in Dodging
 10769 | Lair:2   | Reached skill level 10 in Invocations
 10782 | Lair:2   | Reached skill level 8 in Armour
 10782 | Lair:2   | Reached skill level 8 in Shields
 11021 | Lair:2   | HP: 22/99 [bog body/bolt of cold (4)]
 11026 | Lair:2   | HP: 9/99 [bog body/bolt of cold (5)]
 11121 | Lair:2   | Found a staircase to the Swamp.
 11251 | Lair:3   | Reached skill level 5 in Slings
 11261 | Lair:3   | Noticed a queen ant
 11291 | Lair:3   | Killed a queen ant
 11445 | Lair:3   | Reached ***** piety under Makhleb
 11555 | Lair:3   | Reached XP level 12. HP: 104/106 MP: 10/10
 11569 | Lair:3   | Reached skill level 11 in Axes
 11747 | Lair:3   | Reached skill level 7 in Fighting
 11748 | Lair:3   | Reached skill level 11 in Invocations
 12583 | Lair:4   | Reached skill level 8 in Dodging
 12619 | Lair:4   | Reached skill level 6 in Slings
 12635 | Lair:4   | Found a staircase to the Snake Pit.
 12927 | Lair:4   | You fall into a shaft and drop 2 floors!
 12927 | Lair:6   | Entered Level 6 of the Lair of Beasts
 13111 | Lair:5   | Reached skill level 9 in Shields
 13156 | Lair:5   | Reached skill level 9 in Armour
 13294 | Lair:5   | Reached skill level 12 in Invocations
 13568 | Lair:5   | Got a smoking granite ring
 13588 | Lair:5   | Found a viscous altar of Jiyva.
 13589 | Lair:5   | Found a staircase to the Slime Pits.
 13705 | Lair:4   | Noticed a five-headed hydra
 13716 | Lair:4   | Killed a five-headed hydra
 13855 | Lair:4   | Noticed a four-headed hydra
 13876 | Lair:4   | Killed a four-headed hydra
 13876 | Lair:4   | Reached skill level 12 in Axes
 14132 | Lair:4   | You fall into a shaft and drop 2 floors!
 14531 | Lair:5   | HP: 24/110 [yak (6)]
 14556 | Lair:5   | HP: 25/110 [elephant (7)]
 14561 | Lair:5   | HP: 19/110 [elephant (6)]
 14568 | Lair:5   | Reached XP level 13. HP: 50/117 MP: 12/12
 14828 | Lair:6   | HP: 25/117 [spiny frog (10)]
 14869 | Lair:5   | HP: 25/117 [black mamba (10)]
 14879 | Lair:6   | HP: 28/117 [five-headed hydra (10)]
 14884 | Lair:6   | HP: 24/117 [five-headed hydra (2)]
 14913 | Lair:5   | HP: 23/117 [death yak (13)]
 14918 | Lair:5   | Reached skill level 7 in Slings
 14927 | Lair:5   | Reached ****** piety under Makhleb
 14966 | Lair:5   | Identified 4 scrolls of teleportation
 14967 | Lair:5   | Identified 3 scrolls of immolation
 14968 | Lair:5   | Identified 2 scrolls of fear
 14969 | Lair:5   | Identified 2 scrolls of blinking
 14994 | Lair:5   | Identified an amulet of regeneration (You found it on level
                  | 2 of the Lair of Beasts)
 14997 | Lair:5   | Identified a ring of poison resistance (You found it on
                  | level 3 of the Lair of Beasts)
 14999 | Lair:5   | Identified the ring of Hesom {rF+ Dex+2} (You found it on
                  | level 5 of the Lair of Beasts)
 15000 | Lair:5   | Identified 2 potions of magic
 15001 | Lair:5   | Identified a potion of cancellation
 15077 | Lair:5   | HP: 24/117 [death yak (9)]
 15085 | Lair:5   | Identified a scroll of enchant weapon
 15086 | Lair:5   | Identified a scroll of silence
 15106 | Lair:5   | Identified a scroll of fog
 15110 | Lair:5   | Identified a scroll of brand weapon
 15147 | Lair:6   | Reached skill level 8 in Fighting
 15168 | Lair:6   | Reached skill level 9 in Dodging
 15168 | Lair:6   | Reached skill level 13 in Invocations
 15403 | D:6      | Identified a +2 buckler (You found it on level 6 of the
                  | Dungeon)
 15413 | D:6      | Identified a +0 kite shield
 16403 | Lair:5   | Reached skill level 13 in Axes
 16407 | Lair:5   | Reached skill level 10 in Shields
 16661 | Lair:6   | Reached skill level 10 in Armour
 16866 | Lair:6   | Gained mutation: You resist negative energy. (rN+) [Deep
                  | Dwarf growth]
 16866 | Lair:6   | Reached XP level 14. HP: 127/127 MP: 13/13
 17000 | Lair:6   | Reached skill level 14 in Invocations
 17017 | Lair:6   | Identified the Collected Works on Boosts
 17310 | Orc:1    | Entered Level 1 of the Orcish Mines
 17321 | Orc:1    | Reached skill level 8 in Slings
 17388 | Orc:1    | Identified a +0 hand axe
 17396 | Orc:1    | Found Uthim's Mayhem Merchandise.
 17405 | Orc:1    | Bought the +8 mithril axe "Arga" {speed, MR+} for 839 gold
                  | pieces
 17405 | Orc:1    | Found the +8 mithril axe "Arga" {speed, MR+}
 17420 | Orc:1    | Identified a +0 hand axe
 17420 | Orc:1    | Identified a +0 ring mail
 17428 | Orc:1    | Identified a +0 dagger
 17428 | Orc:1    | Identified a +0 chain mail
 17452 | Orc:1    | Identified a +0 mace
 17453 | Orc:1    | Identified a +0 club
 17453 | Orc:1    | Identified a +0 whip
 17460 | Orc:1    | Identified a +0 club
 17508 | Orc:1    | Identified a +4 hand axe
 17508 | Orc:1    | Identified a +0 short sword
 17512 | Orc:1    | Identified a +0 hand axe
 17512 | Orc:1    | Identified a +0 plate armour
 17652 | Orc:1    | Identified a +0 giant spiked club
 17675 | Orc:1    | Identified a +0 whip
 17675 | Orc:1    | Identified a +0 leather armour
 17677 | Orc:1    | Identified a +0 giant club
 17683 | Orc:1    | Identified a +0 leather armour
 17683 | Orc:1    | Identified a +0 hand axe
 17683 | Orc:1    | Identified a +0 leather armour
 17774 | Orc:1    | Identified a +0 dagger
 17774 | Orc:1    | Identified a cursed +0 robe
 17774 | Orc:1    | Identified a +0 dagger
 17774 | Orc:1    | Identified a +0 robe
 17774 | Orc:1    | Identified a +1 trident of flaming
 17776 | Orc:1    | Identified a +0 mace
 17776 | Orc:1    | Identified a +0 ring mail
 17777 | Orc:1    | Paralysed by an orc sorcerer for 3 turns
 17778 | Orc:1    | Identified a +0 leather armour
 17781 | Orc:1    | Identified a +0 mace
 17781 | Orc:1    | Identified a +0 leather armour
 17783 | Orc:1    | Identified a +0 war axe
 17783 | Orc:1    | Identified a +0 plate armour
 17789 | Orc:1    | Identified a +2 trident of venom
 17813 | Orc:1    | Identified a +0 club
 17813 | Orc:1    | Identified a +0 club
 17817 | Orc:1    | Identified a +0 giant club
 17818 | Orc:1    | Identified a +0 mace
 17818 | Orc:1    | Identified a +0 plate armour
 17821 | Orc:1    | Identified a +0 dagger of electrocution
 17821 | Orc:1    | Identified a +0 robe
 17823 | Orc:1    | Identified a +0 hand axe
 17830 | Orc:1    | Identified a +0 whip
 17975 | Orc:1    | Identified a +0 robe
 17975 | Orc:1    | Identified a +0 robe
 17975 | Orc:1    | Identified a +0 dagger
 17975 | Orc:1    | Identified a +0 robe
 17975 | Orc:1    | Identified a +0 dagger
 17975 | Orc:1    | Identified a +0 robe
 17990 | Orc:1    | Identified a +0 dagger
 17990 | Orc:1    | Identified a +0 robe
 18001 | Orc:1    | Identified a +0 robe
 18048 | Orc:1    | Identified a +0 long sword
 18111 | Orc:1    | Identified a +0 short sword
 18111 | Orc:1    | Identified a +0 chain mail
 18204 | Orc:2    | Entered Level 2 of the Orcish Mines
 18204 | Orc:2    | Identified a +0 glaive
 18204 | Orc:2    | Identified a +0 chain mail
 18204 | Orc:2    | Identified a +0 dagger
 18204 | Orc:2    | Identified a cursed -3 dagger
 18204 | Orc:2    | Identified a +0 robe
 18207 | Orc:2    | Identified a +0 dagger
 18207 | Orc:2    | Identified a +0 robe
 18256 | Orc:2    | Identified a +0 short sword
 18256 | Orc:2    | Identified a +0 chain mail
 18256 | Orc:2    | Identified a +0 hand axe
 18256 | Orc:2    | Identified a +0 plate armour
 18256 | Orc:2    | Identified a +0 glaive
 18256 | Orc:2    | Identified a +0 plate armour
 18256 | Orc:2    | Identified a +0 battleaxe
 18256 | Orc:2    | Identified a cursed +0 chain mail
 18257 | Orc:2    | Identified a +0 halberd
 18257 | Orc:2    | Identified a +0 chain mail
 18259 | Orc:2    | Noticed a stone giant
 18266 | Orc:2    | Identified a +0 dagger
 18266 | Orc:2    | Identified a cursed +0 robe
 18266 | Orc:2    | Identified a +0 hand axe
 18271 | Orc:2    | Identified a +2 hand axe of flaming
 18291 | Orc:2    | Identified a +4 great mace of protection
 18291 | Orc:2    | Identified a +0 chain mail of cold resistance
 18291 | Orc:2    | Noticed Rupert
 18317 | Orc:1    | HP: 21/127 [Rupert/+4 great mace of protection (17)]
 18319 | Orc:1    | HP: 10/127 [Rupert/+4 great mace of protection (2)]
 18327 | Orc:1    | HP: 26/127 [Rupert/+4 great mace of protection (8)]
 18328 | Orc:1    | HP: 8/127 [Rupert/+4 great mace of protection (18)]
 18330 | Orc:1    | Killed Rupert
 18340 | Orc:2    | Identified a +0 trident
 18357 | Orc:2    | Killed a stone giant
 18452 | Orc:2    | Found a staircase to the Elven Halls.
 18792 | Orc:2    | Identified a +0 dagger
 18792 | Orc:2    | Identified a +0 robe
 18792 | Orc:2    | Identified a +0 giant club
 18792 | Orc:2    | Identified a cursed -2 halberd
 18792 | Orc:2    | Identified a +0 plate armour
 18792 | Orc:2    | Identified a +0 club
 18792 | Orc:2    | Identified a cursed -1 hand axe
 18793 | Orc:2    | Identified a +0 dagger
 18793 | Orc:2    | Identified a +0 robe
 18793 | Orc:2    | Identified a +0 dagger
 18793 | Orc:2    | Identified a +0 robe
 18803 | Orc:2    | Identified a +0 hand axe
 18803 | Orc:2    | Identified a +0 leather armour
 18825 | Orc:2    | Identified a cursed -2 club
 18825 | Orc:2    | Identified a +0 leather armour
 18845 | Orc:2    | Found Atuesaox's Distillery.
 18846 | Orc:2    | Identified a +0 flail
 18846 | Orc:2    | Identified a +0 ring mail
 18869 | Orc:2    | Identified a +0 club
 18869 | Orc:2    | Identified a +0 chain mail
 18870 | Orc:2    | Found a radiant altar of Vehumet.
 18870 | Orc:2    | Identified a +0 whip
 18870 | Orc:2    | Identified a +0 robe
 18870 | Orc:2    | Identified a +0 dagger
 18870 | Orc:2    | Identified a +0 robe
 18876 | Orc:2    | Identified a cursed +0 leather armour
 18901 | Orc:2    | Identified a +0 dagger
 18901 | Orc:2    | Identified a +0 robe
 18908 | Orc:2    | Identified a +0 dagger
 18908 | Orc:2    | Identified a +0 robe
 18916 | Orc:2    | Identified a +0 dagger
 18916 | Orc:2    | Identified a +0 robe
 18925 | Orc:2    | Found Zufozow's Distillery.
 18935 | Orc:2    | Identified a +0 dagger
 18935 | Orc:2    | Identified a +0 robe
 18939 | Orc:2    | Identified a +0 dagger
 18939 | Orc:2    | Identified a +0 robe
 18953 | Orc:2    | Identified a +0 dagger
 18953 | Orc:2    | Identified a +0 robe
 18955 | Orc:2    | Identified a +0 war axe
 18955 | Orc:2    | Identified a +0 leather armour
 18957 | Orc:2    | Identified a +1 dagger of electrocution
 18957 | Orc:2    | Identified a +0 scale mail
 18959 | Orc:2    | Identified a +0 dagger
 18959 | Orc:2    | Identified a +0 robe
 18959 | Orc:2    | Noticed Nergalle
 18960 | Orc:2    | Paralysed by an orc sorcerer for 6 turns
 18969 | Orc:2    | Identified a +0 dagger
 18969 | Orc:2    | Identified a +0 robe
 18975 | Orc:2    | Killed Nergalle
 18982 | Orc:2    | Bought a potion of heal wounds for 60 gold pieces
 18982 | Orc:2    | Bought a potion of heal wounds for 60 gold pieces
 18982 | Orc:2    | Bought a potion of heal wounds for 60 gold pieces
 18987 | Orc:2    | Found an ancient bone altar of Kikubaaqudgha.
 19036 | Orc:2    | Identified a +0 dagger
 19036 | Orc:2    | Identified a +0 robe
 19036 | Orc:2    | Identified a +0 dagger
 19036 | Orc:2    | Identified a +0 robe
 19036 | Orc:2    | Identified a +0 dagger
 19036 | Orc:2    | Identified a +0 robe
 19036 | Orc:2    | Identified a +0 dagger
 19036 | Orc:2    | Identified a +0 robe
 19036 | Orc:2    | Identified a +0 dagger
 19036 | Orc:2    | Identified a +1 robe of magic resistance
 19040 | Orc:2    | Identified a +0 trident
 19040 | Orc:2    | Identified a +0 dagger
 19040 | Orc:2    | Identified a +0 robe
 19040 | Orc:2    | Identified a +0 dagger
 19040 | Orc:2    | Identified a +0 robe
 19041 | Orc:2    | Identified a cursed -1 dagger
 19041 | Orc:2    | Identified a +0 robe
 19041 | Orc:2    | Identified a +0 dagger
 19041 | Orc:2    | Identified a +0 robe
 19045 | Orc:2    | Reached skill level 10 in Dodging
 19053 | Orc:2    | Found a roughly hewn altar of Beogh.
 19053 | Orc:2    | Found Ologeg's Antique Weapon Emporium.
 19053 | Orc:2    | Identified a +0 giant club
 19115 | Orc:2    | Identified a +0 dagger
 19115 | Orc:2    | Identified a +0 robe
 19115 | Orc:2    | Identified a +0 dagger
 19115 | Orc:2    | Identified a +0 robe
 19125 | Orc:2    | Identified a +0 dagger
 19125 | Orc:2    | Identified a +1 robe
 19128 | Orc:2    | Identified a +0 dagger
 19128 | Orc:2    | Identified a +0 robe
 19150 | Orc:2    | Found Pel Fako's Book Emporium.
 19190 | Orc:2    | Bought 2 potions of heal wounds for 140 gold pieces
 19190 | Orc:2    | Bought a potion of heal wounds for 70 gold pieces
 19190 | Orc:2    | Bought a potion of invisibility for 112 gold pieces
 19380 | D:10     | Entered Level 10 of the Dungeon
 19380 | D:10     | Identified a +0 dagger
 19380 | D:10     | Identified a +0 short sword
 19380 | D:10     | Identified a +0 whip
 19380 | D:10     | Identified a +0 short sword
 19445 | D:10     | Identified a cursed -3 dagger
 19445 | D:10     | Identified a +0 short sword
 19445 | D:10     | Identified a +0 short sword
 19445 | D:10     | Identified a +0 dagger
 19445 | D:10     | Identified a cursed -2 whip
 19445 | D:10     | Identified a +0 dagger
 19447 | D:10     | Identified a +0 whip
 19480 | D:10     | Identified a +0 falchion
 19480 | D:10     | Identified a +0 ring mail
 19720 | D:10     | Identified a +0 giant club
 19720 | D:10     | Identified a +0 giant spiked club
 19731 | D:10     | Reached skill level 9 in Fighting
 19791 | D:10     | Found Kuaroarutt's Lightly-Used Armoury.
 20144 | D:11     | Identified a +0 shortbow
 20149 | D:11     | Identified a +0 shortbow
 20150 | D:11     | Identified a +0 shortbow
 20151 | D:11     | Identified a cursed -3 shortbow
 20166 | D:11     | Identified a +2 shortbow of freezing
 20220 | D:11     | Identified a +0 club
 20223 | D:11     | Identified a +0 mace
 20223 | D:11     | Identified a +0 leather armour
 20223 | D:11     | Identified a +0 short sword
 20223 | D:11     | Identified a +0 leather armour
 20225 | D:11     | Identified a cursed -3 club
 20225 | D:11     | Identified a +0 leather armour
 20233 | D:11     | Identified a +0 dagger
 20233 | D:11     | Identified a +0 robe
 20234 | D:11     | Identified a cursed -3 short sword
 20234 | D:11     | Identified a +0 ring mail
 20236 | D:11     | Identified a cursed -1 hand axe
 20254 | D:11     | Identified a +2 whip of flaming
 20274 | D:11     | Identified a +0 ring mail
 20277 | D:11     | Identified a +0 club
 20277 | D:11     | Identified a +0 scale mail
 20277 | D:11     | Identified a cursed -2 dagger
 20277 | D:11     | Identified a +0 robe
 20282 | D:11     | Identified a +0 dagger
 20283 | D:11     | Identified a +0 short sword
 20283 | D:11     | Identified a +0 chain mail
 20440 | D:11     | Found an opulent altar of Gozag.
 20488 | D:11     | Identified a +0 shortbow
 20490 | D:11     | Identified a cursed +0 shortbow
 20492 | D:11     | Identified a +0 shortbow
 20683 | D:11     | Identified a +0 dagger
 20683 | D:11     | Identified a +0 ring mail
 20687 | D:11     | Identified a +0 dagger
 20687 | D:11     | Identified a +0 robe
 20692 | D:11     | Identified a +0 flail
 20692 | D:11     | Identified a +0 plate armour
 20886 | D:11     | Identified a +0 flail
 20886 | D:11     | Identified a +0 leather armour
 20886 | D:11     | Identified a +0 short sword
 20888 | D:11     | Identified a +0 trident
 20888 | D:11     | Identified a +0 chain mail
 20891 | D:11     | Identified a +0 dagger
 20934 | D:11     | Reached skill level 15 in Invocations
 20937 | D:11     | Reached skill level 14 in Axes
 21175 | D:11     | Noticed Snorg
 21191 | D:11     | Killed Snorg
 21577 | D:12     | Identified a +0 dagger
 21577 | D:12     | Identified a +0 dagger
 21661 | D:12     | Identified a +0 short sword
 21662 | D:12     | Identified a +0 dagger
 21662 | D:12     | Identified a +0 robe
 21663 | D:12     | Identified a +0 dire flail
 21663 | D:12     | Identified a +0 plate armour
 21796 | D:12     | Identified a +0 mace
 21796 | D:12     | Identified a +0 dagger
 21804 | D:12     | Identified a +0 leather armour
 21851 | D:12     | Found a white marble altar of Elyvilon.
 21908 | D:12     | Reached XP level 15. HP: 135/135 MP: 14/14
 21991 | D:12     | Identified a +0 whip
 21991 | D:12     | Identified a +0 mace
 21994 | D:12     | Identified a +2 vampiric dagger
 21994 | D:12     | Identified a +0 robe
 21994 | D:12     | Identified a +0 short sword
 21994 | D:12     | Identified a +0 morningstar
 22301 | D:13     | Identified a +2 double sword of freezing
 22301 | D:13     | Identified a +3 scale mail of magic resistance
 22301 | D:13     | Noticed Urug
 22310 | D:13     | Reached skill level 9 in Slings
 22323 | D:13     | Killed Urug
 22675 | D:13     | Identified a +0 mace
 22772 | D:13     | Found a gate to the Vaults.
 22774 | D:13     | Identified a +0 dagger
 22774 | D:13     | Identified a +0 robe
 22790 | D:13     | Identified a +0 troll leather armour
 22867 | D:13     | Identified a +0 shortbow
 22867 | D:13     | Identified a +0 shortbow
 22872 | D:13     | Identified a +0 shortbow
 22872 | D:13     | Identified a +0 shortbow
 22874 | D:13     | Identified a +0 short sword
 22875 | D:13     | Identified a +0 scimitar
 22885 | D:13     | Identified a +0 mace
 22900 | D:13     | Reached skill level 11 in Shields
 23141 | D:14     | Identified a ring of teleportation (You found it on level
                  | 13 of the Dungeon)
 23166 | D:14     | Identified a +1 scimitar of flaming
 23178 | D:14     | You fall into a shaft and drop 1 floor!
 23178 | D:15     | Entered Level 15 of the Dungeon
 23207 | D:15     | Identified a +0 battleaxe
 23236 | D:15     | Identified a +0 dagger
 23236 | D:15     | Identified a +0 robe
 23236 | D:15     | Identified a +0 morningstar
 23260 | D:15     | Reached skill level 11 in Armour
 23264 | D:15     | Identified a +0 shortbow
 23287 | D:15     | Found a staircase to the Depths.
 23307 | D:15     | Identified a +0 robe
 23403 | D:15     | Identified a +0 buckler
 23406 | D:15     | Identified a +0 bardiche
 23406 | D:15     | Identified a +0 ring mail
 23521 | D:15     | Found a sacrificial altar of Ru.
 23543 | D:15     | Identified a +1 morningstar of flaming
 23543 | D:15     | Identified a +0 plate armour
 23543 | D:15     | Identified a +0 tower shield
 23543 | D:15     | Noticed Louise
 23544 | D:15     | Identified a +0 dagger
 23544 | D:15     | Identified a +0 robe
 23555 | D:15     | Killed Louise
 23574 | D:15     | Found Wonivvuo's Book Emporium.
 23574 | D:15     | Identified a +1 longbow of flaming
 23574 | D:15     | Identified a +1 centaur barding of cold resistance
 23574 | D:15     | Noticed Nessos
 23591 | D:15     | Killed Nessos
 23599 | D:15     | Identified a +0 battleaxe
 23599 | D:15     | Identified a +0 mace
 23749 | D:15     | Identified a +0 shortbow
 23768 | D:15     | Identified +0 acid dragon scales
 23945 | D:15     | Identified a cursed -2 short sword
 24187 | D:15     | Reached skill level 16 in Invocations
 24262 | D:14     | Identified a +3 scimitar of flaming
 24310 | D:14     | Identified a +0 dagger
 24339 | D:14     | Identified a +3 plate armour (You found it on level 14 of
                  | the Dungeon)
 24515 | D:14     | Identified a +0 falchion
 24515 | D:14     | Identified a +0 robe
 24524 | D:14     | Identified a +7 dagger
 24524 | D:14     | Identified a +0 robe
 24528 | D:14     | Identified a +3 dagger
 24528 | D:14     | Identified a +0 robe
 24535 | D:14     | Identified a +3 hand axe
 24535 | D:14     | Identified a +0 robe
 24535 | D:14     | Identified a cursed +3 scimitar
 24535 | D:14     | Identified a +0 robe
 24719 | D:14     | Noticed Kirke
 24738 | D:14     | Killed Kirke
 24749 | D:14     | Identified a +0 long sword
 24749 | D:14     | Identified a +0 longbow
 24749 | D:14     | Identified a +0 ring mail
 24749 | D:14     | Identified a cursed -3 great sword
 24749 | D:14     | Identified a +0 leather armour
 24749 | D:14     | Identified a +0 longbow
 24749 | D:14     | Identified a +0 short sword
 24784 | D:14     | Reached skill level 11 in Dodging
 24908 | D:14     | Identified a +2 short sword of holy wrath
 24909 | D:14     | Found a glowing silver altar of Zin.
 25268 | Swamp:1  | Entered Level 1 of the Swamp
 25356 | Swamp:1  | Reached skill level 15 in Axes
 25361 | Swamp:1  | Noticed Aizul
 25382 | Swamp:1  | Killed Aizul
 25505 | Swamp:1  | Identified a +0 scimitar
 25505 | Swamp:1  | Identified a +2 chain mail of positive energy
 25505 | Swamp:1  | Identified a +0 kite shield of reflection
 25505 | Swamp:1  | Noticed Donald
 25523 | Swamp:1  | Killed Donald
 25523 | Swamp:1  | Reached XP level 16. HP: 133/146 MP: 16/16
 26429 | Swamp:2  | Identified +0 swamp dragon scales
 26429 | Swamp:2  | Reached skill level 10 in Slings
 26642 | Swamp:2  | Noticed a thorn hunter
 26655 | Swamp:2  | Killed a thorn hunter
 26743 | Swamp:2  | Identified a ring of dexterity (You found it on level 1 of
                  | the Swamp)
 27004 | Swamp:2  | Noticed a thorn hunter
 27022 | Swamp:2  | Killed a thorn hunter
 27028 | Swamp:2  | Reached skill level 10 in Fighting
 27031 | Swamp:2  | Identified a cursed +0 hunting sling (You found it on level
                  | 2 of the Swamp)
 27213 | Swamp:2  | Identified a +0 quarterstaff
 27213 | Swamp:2  | Identified a +0 robe
 27413 | Swamp:2  | Identified a potion of ambrosia
 27738 | Swamp:3  | Noticed a thorn hunter
 27759 | Swamp:3  | Killed a thorn hunter
 27764 | Swamp:3  | Identified a ring of strength (You found it on level 3 of
                  | the Swamp)
 27801 | Swamp:3  | Found an ancient bone altar of Kikubaaqudgha.
 27973 | Swamp:3  | Identified a +0 spear
 28136 | Swamp:3  | Noticed a thorn hunter
 28155 | Swamp:3  | Killed a thorn hunter
 28155 | Swamp:3  | Reached skill level 17 in Invocations
 28530 | Swamp:4  | Entered Level 4 of the Swamp
 28533 | Swamp:4  | Noticed a thorn hunter
 28598 | Swamp:4  | Killed a thorn hunter
 28598 | Swamp:4  | Reached skill level 12 in Shields
 28598 | Swamp:4  | Reached skill level 1 in Evocations
 28710 | Swamp:4  | Noticed a thorn hunter
 28731 | Swamp:4  | Killed a thorn hunter
 28764 | Swamp:4  | Noticed a thorn hunter
 29774 | Swamp:4  | Reached skill level 2 in Evocations
 29779 | Swamp:4  | Identified +0 swamp dragon scales
 29788 | Swamp:4  | Reached skill level 12 in Armour
 29805 | Swamp:4  | Identified +0 swamp dragon scales
 29869 | Swamp:4  | Killed a thorn hunter
 30124 | Swamp:4  | Reached skill level 3 in Evocations
 30217 | Swamp:4  | Got a decaying rune of Zot
 30639 | Snake:1  | Entered Level 1 of the Snake Pit
 30639 | Snake:1  | Identified a -3 battleaxe
 30639 | Snake:1  | Identified a +0 arbalest
 30639 | Snake:1  | Identified a +0 robe
 30655 | Snake:1  | Identified a +0 scimitar
 30655 | Snake:1  | Identified a +0 tower shield
 30753 | Snake:1  | Identified a cursed -1 flail
 30753 | Snake:1  | Identified a +0 robe
 30753 | Snake:1  | Identified a +0 battleaxe
 30753 | Snake:1  | Identified a +0 robe
 30753 | Snake:1  | Identified a +0 halberd
 30753 | Snake:1  | Identified a +3 halberd
 30758 | Snake:1  | Identified a +0 glaive
 30788 | Snake:1  | Reached skill level 16 in Axes
 30885 | Snake:1  | Reached XP level 17. HP: 120/154 MP: 10/17
 30946 | Snake:1  | Identified a +0 dagger of venom
 30946 | Snake:1  | Identified a +0 robe
 30979 | Snake:1  | Identified a +2 scimitar of venom
 30979 | Snake:1  | Identified a +0 robe
 30984 | Snake:1  | Identified a +0 mace
 31036 | Snake:1  | Identified a +0 halberd
 31036 | Snake:1  | Identified a +0 robe
 31082 | Snake:1  | Identified a +2 halberd of pain
 31082 | Snake:1  | Identified a +0 mace
 31083 | Snake:1  | Identified a +0 halberd
 31083 | Snake:1  | Identified a +0 robe
 31105 | Snake:1  | Identified a +0 war axe
 31223 | Snake:1  | Identified a scroll of random uselessness
 31323 | Snake:1  | Identified a ring of see invisible (You found it on level 1
                  | of the Snake Pit)
 31432 | Snake:1  | Identified a +0 battleaxe
 31582 | Snake:1  | Reached skill level 4 in Evocations
 31701 | Snake:2  | Identified a +0 halberd
 31701 | Snake:2  | Identified a +0 robe
 31704 | Snake:2  | Identified a +0 halberd
 31720 | Snake:2  | Reached skill level 12 in Dodging
 31753 | Snake:2  | Identified a +2 cloak (You found it on level 2 of the Snake
                  | Pit)
 31804 | Snake:2  | Identified a +0 scimitar
 31807 | Snake:2  | Identified a cursed +0 scimitar
 31807 | Snake:2  | Identified a +0 robe
 31877 | Snake:2  | Identified a +0 dire flail
 31877 | Snake:2  | Identified a +0 robe
 31907 | Snake:2  | Identified a +0 club
 31907 | Snake:2  | Identified a +0 robe
 31936 | Snake:2  | Identified a +0 long sword
 31936 | Snake:2  | Identified a +0 robe
 31957 | Snake:2  | Identified a cursed -2 trident
 32011 | Snake:2  | Identified a +0 short sword
 32053 | Snake:2  | Identified a +2 scimitar of venom
 32053 | Snake:2  | Identified a +0 robe
 32064 | Snake:2  | Identified a +0 halberd
 32064 | Snake:2  | Identified a +0 robe
 32082 | Snake:2  | Identified a +0 scimitar
 32082 | Snake:2  | Identified a +0 arbalest
 32082 | Snake:2  | Identified a +0 robe
 32253 | Snake:2  | Reached skill level 11 in Slings
 32603 | Snake:2  | Identified a +1 helmet (You found it on level 2 of the
                  | Snake Pit)
 32700 | Snake:2  | Identified a +0 war axe
 32739 | Snake:2  | Found Ulaheib's Antique Weapon Shoppe.
 32807 | Snake:2  | Identified a +0 dagger of venom
 32807 | Snake:2  | Identified a +0 robe
 32866 | Snake:2  | Reached skill level 18 in Invocations
 33967 | Snake:3  | Identified a +0 hand axe
 33967 | Snake:3  | Identified a +0 shortbow of flaming
 33968 | Snake:3  | Identified a +0 halberd
 33970 | Snake:3  | Identified a cursed -1 glaive
 34074 | Snake:3  | Identified a +1 halberd of venom
 34097 | Snake:3  | Identified a +0 dire flail
 34097 | Snake:3  | Identified a +0 arbalest
 34103 | Snake:3  | Identified a +0 flail
 34197 | Snake:3  | Identified a +0 hand axe
 34273 | Snake:3  | Identified a +0 mace
 34273 | Snake:3  | Identified a +0 robe
 34293 | Snake:3  | Identified a cursed -2 dire flail
 34297 | Snake:3  | Identified a cursed +0 trident
 34310 | Snake:3  | Identified a +2 glaive of venom
 34393 | Snake:3  | Identified a +0 halberd
 34393 | Snake:3  | Identified a +0 robe
 34393 | Snake:3  | Identified a +0 short sword
 34402 | Snake:3  | Identified a +0 scimitar
 34402 | Snake:3  | Identified a +0 robe
 34404 | Snake:3  | Reached skill level 5 in Evocations
 34406 | Snake:3  | Identified a +0 scimitar
 34406 | Snake:3  | Identified a +0 arbalest
 34499 | Snake:3  | Identified a +0 halberd
 34506 | Snake:3  | Identified a +0 club
 34552 | Snake:3  | Identified a +1 vorpal flail
 34736 | Snake:3  | Found a bloodstained altar of Trog.
 35055 | Snake:3  | Identified a cursed -2 war axe (You found it on level 3 of
                  | the Snake Pit)
 35062 | Snake:4  | Entered Level 4 of the Snake Pit
 35068 | Snake:4  | Identified a +0 halberd
 35086 | Snake:4  | Identified a +3 flail
 35100 | Snake:4  | Identified a +1 scimitar of venom
 35100 | Snake:4  | Identified a +0 robe
 35143 | Snake:4  | Identified a +0 mace
 35148 | Snake:4  | Identified a +0 long sword
 35148 | Snake:4  | Identified a +0 robe
 35158 | Snake:4  | Identified a +0 hand axe
 35158 | Snake:4  | Identified a +0 tower shield
 35158 | Snake:4  | Identified a +0 spear
 35163 | Snake:4  | Identified a +0 trident
 35165 | Snake:4  | Identified a +1 flail of protection
 35165 | Snake:4  | Identified a +0 robe
 35165 | Snake:4  | Identified a +0 trident
 35165 | Snake:4  | Identified a +0 scimitar of flaming
 35165 | Snake:4  | Identified a +0 robe
 35177 | Snake:4  | Identified a +0 spear
 35179 | Snake:4  | Identified a +0 war axe
 35179 | Snake:4  | Identified a +0 robe
 35181 | Snake:4  | Identified a +0 battleaxe
 35181 | Snake:4  | Identified a +0 robe
 35181 | Snake:4  | Identified a +0 mace
 35205 | Snake:4  | Identified a +1 vorpal halberd
 35208 | Snake:4  | Identified a +0 long sword
 35208 | Snake:4  | Identified a +0 robe
 35211 | Snake:4  | Identified a +4 scimitar of venom
 35211 | Snake:4  | Identified a +0 robe
 35235 | Snake:4  | Identified a +0 spear
 35235 | Snake:4  | Identified a +0 robe
 35239 | Snake:4  | Identified a +0 battleaxe
 35240 | Snake:4  | Identified a +2 scimitar of venom
 35240 | Snake:4  | Identified a +0 robe
 35240 | Snake:4  | Identified a +2 dagger of venom
 35240 | Snake:4  | Identified a +0 robe
 35244 | Snake:4  | Identified a +0 battleaxe
 35244 | Snake:4  | Identified a +0 robe
 35244 | Snake:4  | Identified a +0 club
 35244 | Snake:4  | Identified a +0 robe
 35244 | Snake:4  | Identified a +0 glaive
 35244 | Snake:4  | Identified a +1 long sword of freezing
 35244 | Snake:4  | Identified a +0 arbalest
 35244 | Snake:4  | Identified a cursed -1 hand axe
 35244 | Snake:4  | Identified a +0 robe
 35304 | Snake:4  | Identified a +0 hand axe
 35322 | Snake:4  | Identified a +0 war axe
 35322 | Snake:4  | Identified a +0 shortbow
 35378 | Snake:4  | Identified a +2 flail of draining
 35378 | Snake:4  | Identified a +0 robe
 35407 | Snake:4  | Identified a +0 mace
 35407 | Snake:4  | Identified a +0 arbalest
 35544 | Snake:4  | Identified a +0 flail
 35544 | Snake:4  | Identified a +0 mace
 35544 | Snake:4  | Identified a cursed +0 spear
 35544 | Snake:4  | Identified a +0 robe
 35563 | Snake:4  | Identified a +1 halberd of distortion
 35563 | Snake:4  | Identified a +0 robe
 35583 | Snake:4  | Gained mutation: You passively map a large area around you.
                  | [Deep Dwarf growth]
 35583 | Snake:4  | Reached XP level 18. HP: 144/163 MP: 19/19
 35585 | Snake:4  | Identified a +0 spear
 35648 | Snake:4  | Identified a +0 battleaxe
 35648 | Snake:4  | Identified a +0 arbalest
 35648 | Snake:4  | Identified a +0 robe
 35648 | Snake:4  | Identified a +0 long sword
 35648 | Snake:4  | Identified a +0 robe
 35649 | Snake:4  | Identified a +0 long sword
 35649 | Snake:4  | Identified a +0 robe
 35652 | Snake:4  | Identified a +0 club
 35653 | Snake:4  | Identified a +0 trident
 35653 | Snake:4  | Identified a +0 robe
 35653 | Snake:4  | Identified a cursed +0 kite shield
 35679 | Snake:4  | Reached skill level 6 in Evocations
 35734 | Snake:4  | Identified a +0 flail
 35742 | Snake:4  | Identified a +0 scimitar
 35742 | Snake:4  | Identified a +0 glaive
 35761 | Snake:4  | Identified a +0 mace
 35769 | Snake:4  | Identified a cursed -1 scimitar
 35779 | Snake:4  | Identified a +0 glaive
 35787 | Snake:4  | Identified a +0 long sword
 35787 | Snake:4  | Identified a +0 club
 35787 | Snake:4  | Identified a +0 robe
 35799 | Snake:4  | Identified a +1 long sword of venom
 35799 | Snake:4  | Identified a +0 robe
 35800 | Snake:4  | Identified a +0 long sword
 35800 | Snake:4  | Identified a +0 shortbow
 35800 | Snake:4  | Identified a +0 robe
 35800 | Snake:4  | Identified a +0 dire flail
 35800 | Snake:4  | Identified a +0 battleaxe
 35800 | Snake:4  | Identified a +0 robe
 35800 | Snake:4  | Identified a +0 mace
 35800 | Snake:4  | Identified a +0 dire flail
 35803 | Snake:4  | Identified a +0 glaive
 35804 | Snake:4  | Identified a +0 mace
 35806 | Snake:4  | Identified a +0 war axe
 35806 | Snake:4  | Identified a cursed +0 robe
 35810 | Snake:4  | Identified a +3 halberd
 35810 | Snake:4  | Identified a +0 shortbow
 35810 | Snake:4  | Identified a +0 battleaxe
 35810 | Snake:4  | Identified a +0 arbalest
 35810 | Snake:4  | Identified a +0 dire flail
 35810 | Snake:4  | Identified a +0 hand axe
 35810 | Snake:4  | Identified a +0 robe
 35811 | Snake:4  | Identified a +0 war axe
 35811 | Snake:4  | Identified a cursed +0 robe
 35811 | Snake:4  | Identified a +0 long sword
 35811 | Snake:4  | Identified a +0 robe
 35811 | Snake:4  | Identified a +0 mace
 35811 | Snake:4  | Identified a +0 robe
 35811 | Snake:4  | Identified a +0 dire flail
 35811 | Snake:4  | Identified a +0 robe
 35812 | Snake:4  | Identified a +0 mace
 35814 | Snake:4  | Identified a +0 demon whip
 35814 | Snake:4  | Identified a +0 short sword
 35822 | Snake:4  | Identified a +0 longbow
 35822 | Snake:4  | Identified a +0 trident
 35822 | Snake:4  | Identified a +0 robe
 35822 | Snake:4  | Identified a +0 whip of draining
 35822 | Snake:4  | Identified a +0 robe
 35827 | Snake:4  | Identified a +0 halberd
 35830 | Snake:4  | Identified a +0 spear
 35830 | Snake:4  | Identified a +0 robe
 35834 | Snake:4  | Reached skill level 13 in Shields
 35835 | Snake:4  | Identified a +2 scimitar of electrocution
 35847 | Snake:4  | Reached skill level 17 in Axes
 35853 | Snake:4  | Identified a +4 dagger of venom
 35853 | Snake:4  | Identified a +0 robe
 35862 | Snake:4  | Identified a +0 hand axe
 35868 | Snake:4  | Identified a +0 halberd
 35885 | Snake:4  | Reached skill level 11 in Fighting
 35886 | Snake:4  | Identified a +0 mace
 35886 | Snake:4  | Identified a +0 robe
 35906 | Snake:4  | Identified a +1 flail of holy wrath
 35906 | Snake:4  | Identified a +0 mace
 35965 | Snake:4  | Identified a +0 mace
 35965 | Snake:4  | Identified a +0 robe
 35971 | Snake:4  | Identified a +0 halberd of venom
 35975 | Snake:4  | Identified a +0 robe
 35977 | Snake:4  | Identified a +0 mace
 35977 | Snake:4  | Identified a +0 robe
 35980 | Snake:4  | Identified a +0 halberd
 35982 | Snake:4  | Identified a +0 hand axe
 35982 | Snake:4  | Identified a +0 robe
 35982 | Snake:4  | Identified a +0 kite shield
 36026 | Snake:4  | Identified a +1 hand axe of distortion
 36026 | Snake:4  | Identified a +4 longbow
 36082 | Snake:4  | Identified a +0 battleaxe
 36082 | Snake:4  | Identified a +0 robe
 36092 | Snake:4  | Identified a +0 dire flail of draining
 36092 | Snake:4  | Identified a +0 arbalest
 36092 | Snake:4  | Identified a +0 robe
 36095 | Snake:4  | Identified a +0 spear
 36137 | Snake:4  | Identified a cursed -1 spear
 36137 | Snake:4  | Identified a +0 robe
 36147 | Snake:4  | Identified a +0 halberd
 36150 | Snake:4  | Identified a +0 scimitar
 36150 | Snake:4  | Identified a +0 kite shield
 36205 | Snake:4  | Identified a +0 spear
 36211 | Snake:4  | Identified a +0 spear
 36211 | Snake:4  | Identified a cursed +0 robe
 36228 | Snake:4  | Identified a +0 battleaxe
 36263 | Snake:4  | Identified a +0 spear
 36263 | Snake:4  | Identified a +0 robe
 36277 | Snake:4  | Identified a +0 scimitar
 36277 | Snake:4  | Identified a +0 robe
 36301 | Snake:4  | Identified a +0 trident
 36307 | Snake:4  | Identified a +0 flail
 36307 | Snake:4  | Identified a +0 arbalest
 36307 | Snake:4  | Identified a +0 robe
 36349 | Snake:4  | Got a serpentine rune of Zot
 36362 | Snake:4  | Identified a +0 battleaxe
 36362 | Snake:4  | Identified a +0 arbalest
 36377 | Snake:4  | Reached skill level 13 in Armour
 36421 | Snake:4  | Identified a +0 flail
 36447 | Snake:4  | Identified a +0 glaive
 36447 | Snake:4  | Identified a +0 robe
 36458 | Snake:4  | Identified a +0 flail
 36458 | Snake:4  | Identified a +1 dagger of venom
 36458 | Snake:4  | Identified a +0 robe
 36466 | Snake:4  | Identified a +2 vampiric spear
 36466 | Snake:4  | Identified a +0 leather armour
 36469 | Snake:4  | Reached skill level 19 in Invocations
 36502 | Snake:4  | Identified a +0 spear
 36502 | Snake:4  | Identified a +0 robe
 36503 | Snake:4  | Identified a +0 scimitar
 36504 | Snake:4  | Identified a +0 trident
 36505 | Snake:4  | Identified a +4 dagger of venom
 36505 | Snake:4  | Identified a +0 robe
 36509 | Snake:4  | Identified a +0 war axe
 36509 | Snake:4  | Identified a +0 robe
 36511 | Snake:4  | Reached skill level 7 in Evocations
 36512 | Snake:4  | Identified a cursed -3 club
 36512 | Snake:4  | Identified a +0 robe
 36519 | Snake:4  | Identified a +1 war axe of electrocution
 36519 | Snake:4  | Identified a +0 longbow
 36587 | Snake:4  | Identified a +0 trident
 36587 | Snake:4  | Identified a +0 robe
 36587 | Snake:4  | Identified a +0 halberd
 36587 | Snake:4  | Identified a +0 trident
 36587 | Snake:4  | Identified a +3 shortbow of freezing
 36592 | Snake:4  | Identified a cursed +0 robe
 36601 | Snake:4  | Identified a +2 war axe of electrocution
 36602 | Snake:4  | Identified a +0 spear
 36602 | Snake:4  | Identified a +0 robe
 36604 | Snake:4  | Identified a +0 spear
 36648 | Snake:4  | Identified a +0 war axe
 36648 | Snake:4  | Identified a +0 glaive
 36648 | Snake:4  | Identified a +2 vorpal halberd
 36650 | Snake:4  | Identified a +0 spear
 36650 | Snake:4  | Identified a +0 robe
 36720 | Snake:4  | Identified a +0 halberd
 36778 | Snake:4  | Identified a +0 mace
 36778 | Snake:4  | Identified a +3 vorpal arbalest
 37300 | Vaults:1 | Entered Level 1 of the Vaults
 37331 | Vaults:1 | Identified a +3 war axe
 37331 | Vaults:1 | Identified a +0 plate armour
 37373 | Vaults:1 | Identified a +0 whip
 37373 | Vaults:1 | Identified a +0 robe
 37373 | Vaults:1 | Identified a +0 giant club
 37373 | Vaults:1 | Identified a +0 giant club
 37373 | Vaults:1 | Identified a +0 giant club
 37373 | Vaults:1 | Identified a +0 giant club
 37373 | Vaults:1 | Identified a +0 giant club
 37373 | Vaults:1 | Identified a +0 giant club
 37373 | Vaults:1 | Identified a +0 dire flail
 37405 | Vaults:1 | Identified a scroll of noise
 37425 | Vaults:1 | Identified a +0 arbalest
 37465 | Vaults:1 | Identified a +1 battleaxe of freezing
 37465 | Vaults:1 | Identified a +0 chain mail
 37465 | Vaults:1 | Identified a +0 hand axe
 37465 | Vaults:1 | Identified a +0 glaive
 37465 | Vaults:1 | Identified a +0 chain mail
 37496 | Vaults:1 | Identified a +0 arbalest
 37500 | Vaults:1 | Identified a +0 great sword
 37500 | Vaults:1 | Identified a +0 chain mail
 37500 | Vaults:1 | Identified a +0 long sword
 37500 | Vaults:1 | Identified a cursed +0 plate armour
 37500 | Vaults:1 | Identified a +0 whip
 37500 | Vaults:1 | Identified a cursed +0 leather armour
 37500 | Vaults:1 | Identified a +0 scimitar
 37500 | Vaults:1 | Identified a +0 arbalest
 37505 | Vaults:1 | Identified a +0 club
 37517 | Vaults:1 | Reached skill level 12 in Slings
 37527 | Vaults:1 | Identified a +0 whip
 37527 | Vaults:1 | Identified a +0 leather armour
 37562 | Vaults:1 | Identified a +0 arbalest
 37578 | Vaults:1 | Identified a cursed -1 flail
 37591 | Vaults:1 | Identified a +0 battleaxe
 37591 | Vaults:1 | Identified a +0 plate armour
 37595 | Vaults:1 | Identified a +0 battleaxe
 37595 | Vaults:1 | Identified a +0 chain mail
 37607 | Vaults:1 | Reached skill level 13 in Dodging
 37750 | Vaults:1 | Identified a +0 arbalest of freezing
 37836 | Vaults:1 | Identified a +0 arbalest
 37857 | Vaults:1 | Identified a +1 flail of draining
 37857 | Vaults:1 | Identified a +0 ring mail
 37871 | Vaults:1 | Identified a +0 falchion
 37871 | Vaults:1 | Identified a +0 ring mail
 37871 | Vaults:1 | Identified a +2 morningstar of draining
 37871 | Vaults:1 | Identified a +0 scale mail
 37871 | Vaults:1 | Identified a +0 hand axe
 37871 | Vaults:1 | Identified a +0 scale mail
 37871 | Vaults:1 | Identified a +0 battleaxe
 37871 | Vaults:1 | Identified a cursed -1 chain mail
 37872 | Vaults:1 | Identified a +0 arbalest
 37880 | Vaults:1 | Identified a +0 great mace of holy wrath
 37880 | Vaults:1 | Identified a +0 plate armour
 37899 | Vaults:1 | Identified a +0 dire flail
 37899 | Vaults:1 | Identified a +0 ring mail
 37902 | Vaults:1 | Identified a +0 battleaxe
 37902 | Vaults:1 | Identified a +0 chain mail
 37902 | Vaults:1 | Identified a +0 great sword
 37902 | Vaults:1 | Identified a +0 chain mail
 37904 | Vaults:1 | Identified a +0 morningstar
 37904 | Vaults:1 | Identified a +0 scale mail
 37917 | Vaults:1 | Reached XP level 19. HP: 172/172 MP: 20/20
 38139 | Vaults:1 | Identified a +3 great sword of freezing
 38139 | Vaults:1 | Identified a +0 chain mail
 38175 | Vaults:1 | Identified a +0 great mace
 38175 | Vaults:1 | Identified a +0 ring mail
 38175 | Vaults:1 | Identified a +3 shortbow
 38189 | Vaults:1 | Identified a +0 scimitar
 38189 | Vaults:1 | Identified a +0 buckler
 38190 | Vaults:1 | Identified a +0 arbalest
 38197 | Vaults:1 | Reached skill level 8 in Evocations
 38253 | Vaults:1 | Identified a cursed -1 arbalest
 38255 | Vaults:1 | Identified a +0 war axe
 38255 | Vaults:1 | Identified a +0 plate armour
 38256 | Vaults:1 | Identified a +0 arbalest
 38672 | Vaults:1 | Identified a +0 hand axe
 38672 | Vaults:1 | Identified a +0 chain mail
 38672 | Vaults:1 | Identified a +0 mace
 38672 | Vaults:1 | Identified a +0 ring mail
 38684 | Vaults:1 | Identified +0 acid dragon scales
 38913 | Vaults:2 | Identified a +0 great mace
 38913 | Vaults:2 | Identified a +0 plate armour
 38921 | Vaults:2 | Identified a +0 hand axe
 38921 | Vaults:2 | Identified a +0 scale mail
 38921 | Vaults:2 | Identified a +0 dire flail
 38921 | Vaults:2 | Identified a +0 plate armour
 38921 | Vaults:2 | Identified a +0 hand axe
 38921 | Vaults:2 | Identified a +0 leather armour
 38922 | Vaults:2 | Identified a +0 morningstar
 39083 | Vaults:2 | Identified a +0 long sword
 39083 | Vaults:2 | Identified a +0 scale mail
 39089 | Vaults:2 | Identified +0 acid dragon scales
 39123 | Vaults:2 | Identified a +0 arbalest
 39125 | Vaults:2 | Identified a +0 long sword
 39125 | Vaults:2 | Identified a +0 arbalest
 39125 | Vaults:2 | Identified a +0 ring mail
 39154 | Vaults:2 | Identified a +0 great mace
 39154 | Vaults:2 | Identified a +0 plate armour
 39156 | Vaults:2 | Identified a +0 mace of holy wrath
 39156 | Vaults:2 | Identified a +0 chain mail
 39157 | Vaults:2 | Identified a +1 scimitar of electrocution
 39157 | Vaults:2 | Identified a +0 chain mail
 39159 | Vaults:2 | Identified a +0 club
 39159 | Vaults:2 | Identified a +0 chain mail
 39160 | Vaults:2 | Identified a +0 dagger
 39160 | Vaults:2 | Identified a +0 robe
 39163 | Vaults:2 | Identified a cursed +0 short sword
 39170 | Vaults:2 | Identified a +0 troll leather armour
 39207 | Vaults:2 | Identified a +0 flail
 39207 | Vaults:2 | Identified a cursed +0 ring mail
 39210 | Vaults:2 | Identified a +0 battleaxe
 39210 | Vaults:2 | Identified a +0 plate armour
 39210 | Vaults:2 | Identified a +0 dire flail
 39210 | Vaults:2 | Identified a +0 ring mail
 39211 | Vaults:2 | Identified a +0 arbalest
 39214 | Vaults:2 | Identified a +1 great sword of holy wrath
 39214 | Vaults:2 | Identified a +0 chain mail
 39214 | Vaults:2 | Identified a cursed -2 battleaxe
 39214 | Vaults:2 | Identified a +4 bardiche of flaming
 39214 | Vaults:2 | Identified a +0 chain mail
 39214 | Vaults:2 | Identified a +0 short sword
 39214 | Vaults:2 | Identified a +0 shortbow
 39214 | Vaults:2 | Identified a +0 leather armour
 39214 | Vaults:2 | Identified a +0 glaive
 39214 | Vaults:2 | Identified a +0 plate armour
 39215 | Vaults:2 | Identified a +2 great sword of holy wrath
 39215 | Vaults:2 | Identified a +0 plate armour
 39215 | Vaults:2 | Identified a +0 arbalest
 39278 | Vaults:2 | Identified a +4 great sword
 39278 | Vaults:2 | Identified a +0 chain mail
 39303 | Vaults:2 | Identified a +0 arbalest
 39304 | Vaults:2 | Identified a +0 arbalest
 39381 | Vaults:2 | Identified a cursed -3 long sword
 39381 | Vaults:2 | Identified a +0 ring mail
 39394 | Vaults:2 | Identified +0 ice dragon scales
 39398 | Vaults:2 | Identified a +0 morningstar of protection
 39398 | Vaults:2 | Identified a +0 leather armour
 39418 | Vaults:2 | Reached skill level 18 in Axes
 39594 | Vaults:2 | Identified a +0 whip
 39594 | Vaults:2 | Identified a +0 robe
 39766 | Vaults:2 | Found Omoll's Antique Weapon Shoppe.
 39798 | Vaults:2 | Identified +0 fire dragon scales
 39836 | Vaults:2 | Identified a +0 arbalest
 39870 | Vaults:2 | Found a staircase to the Crypt.
 39906 | Vaults:2 | Identified a +0 long sword
 39906 | Vaults:2 | Identified a +0 rapier
 39906 | Vaults:2 | Identified a +0 scale mail
 39906 | Vaults:2 | Identified a +0 broad axe
 39906 | Vaults:2 | Identified a +0 plate armour
 39906 | Vaults:2 | Identified a +0 dagger
 39906 | Vaults:2 | Identified a +0 longbow
 39906 | Vaults:2 | Identified a +2 leather armour of fire resistance
 39906 | Vaults:2 | Identified a +0 arbalest
 39918 | Vaults:2 | Identified a +0 dagger
 39918 | Vaults:2 | Identified a cursed +0 ring mail
 39939 | Vaults:2 | Identified a +1 vorpal great sword
 39939 | Vaults:2 | Identified a +0 chain mail
 40052 | Vaults:2 | Identified +0 acid dragon scales
 40055 | Vaults:2 | Identified a +2 dagger of venom
 40055 | Vaults:2 | Identified a +0 robe
 40414 | Vaults:3 | Identified a +0 giant spiked club
 40414 | Vaults:3 | Identified a +0 giant club
 40414 | Vaults:3 | Identified a +0 giant spiked club
 40414 | Vaults:3 | Identified a +0 giant club
 40415 | Vaults:3 | Identified a +0 giant club
 40415 | Vaults:3 | Identified a +0 giant club
 40419 | Vaults:3 | Identified a +0 robe
 40425 | Vaults:3 | Identified a +0 war axe
 40425 | Vaults:3 | Identified a +0 plate armour
 40430 | Vaults:3 | Identified a +0 giant club
 40437 | Vaults:3 | Identified a +0 arbalest
 40438 | Vaults:3 | Identified a +0 giant club
 40441 | Vaults:3 | Identified a +0 giant club
 40441 | Vaults:3 | Identified a +0 giant spiked club
 40442 | Vaults:3 | Reached skill level 9 in Evocations
 40445 | Vaults:3 | Identified a +2 arbalest of freezing
 40451 | Vaults:3 | Identified a +0 giant club
 40454 | Vaults:3 | Identified a +0 flail
 40454 | Vaults:3 | Identified a +0 robe
 40564 | Vaults:3 | Identified a +3 long sword
 40564 | Vaults:3 | Identified a +2 ring mail of cold resistance
 40564 | Vaults:3 | Identified a +2 buckler
 40582 | Vaults:3 | Reached skill level 14 in Shields
 40598 | Vaults:3 | Identified a +0 battleaxe of freezing
 40598 | Vaults:3 | Identified a +0 dagger
 40598 | Vaults:3 | Identified a +0 robe
 40667 | Vaults:3 | Identified a +1 great sword of flaming
 40710 | Vaults:3 | Reached skill level 20 in Invocations
 40712 | Vaults:3 | Identified a +0 flail
 40712 | Vaults:3 | Identified a +0 leather armour
 40800 | Vaults:3 | Identified a +0 dagger
 40800 | Vaults:3 | Identified a +0 robe
 40803 | Vaults:3 | Noticed a lich
 40819 | Vaults:3 | Killed a lich
 40846 | Vaults:3 | Identified a +0 giant club
 40846 | Vaults:3 | Identified a +0 giant spiked club
 40846 | Vaults:3 | Identified a +0 giant club
 40856 | Vaults:3 | Identified a +0 giant club
 40856 | Vaults:3 | Identified a +0 giant club
 40861 | Vaults:3 | Identified a +0 giant club
 40861 | Vaults:3 | Identified a +0 giant club
 40862 | Vaults:3 | Identified a +0 giant club
 40862 | Vaults:3 | Identified a +0 giant spiked club
 40864 | Vaults:3 | Identified a +0 halberd
 40864 | Vaults:3 | Identified a +0 robe
 40867 | Vaults:3 | Identified a +0 giant spiked club
 40867 | Vaults:3 | Identified a +0 giant spiked club
 40876 | Vaults:3 | Reached skill level 14 in Armour
 40880 | Vaults:3 | Reached skill level 12 in Fighting
 40950 | Vaults:3 | Identified a +0 falchion
 40950 | Vaults:3 | Identified a +0 scale mail
 40971 | Vaults:3 | Identified a +0 dire flail
 40971 | Vaults:3 | Identified a +0 scale mail
 40980 | Vaults:3 | Identified a cursed +0 long sword
 40980 | Vaults:3 | Identified a +0 rapier
 40980 | Vaults:3 | Identified a +0 giant spiked club
 40980 | Vaults:3 | Identified a +0 great mace
 40980 | Vaults:3 | Noticed an entropy weaver
 40998 | Vaults:3 | Killed an entropy weaver
 41110 | Vaults:3 | Identified a +0 battleaxe
 41110 | Vaults:3 | Identified a +0 chain mail
 41110 | Vaults:3 | Identified a +0 giant club
 41110 | Vaults:3 | Identified a +0 giant club
 41110 | Vaults:3 | Identified a +0 giant club
 41110 | Vaults:3 | Identified a +0 giant club
 41110 | Vaults:3 | Identified a +0 giant club
 41110 | Vaults:3 | Identified a +0 giant club
 41121 | Vaults:3 | Identified a +0 halberd
 41121 | Vaults:3 | Identified a +0 robe
 41124 | Vaults:3 | Identified a +0 morningstar
 41124 | Vaults:3 | Identified a +0 ring mail
 41307 | Vaults:3 | Identified a scroll of vulnerability
 41395 | Vaults:3 | Identified a +0 scimitar
 41395 | Vaults:3 | Identified a cursed +0 leather armour
 41395 | Vaults:3 | Identified a +2 buckler
 41395 | Vaults:3 | Identified a +0 short sword
 41395 | Vaults:3 | Identified a +0 shortbow
 41466 | Vaults:3 | Identified a +2 dire flail of protection
 41466 | Vaults:3 | Identified a +0 dire flail
 41478 | Vaults:3 | Reached skill level 10 in Evocations
 41497 | Vaults:3 | Identified a +0 great mace
 41497 | Vaults:3 | Identified a +0 ring mail
 41508 | Vaults:3 | Reached XP level 20. HP: 183/183 MP: 22/22
 41584 | Vaults:3 | Identified a +1 long sword of freezing
 41584 | Vaults:3 | Identified a +0 scale mail
 41778 | Vaults:4 | Identified a +0 troll leather armour
 41789 | Vaults:4 | Identified a +0 troll leather armour
 41789 | Vaults:4 | Identified a +0 morningstar
 41789 | Vaults:4 | Identified a +0 ring mail
 41791 | Vaults:4 | Identified a +0 troll leather armour
 41845 | Vaults:4 | Identified a +0 robe
 41845 | Vaults:4 | Identified a +0 giant spiked club
 41845 | Vaults:4 | Identified a +0 giant club
 41845 | Vaults:4 | Identified a +0 giant spiked club
 41845 | Vaults:4 | Identified a +0 giant club
 41845 | Vaults:4 | Identified a +0 giant club
 41845 | Vaults:4 | Identified a +0 giant spiked club
 41845 | Vaults:4 | Identified a +0 giant club
 41845 | Vaults:4 | Identified a +0 giant spiked club
 41845 | Vaults:4 | Identified a +0 giant spiked club
 41845 | Vaults:4 | Identified a +0 giant club
 41855 | Vaults:4 | Reached skill level 14 in Dodging
 41875 | Vaults:4 | Identified a +0 dagger
 41875 | Vaults:4 | Identified a +0 robe
 41880 | Vaults:4 | Identified a cursed -2 dire flail
 41880 | Vaults:4 | Identified a +0 ring mail
 41882 | Vaults:4 | Identified a +0 giant spiked club
 41882 | Vaults:4 | Identified a +0 dire flail
 41882 | Vaults:4 | Identified a +0 dire flail
 41882 | Vaults:4 | Identified a +0 giant club
 41886 | Vaults:4 | Identified a +0 morningstar
 41886 | Vaults:4 | Identified a cursed +0 scale mail
 41887 | Vaults:4 | Identified a +0 arbalest
 41946 | Vaults:4 | Identified a +0 war axe
 41946 | Vaults:4 | Identified a cursed +0 scale mail
 41955 | Vaults:4 | Identified a +0 spear
 41955 | Vaults:4 | Identified a +0 robe
 41957 | Vaults:4 | Identified a cursed -3 giant club
 41957 | Vaults:4 | Identified a +0 giant spiked club
 41960 | Vaults:4 | Identified a +0 dire flail
 41960 | Vaults:4 | Identified a +0 giant club
 41963 | Vaults:4 | Identified a +0 giant club
 41966 | Vaults:4 | Identified a +0 battleaxe of freezing
 41966 | Vaults:4 | Identified a +0 giant spiked club
 41968 | Vaults:4 | Identified a +0 bardiche
 41968 | Vaults:4 | Identified a +0 scale mail
 42051 | Vaults:4 | Identified a +0 morningstar
 42051 | Vaults:4 | Identified a +0 ring mail
 42053 | Vaults:4 | Identified a +0 battleaxe
 42053 | Vaults:4 | Identified a +0 chain mail
 42207 | Vaults:4 | Identified a +0 flail
 42207 | Vaults:4 | Identified a +0 leather armour
 42210 | Vaults:4 | Identified a +0 great mace
 42210 | Vaults:4 | Identified a +0 ring mail
 42211 | Vaults:4 | Identified a +0 great mace
 42211 | Vaults:4 | Identified a +0 ring mail
 42258 | Vaults:4 | Identified a +0 dagger
 42258 | Vaults:4 | Identified a +0 robe
 42279 | Vaults:4 | Identified a +0 troll leather armour
 42416 | Vaults:4 | Identified a ring of evasion (You found it on level 4 of
                  | the Vaults)
 42561 | Vaults:4 | Identified a +2 great sword of flaming
 42608 | Vaults:4 | Found Obboen's General Store.
 42612 | Vaults:4 | Identified a +0 glaive
 42612 | Vaults:4 | Identified a +0 chain mail
 42655 | Vaults:4 | Identified a +0 arbalest of freezing
 42667 | Vaults:4 | Reached skill level 11 in Evocations
 42670 | Vaults:4 | Bought a potion of heal wounds for 95 gold pieces
 42670 | Vaults:4 | Bought a +1 pair of gloves for 218 gold pieces
 42728 | Vaults:4 | Identified a +0 arbalest
 42854 | Vaults:4 | Identified a +0 shortbow
 42856 | Vaults:4 | Identified a cursed -1 arbalest
 42861 | Vaults:4 | Identified a +0 arbalest
 42871 | Vaults:4 | Identified a +0 dagger
 42871 | Vaults:4 | Identified a +0 robe
 42875 | Vaults:4 | Identified a +0 long sword
 42875 | Vaults:4 | Identified a +0 chain mail
 42877 | Vaults:4 | Identified a +0 halberd
 42877 | Vaults:4 | Identified a +0 plate armour
 42885 | Vaults:4 | Identified a +0 long sword
 42885 | Vaults:4 | Identified a +0 plate armour
 42885 | Vaults:4 | Identified a +0 falchion
 42885 | Vaults:4 | Identified a +0 leather armour
 42888 | Vaults:4 | Identified a +1 great sword
 42888 | Vaults:4 | Identified a +0 plate armour
 43026 | Vaults:4 | Identified a +2 glaive
 43026 | Vaults:4 | Identified a +0 chain mail
 43080 | Vaults:4 | Identified a cursed -1 dire flail
 43080 | Vaults:4 | Identified a +0 vorpal dire flail
 43165 | Vaults:4 | Identified a +0 flail
 43165 | Vaults:4 | Identified a +0 robe
 43219 | Vaults:4 | Identified a +0 dire flail
 43219 | Vaults:4 | Identified a +0 ring mail
 43219 | Vaults:4 | Identified a +0 shortbow
 43219 | Vaults:4 | Identified a +0 dagger
 43219 | Vaults:4 | Identified a +0 dagger
 43219 | Vaults:4 | Identified a +0 ring mail
 43268 | Vaults:4 | Identified a +0 great mace
 43268 | Vaults:4 | Identified a +0 ring mail
 43274 | Vaults:4 | Identified +0 ice dragon scales
 43845 | Elf:1    | Entered Level 1 of the Elven Halls
 43845 | Elf:1    | Identified a +0 long sword
 43845 | Elf:1    | Identified a +0 chain mail
 43845 | Elf:1    | Identified a +0 dagger
 43845 | Elf:1    | Identified a +0 long sword
 43845 | Elf:1    | Identified a +1 rapier of flaming
 43845 | Elf:1    | Identified a +0 ring mail
 43845 | Elf:1    | Identified a +2 vorpal scimitar
 43847 | Elf:1    | Identified a +0 short sword
 43921 | Elf:1    | Identified a +0 long sword
 43921 | Elf:1    | Identified a +0 long sword
 43921 | Elf:1    | Identified a +0 short sword
 43922 | Elf:1    | Identified a +1 mace of protection
 43971 | Elf:1    | Identified a +0 dire flail of protection
 44001 | Elf:1    | Identified a +0 short sword
 44001 | Elf:1    | Identified a +0 shortbow
 44001 | Elf:1    | Identified a +0 leather armour
 44001 | Elf:1    | Identified a +0 dagger
 44001 | Elf:1    | Identified a +0 leather armour
 44001 | Elf:1    | Identified a +0 long sword
 44001 | Elf:1    | Identified a +0 buckler
 44001 | Elf:1    | Identified a +0 scimitar
 44001 | Elf:1    | Identified a +0 buckler
 44085 | Elf:1    | Identified a +2 vampiric long sword
 44085 | Elf:1    | Identified a +0 short sword
 44085 | Elf:1    | Identified a -2 shortbow
 44085 | Elf:1    | Identified a +0 leather armour
 44085 | Elf:1    | Identified a +1 rapier of holy wrath
 44088 | Elf:1    | Identified a cursed -1 short sword
 44088 | Elf:1    | Identified a +0 scale mail
 44088 | Elf:1    | Identified a +0 dagger
 44088 | Elf:1    | Identified a +0 longbow
 44088 | Elf:1    | Identified a +0 leather armour
 44089 | Elf:1    | Identified a +0 long sword
 44089 | Elf:1    | Identified a +0 buckler
 44119 | Elf:1    | Reached skill level 15 in Shields
 44184 | Elf:1    | Identified a +0 rapier
 44184 | Elf:1    | Identified a +0 rapier
 44184 | Elf:1    | Identified a +0 leather armour
 44184 | Elf:1    | Identified a +0 short sword
 44196 | Elf:1    | Identified a +2 halberd of venom
 44200 | Elf:1    | Identified a +0 scimitar of electrocution
 44201 | Elf:1    | Identified a +0 dagger
 44201 | Elf:1    | Identified a +0 shortbow
 44201 | Elf:1    | Identified a +0 leather armour
 44202 | Elf:1    | Identified a +0 dagger
 44202 | Elf:1    | Identified a +0 ring mail
 44210 | Elf:1    | Identified a +0 scimitar
 44210 | Elf:1    | Identified a +0 buckler
 44212 | Elf:1    | Identified a +0 short sword
 44212 | Elf:1    | Identified a -2 shortbow
 44212 | Elf:1    | Identified a +0 leather armour
 44214 | Elf:1    | Identified a +0 short sword
 44214 | Elf:1    | Identified a +0 shortbow
 44214 | Elf:1    | Identified a +0 leather armour
 44220 | Elf:1    | Identified a +0 long sword of holy wrath
 44220 | Elf:1    | Identified a +0 ring mail
 44221 | Elf:1    | Identified a +0 dagger
 44221 | Elf:1    | Identified a +0 shortbow
 44221 | Elf:1    | Identified a +0 leather armour
 44223 | Elf:1    | Identified a +0 rapier
 44223 | Elf:1    | Identified a +0 leather armour
 44224 | Elf:1    | Identified a +0 long sword
 44235 | Elf:1    | Identified a +0 dagger
 44241 | Elf:1    | Identified a +0 short sword
 44241 | Elf:1    | Identified a +0 shortbow
 44241 | Elf:1    | Identified a +0 leather armour
 44243 | Elf:1    | Identified a +0 long sword
 44243 | Elf:1    | Identified a +0 buckler
 44243 | Elf:1    | Identified a +0 long sword
 44246 | Elf:1    | Identified a +0 short sword
 44246 | Elf:1    | Identified a +0 shortbow
 44246 | Elf:1    | Identified a +0 leather armour
 44257 | Elf:1    | Identified a +0 short sword
 44276 | Elf:1    | Identified a +0 short sword
 44295 | Elf:1    | Identified a +0 rapier
 44324 | Elf:1    | Identified a +2 glaive of venom
 44356 | Elf:1    | Identified a +0 short sword
 44356 | Elf:1    | Identified a +0 longbow
 44356 | Elf:1    | Identified a +0 leather armour
 44368 | Elf:1    | Identified a +0 long sword
 44370 | Elf:1    | Identified a +0 short sword
 44375 | Elf:1    | Identified a +0 long sword
 44375 | Elf:1    | Identified a +0 buckler
 44379 | Elf:1    | Identified a +1 long sword of pain
 44466 | Elf:1    | Identified a +0 long sword
 44466 | Elf:1    | Identified a +0 leather armour
 44543 | Elf:1    | Identified a +2 hand axe of venom
 44566 | Elf:1    | Identified a +0 long sword
 44567 | Elf:1    | Identified a +0 rapier
 44567 | Elf:1    | Identified a +0 long sword
 44567 | Elf:1    | Identified a +1 leather armour of cold resistance
 44567 | Elf:1    | Identified a +2 long sword of protection
 44567 | Elf:1    | Identified a +0 scale mail
 44575 | Elf:1    | Identified a +0 long sword
 44579 | Elf:1    | Identified a +0 long sword
 44579 | Elf:1    | Identified a +0 short sword
 44579 | Elf:1    | Identified a +0 short sword
 44579 | Elf:1    | Identified a +1 leather armour of fire resistance
 44584 | Elf:1    | Identified a +0 long sword
 44638 | Elf:1    | Found Doseniss's Jewellery Boutique.
 44677 | Elf:1    | Identified a +0 long sword
 44682 | Elf:1    | Identified a +2 long sword of freezing
 44682 | Elf:1    | Identified a +0 leather armour
 44706 | Elf:1    | Identified a +0 long sword
 44706 | Elf:1    | Identified a +0 ring mail
 44706 | Elf:1    | Identified a +0 short sword
 44712 | Elf:1    | Identified a +0 dagger
 44714 | Elf:1    | Reached skill level 15 in Armour
 44737 | Elf:1    | Identified a +0 long sword
 44737 | Elf:1    | Identified a +0 leather armour
 44742 | Elf:1    | Identified a +0 long sword
 44747 | Elf:1    | Identified a +0 dagger
 44747 | Elf:1    | Identified a +0 leather armour
 44749 | Elf:1    | Identified a +0 dagger
 44749 | Elf:1    | Identified a +0 shortbow
 44749 | Elf:1    | Identified a +0 leather armour
 44750 | Elf:1    | Identified a +0 dagger
 44750 | Elf:1    | Identified a +0 shortbow
 44750 | Elf:1    | Identified a +0 leather armour
 44784 | Elf:1    | Identified a +0 rapier
 44784 | Elf:1    | Identified a +0 ring mail
 44863 | Elf:1    | Identified a +0 short sword of protection
 44863 | Elf:1    | Identified a +0 chain mail
 44889 | Elf:1    | Identified a +0 vorpal quarterstaff
 44889 | Elf:1    | Identified a +2 robe
 44889 | Elf:1    | Noticed Jorgrun
 44908 | Elf:1    | Killed Jorgrun
 44908 | Elf:1    | Reached skill level 12 in Evocations
 44908 | Elf:1    | Reached XP level 21. HP: 183/193 MP: 23/23
 44944 | Elf:1    | Identified a +0 short sword
 44944 | Elf:1    | Identified a +0 scale mail
 45075 | Elf:1    | Identified a +1 long sword of electrocution
 45075 | Elf:1    | Noticed a deep elf sorcerer
 45082 | Elf:1    | Killed a deep elf sorcerer
 45102 | Elf:1    | Identified the Compendium of Supportive Blows and Bruises
 45290 | Elf:1    | Identified a +0 long sword
 45367 | Elf:1    | Identified the Volume of Transformation
 45388 | Elf:2    | Identified a +0 short sword
 45388 | Elf:2    | Identified a +3 shortbow
 45388 | Elf:2    | Identified a +0 leather armour
 45388 | Elf:2    | Identified a +0 short sword
 45388 | Elf:2    | Identified a +0 leather armour
 45388 | Elf:2    | Identified a +0 short sword
 45388 | Elf:2    | Identified a +0 long sword of freezing
 45388 | Elf:2    | Identified a +0 scimitar
 45388 | Elf:2    | Identified a +0 leather armour
 45388 | Elf:2    | Identified a +0 buckler
 45388 | Elf:2    | Identified a +0 short sword
 45388 | Elf:2    | Identified a +0 shortbow
 45388 | Elf:2    | Identified a +0 leather armour
 45388 | Elf:2    | Identified a +0 dagger
 45388 | Elf:2    | Identified a +0 longbow
 45388 | Elf:2    | Identified a +0 leather armour
 45388 | Elf:2    | Identified a +1 vampiric long sword
 45388 | Elf:2    | Identified a +0 leather armour
 45388 | Elf:2    | Identified a +0 dagger
 45394 | Elf:2    | Reached skill level 21 in Invocations
 45431 | Elf:2    | Identified a +0 rapier
 45431 | Elf:2    | Identified a +0 dagger
 45431 | Elf:2    | Identified a -3 longbow
 45431 | Elf:2    | Identified a +0 leather armour
 45431 | Elf:2    | Identified a +0 short sword
 45431 | Elf:2    | Identified a +0 chain mail
 45431 | Elf:2    | Identified a cursed +0 buckler
 45431 | Elf:2    | Identified a +0 rapier
 45431 | Elf:2    | Identified a +0 leather armour
 45431 | Elf:2    | Identified a +0 rapier
 45431 | Elf:2    | Identified a +0 short sword
 45431 | Elf:2    | Identified a +0 buckler
 45431 | Elf:2    | Identified a +4 scimitar of flaming
 45431 | Elf:2    | Noticed Azrael
 45431 | Elf:2    | Identified a +0 short sword
 45431 | Elf:2    | Identified a +0 longbow
 45431 | Elf:2    | Identified a cursed +0 leather armour
 45435 | Elf:2    | Identified a +0 rapier
 45438 | Elf:2    | Identified a +4 dagger
 45438 | Elf:2    | Identified a +0 shortbow
 45438 | Elf:2    | Identified a +0 leather armour
 45439 | Elf:2    | Identified a +1 scimitar of electrocution
 45440 | Elf:2    | Identified a +0 long sword
 45440 | Elf:2    | Identified a +2 shortbow of flaming
 45440 | Elf:2    | Identified a cursed +0 leather armour
 45444 | Elf:2    | Identified a +0 short sword
 45446 | Elf:2    | Identified a +0 short sword
 45446 | Elf:2    | Identified a cursed +0 leather armour
 45448 | Elf:2    | Identified a +3 long sword of protection
 45466 | Elf:1    | Reached skill level 13 in Fighting
 45505 | Elf:2    | Identified a +0 long sword
 45505 | Elf:2    | Identified a +0 dagger
 45505 | Elf:2    | Identified a +0 shortbow
 45505 | Elf:2    | Identified a +0 leather armour
 45505 | Elf:2    | Identified a +0 scimitar
 45505 | Elf:2    | Identified a +0 scale mail
 45505 | Elf:2    | Identified a +0 dagger
 45505 | Elf:2    | Identified a +0 chain mail
 45505 | Elf:2    | Identified a +0 dagger
 45505 | Elf:2    | Identified a +0 scimitar
 45505 | Elf:2    | Identified a +0 ring mail
 45505 | Elf:2    | Identified a +0 buckler
 45505 | Elf:2    | Identified a +0 long sword
 45505 | Elf:2    | Identified a +0 leather armour
 45505 | Elf:2    | Identified a +0 long sword
 45539 | Elf:2    | Found Gostal's General Store.
 45548 | Elf:2    | Found Nasuff's Assorted Antiques.
 45548 | Elf:2    | Identified a +0 scimitar
 45548 | Elf:2    | Identified a cursed +0 leather armour
 45557 | Elf:2    | Identified a +0 shortbow
 45557 | Elf:2    | Identified a +0 leather armour
 45561 | Elf:2    | Identified a +0 long sword
 45564 | Elf:2    | Identified a +1 dagger of speed
 45599 | Elf:2    | Identified a +1 vorpal war axe
 45604 | Elf:2    | Identified a +0 rapier
 45604 | Elf:2    | Identified a +0 leather armour
 45694 | Elf:2    | Identified a -3 dagger
 45694 | Elf:2    | Identified a +0 shortbow
 45694 | Elf:2    | Identified a +0 leather armour
 45695 | Elf:2    | Identified a +2 scimitar of holy wrath
 45702 | Elf:2    | Identified a +0 long sword
 45715 | Elf:2    | Identified a +2 vorpal long sword
 45720 | Elf:2    | Reached skill level 15 in Dodging
 45739 | Elf:2    | Killed Azrael
 45839 | Elf:2    | Found Latoguj's Antique Armour Boutique.
 45917 | Elf:2    | Identified a +0 long sword
 45917 | Elf:2    | Identified a +0 buckler
 45920 | Elf:2    | Identified a +0 long sword
 45920 | Elf:2    | Identified a +0 chain mail
 45920 | Elf:2    | Identified a +0 long sword of freezing
 45920 | Elf:2    | Identified a +0 leather armour
 45957 | Elf:2    | Identified a +0 long sword
 45957 | Elf:2    | Identified a cursed -3 short sword
 45968 | Elf:2    | Found a runed translucent gate.
 45969 | Elf:2    | Found a runed translucent gate.
 45969 | Elf:2    | Found a runed translucent gate.
 45969 | Elf:2    | Identified a +0 falchion
 45977 | Elf:2    | Identified a +0 trident
 46032 | Elf:2    | Identified a +0 rapier
 46032 | Elf:2    | Identified a +0 chain mail
 46148 | Elf:2    | Identified a +0 dagger
 46148 | Elf:2    | Identified a +0 shortbow
 46148 | Elf:2    | Identified a +0 leather armour
 46149 | Elf:2    | Identified a +0 vorpal war axe
 46149 | Elf:2    | Identified a +1 mace of draining
 46382 | Elf:2    | Identified a +0 short sword
 46387 | Elf:2    | Identified a +0 long sword
 46387 | Elf:2    | Identified a +0 ring mail
 46390 | Elf:2    | Identified a +0 dagger
 46397 | Elf:2    | Identified a +0 long sword
 46443 | Elf:2    | Identified a +0 short sword
 46443 | Elf:2    | Identified a +0 ring mail
 46443 | Elf:2    | Identified a +0 buckler
 46448 | Elf:2    | Identified a +1 vampiric scimitar
 46468 | Elf:2    | Identified a +0 short sword of venom
 46503 | Elf:2    | Identified a +4 war axe of flaming
 46503 | Elf:2    | Identified a +0 short sword
 46503 | Elf:2    | Identified a +0 long sword
 46503 | Elf:2    | Identified a +0 shortbow
 46503 | Elf:2    | Identified a +1 executioner's axe of flaming
 46549 | Elf:2    | Identified a +4 scimitar of holy wrath
 46549 | Elf:2    | Identified a +1 flail of protection
 46679 | Elf:2    | Identified a +1 long sword of holy wrath
 46691 | Elf:2    | Identified a +6 flail of protection
 46732 | Elf:2    | Identified a +0 long sword
 46772 | Elf:2    | Identified a +0 long sword
 46772 | Elf:2    | Identified a +0 leather armour
 46772 | Elf:2    | Identified a cursed +0 buckler
 46772 | Elf:2    | Identified a +1 flail of holy wrath
 46782 | Elf:2    | Identified a +4 vampiric war axe
 46789 | Elf:2    | Identified a +0 long sword
 46794 | Elf:2    | Identified a +4 flail of protection
 46798 | Elf:2    | Identified a +0 long sword
 46798 | Elf:2    | Identified a +0 shortbow
 46810 | Elf:2    | Identified a +0 scimitar
 46810 | Elf:2    | Identified a +0 buckler
 46876 | Elf:2    | Identified a +3 eveningstar of venom
 46876 | Elf:2    | Identified a +4 dire flail of protection
 46896 | Elf:2    | Identified a +4 halberd of protection
 46924 | Elf:2    | Identified a +3 battleaxe of flaming
 47077 | Elf:3    | Entered Level 3 of the Elven Halls
 47077 | Elf:3    | Identified a +0 scimitar of flaming
 47077 | Elf:3    | Identified a +0 shortbow
 47077 | Elf:3    | Identified a +0 leather armour
 47077 | Elf:3    | Identified a +0 short sword
 47077 | Elf:3    | Identified a +0 leather armour
 47084 | Elf:3    | Identified a +0 long sword
 47084 | Elf:3    | Identified a cursed +0 scale mail
 47182 | Elf:3    | Identified a +4 hand axe of distortion
 47220 | Elf:3    | Identified a +0 battleaxe
 47220 | Elf:3    | Identified a +0 war axe
 47220 | Elf:3    | Identified a +0 leather armour
 47220 | Elf:3    | Identified a +0 glaive
 47220 | Elf:3    | Identified a +0 plate armour
 47220 | Elf:3    | Identified a +0 war axe
 47220 | Elf:3    | Identified a +0 plate armour
 47220 | Elf:3    | Identified a +0 club
 47225 | Elf:3    | Identified a +0 battleaxe
 47225 | Elf:3    | Identified a +0 chain mail
 47234 | Elf:3    | Identified a cursed +0 long sword
 47234 | Elf:3    | Identified a +0 robe
 47282 | Elf:3    | Identified a +0 short sword
 47287 | Elf:3    | Identified a +0 long sword
 47287 | Elf:3    | Identified a +0 ring mail
 47294 | Elf:3    | Identified a +0 long sword
 47294 | Elf:3    | Identified a +0 leather armour
 47294 | Elf:3    | Identified a +0 long sword
 47295 | Elf:3    | Identified a +0 short sword
 47295 | Elf:3    | Identified a +0 longbow
 47295 | Elf:3    | Identified a +0 leather armour
 47296 | Elf:3    | Identified a +0 rapier
 47296 | Elf:3    | Noticed a deep elf sorcerer
 47298 | Elf:3    | Identified a +0 short sword
 47316 | Elf:3    | Killed a deep elf sorcerer
 47401 | Elf:3    | Identified a +0 rapier
 47401 | Elf:3    | Identified a +0 long sword
 47453 | Elf:3    | Identified a +0 rapier
 47453 | Elf:3    | Identified a +0 ring mail
 47484 | Elf:3    | Identified a +0 long sword
 47747 | Elf:3    | Identified a +0 short sword
 47747 | Elf:3    | Identified a +0 shortbow
 47747 | Elf:3    | Identified a +0 leather armour
 47747 | Elf:3    | Identified a +0 short sword
 47747 | Elf:3    | Identified a +0 buckler
 47748 | Elf:3    | Identified a cursed -3 dagger
 47752 | Elf:3    | Identified a +0 short sword
 47752 | Elf:3    | Identified a +0 long sword
 47752 | Elf:3    | Identified a +0 ring mail
 47754 | Elf:3    | Identified a +0 rapier
 47754 | Elf:3    | Identified a +0 ring mail
 47759 | Elf:3    | Identified a +0 rapier
 47759 | Elf:3    | Identified a +0 ring mail
 47760 | Elf:3    | Reached skill level 13 in Evocations
 47763 | Elf:3    | Identified a +0 long sword
 47763 | Elf:3    | Noticed a deep elf sorcerer
 47763 | Elf:3    | Identified a +0 long sword
 47763 | Elf:3    | Identified a +0 leather armour
 47764 | Elf:3    | Identified a +0 rapier
 47764 | Elf:3    | Noticed a deep elf demonologist
 47764 | Elf:3    | Identified a +1 long sword of draining
 47764 | Elf:3    | Identified a +0 leather armour
 47765 | Elf:3    | Identified a +0 short sword
 47765 | Elf:3    | Noticed a deep elf sorcerer
 47767 | Elf:3    | Identified a +2 demon whip of electrocution
 47768 | Elf:3    | Identified a +0 dagger
 47774 | Elf:3    | Identified a +0 rapier
 47774 | Elf:3    | Identified a +0 leather armour
 47774 | Elf:3    | Noticed a deep elf sorcerer
 47774 | Elf:3    | Identified a +1 vorpal halberd
 47774 | Elf:3    | Identified a +0 short sword
 47774 | Elf:3    | Identified a +0 shortbow
 47775 | Elf:3    | Identified a +0 long sword
 47775 | Elf:3    | Identified a +0 leather armour
 47776 | Elf:3    | Identified a +0 rapier
 47776 | Elf:3    | Identified a +0 rapier
 47776 | Elf:3    | Identified a +0 leather armour
 47776 | Elf:3    | Killed a deep elf sorcerer
 47777 | Elf:3    | Identified a +0 short sword
 47777 | Elf:3    | Identified a +0 leather armour
 47777 | Elf:3    | Identified a cursed +0 buckler
 47778 | Elf:3    | Killed a deep elf sorcerer
 47779 | Elf:3    | Identified a +0 longbow
 47779 | Elf:3    | Identified a +0 leather armour
 47779 | Elf:3    | Identified a +0 dagger
 47779 | Elf:3    | Identified a cursed +0 ring mail
 47779 | Elf:3    | Noticed a deep elf sorcerer
 47779 | Elf:3    | Identified a +0 rapier
 47779 | Elf:3    | Identified a +0 chain mail
 47779 | Elf:3    | Noticed a deep elf sorcerer
 47779 | Elf:3    | Identified a +0 rapier
 47779 | Elf:3    | Identified a +0 rapier
 47779 | Elf:3    | Identified a +0 leather armour
 47782 | Elf:3    | Identified a +0 long sword
 47782 | Elf:3    | Identified a +0 chain mail
 47782 | Elf:3    | Noticed a deep elf sorcerer
 47789 | Elf:3    | Identified a +0 dagger
 47789 | Elf:3    | Noticed a deep elf demonologist
 47789 | Elf:3    | Identified a +0 rapier
 47789 | Elf:3    | Identified a +0 ring mail
 47791 | Elf:3    | Identified a +1 vorpal longbow
 47791 | Elf:3    | Identified a +0 leather armour
 47791 | Elf:3    | Identified a +0 long sword
 47791 | Elf:3    | Noticed a deep elf sorcerer
 47791 | Elf:3    | Identified a +0 long sword
 47791 | Elf:3    | Identified a +0 dagger
 47791 | Elf:3    | Identified a +0 leather armour
 47791 | Elf:3    | Noticed a deep elf sorcerer
 47791 | Elf:3    | Identified a +0 long sword
 47791 | Elf:3    | Identified a +0 leather armour
 47791 | Elf:3    | Identified a +0 buckler
 47791 | Elf:3    | Identified a +0 long sword
 47792 | Elf:3    | Identified a +0 short sword
 47792 | Elf:3    | Identified a +0 long sword
 47792 | Elf:3    | Identified a +0 leather armour
 47792 | Elf:3    | Noticed a deep elf sorcerer
 47792 | Elf:3    | Identified a +0 long sword
 47792 | Elf:3    | Identified a +0 long sword
 47792 | Elf:3    | Identified a +0 longbow
 47792 | Elf:3    | Identified a +0 long sword
 47798 | Elf:3    | Identified a cursed -3 trident
 47798 | Elf:3    | Killed a deep elf sorcerer
 47799 | Elf:3    | Identified a +0 long sword
 47799 | Elf:3    | Identified a +0 ring mail
 47799 | Elf:3    | Noticed a deep elf sorcerer
 47801 | Elf:3    | Identified a cursed -2 short sword
 47801 | Elf:3    | Identified a +3 leather armour
 47801 | Elf:3    | Identified a +0 buckler
 47803 | Elf:3    | Identified a +0 long sword
 47807 | Elf:3    | Noticed a Tzitzimitl
 47808 | Elf:3    | Killed a deep elf sorcerer
 47809 | Elf:3    | Identified a +2 demon whip of freezing
 47809 | Elf:3    | Killed a deep elf sorcerer
 47809 | Elf:3    | Killed a deep elf sorcerer
 47811 | Elf:3    | Killed a deep elf sorcerer
 47814 | Elf:3    | Identified a +0 vampiric demon whip
 47814 | Elf:3    | Killed a deep elf sorcerer
 47816 | Elf:3    | Killed a deep elf sorcerer
 47818 | Elf:3    | Identified a +0 trident
 47821 | Elf:3    | Killed a deep elf sorcerer
 47822 | Elf:3    | Killed a deep elf demonologist
 47829 | Elf:3    | Identified a +1 bardiche of venom
 47829 | Elf:3    | Identified the amulet "Rojeibuj" {Faith rPois rF+ Dex-2
                  | SInv}
 47831 | Elf:3    | Killed a deep elf demonologist
 47852 | Elf:3    | Identified a +1 morningstar of draining
 47852 | Elf:3    | Identified a +0 leather armour
 47852 | Elf:3    | Noticed a deep elf demonologist
 47855 | Elf:3    | Reached skill level 16 in Shields
 47864 | Elf:3    | Killed a deep elf demonologist
 47884 | Elf:3    | Identified a ring of protection from fire (You took it off
                  | a deep elf mage on level 3 of the Elven Halls)
 47989 | Elf:3    | Identified a +0 pair of boots of running (You found it on
                  | level 3 of the Elven Halls)
 48048 | Elf:3    | Identified the +6 plate armour "Pushrug" {rF+ rC+ Stlth+}
                  | (You found it on level 3 of the Elven Halls)
 48084 | Elf:3    | Identified the ring "Miomegyr" {rF+ MP+9 Str+3} (You found
                  | it on level 3 of the Elven Halls)
 48084 | Elf:3    | Identified a +1 war axe of freezing
 48084 | Elf:3    | Identified the ring of Zith {+Fly rF+ rN+ Str+4}
 48095 | Elf:3    | Identified a ring of attention (You found it on level 3 of
                  | the Elven Halls)
 48103 | Elf:3    | Identified the cursed +0 fustibalus "Woneiqutt" {freeze,
                  | Str+2 Dex+4} (You found it on level 3 of the Elven Halls)
 48106 | Elf:3    | Identified a potion of lignification
 48181 | Elf:3    | Identified a +0 cloak of poison resistance (You found it on
                  | level 3 of the Elven Halls)
 48198 | Elf:3    | Identified a +1 cloak of stealth (You found it on level 3
                  | of the Elven Halls)
 48212 | Elf:3    | Identified +2 ice dragon scales (You found it on level 3 of
                  | the Elven Halls)
 48766 | Depths:1 | Entered Level 1 of the Depths
 48786 | Depths:1 | Identified a +0 dagger
 48786 | Depths:1 | Identified a +0 robe
 48859 | Depths:1 | Identified a +2 great sword
 48859 | Depths:1 | Identified a +0 leather armour
 48907 | Depths:1 | Identified a +0 arbalest
 48910 | Depths:1 | Identified a +0 arbalest
 48910 | Depths:1 | Identified a +0 arbalest
 48987 | Depths:1 | Reached XP level 22. HP: 205/205 MP: 24/24
 49033 | Depths:1 | Identified a +0 shortbow
 49074 | Depths:1 | Identified +0 fire dragon scales
 49160 | Depths:1 | Identified a +1 battleaxe of freezing
 49201 | Depths:1 | Identified a +0 shortbow
 49201 | Depths:1 | Identified a +0 war axe
 49201 | Depths:1 | Identified a +0 ring mail of cold resistance
 49201 | Depths:1 | Identified a +0 buckler
 49223 | Depths:1 | Identified a +0 dagger
 49223 | Depths:1 | Identified a +0 robe
 49283 | Depths:1 | Identified a +0 robe
 49289 | Depths:1 | Reached skill level 16 in Armour
 49296 | Depths:1 | Noticed a golden dragon
 49318 | Depths:1 | Killed a golden dragon
 49328 | Depths:1 | Identified a +0 shortbow
 49359 | Depths:1 | Identified a +1 battleaxe of freezing
 49363 | Depths:1 | Identified +0 ice dragon scales
 49536 | Depths:1 | Identified a +0 great mace
 49536 | Depths:1 | Identified a +0 dire flail
 49576 | Depths:1 | Identified a +1 pair of gloves (You found it on level 1 of
                  | the Depths)
 49752 | Depths:1 | Identified a +0 arbalest
 49794 | Depths:1 | Identified a +1 battleaxe of freezing
 49809 | Depths:1 | Reached skill level 14 in Evocations
 49821 | Depths:1 | Identified an amulet of the acrobat (You found it on level
                  | 1 of the Depths)
 49916 | Depths:1 | Identified a +0 dagger
 49916 | Depths:1 | Identified a cursed +0 robe
 49916 | Depths:1 | Identified a +0 battleaxe
 49916 | Depths:1 | Identified a +0 chain mail
 49921 | Depths:1 | Identified a +2 dire flail
 49921 | Depths:1 | Identified a +0 ring mail
 49922 | Depths:1 | Identified a +3 halberd
 49922 | Depths:1 | Identified a +2 ring mail of fire resistance
 50133 | Depths:1 | Found a one-way gate leading to the halls of Pandemonium.
 50134 | Depths:1 | Identified a +0 scythe of protection
 50152 | Depths:1 | Reached skill level 16 in Dodging
 50238 | Depths:1 | Found a gateway to Hell.
 50306 | Depths:2 | Identified a +0 arbalest
 50306 | Depths:2 | Identified a +0 arbalest
 50310 | Depths:2 | Identified a +0 arbalest
 50312 | Depths:2 | Identified a +0 arbalest
 50314 | Depths:2 | Identified a +0 arbalest
 50346 | Depths:2 | Noticed a lich
 50351 | Depths:2 | Identified a +0 giant spiked club
 50351 | Depths:2 | Identified a +0 giant club
 50356 | Depths:2 | Reached skill level 14 in Fighting
 50356 | Depths:2 | Reached skill level 22 in Invocations
 50356 | Depths:2 | Identified a +0 giant club
 50356 | Depths:2 | Identified a +0 giant spiked club
 50360 | Depths:2 | Identified a +0 long sword
 50360 | Depths:2 | Identified a +0 robe
 50362 | Depths:2 | Identified a +0 giant spiked club
 50365 | Depths:2 | Identified a +0 robe
 50367 | Depths:2 | Killed a lich
 50372 | Depths:2 | Identified a cursed -1 giant club
 50372 | Depths:2 | Identified a +0 giant club
 50378 | Depths:2 | Identified a +0 giant spiked club
 50378 | Depths:2 | Identified a +0 giant club
 50378 | Depths:2 | Identified a +0 giant club
 50388 | Depths:2 | Identified a +0 giant club
 50393 | Depths:2 | Identified a +0 giant spiked club
 50474 | Depths:2 | Identified a +0 trident
 50474 | Depths:2 | Identified a cursed +0 robe
 50519 | Depths:2 | Identified a +0 arbalest
 50537 | Depths:2 | Identified +0 ice dragon scales
 50544 | Depths:2 | Identified a +0 dire flail
 50544 | Depths:2 | Identified a +0 dire flail
 50545 | Depths:2 | Identified a +0 halberd
 50545 | Depths:2 | Identified a +0 longbow
 50545 | Depths:2 | Identified a +0 leather armour
 50548 | Depths:2 | Identified a +4 great sword of flaming
 50568 | Depths:2 | Identified +0 fire dragon scales
 50605 | Depths:2 | Noticed a golden dragon
 50611 | Depths:2 | Identified a +0 great mace
 50611 | Depths:2 | Identified a +0 great mace
 50615 | Depths:2 | Killed a golden dragon
 50646 | Depths:2 | Identified a +2 great sword of flaming
 50646 | Depths:2 | Identified a +0 ring mail
 50703 | Depths:2 | Identified a +0 robe
 50709 | Depths:2 | Identified a +0 arbalest
 50711 | Depths:2 | Identified a +1 dire flail
 50711 | Depths:2 | Identified a +0 robe
 50753 | Depths:2 | Identified a +0 robe
 50754 | Depths:2 | Identified a +0 arbalest
 50771 | Depths:2 | Identified a +0 giant club
 50771 | Depths:2 | Identified a +0 giant club
 50865 | Depths:2 | Identified a +0 mace
 50865 | Depths:2 | Identified a +0 robe
 50875 | Depths:2 | Identified a +0 dire flail
 50875 | Depths:2 | Identified a +0 dire flail
 50878 | Depths:2 | Identified a +0 spear
 50880 | Depths:2 | Identified a +0 quarterstaff
 50880 | Depths:2 | Identified a +0 animal skin
 50892 | Depths:2 | Reached skill level 15 in Evocations
 50894 | Depths:2 | Identified a +0 spear
 50900 | Depths:2 | Identified a +0 hand axe
 50900 | Depths:2 | Identified a +0 animal skin
 50917 | Depths:2 | Identified a cursed -3 hand axe
 50917 | Depths:2 | Identified a +0 robe
 51022 | Depths:2 | Identified a +0 dagger
 51022 | Depths:2 | Identified a +0 robe
 51023 | Depths:2 | Identified a +3 vorpal halberd
 51023 | Depths:2 | Identified a cursed +0 plate armour
 51023 | Depths:2 | Identified a +1 halberd of flaming
 51023 | Depths:2 | Identified a cursed +0 chain mail
 51023 | Depths:2 | Identified a +0 war axe of flaming
 51023 | Depths:2 | Identified a +0 plate armour
 51025 | Depths:2 | Identified a +0 flail
 51025 | Depths:2 | Identified a +1 robe of cold resistance
 51043 | Depths:2 | Identified a +1 demon trident of flaming
 51043 | Depths:2 | Identified a +0 plate armour
 51111 | Depths:2 | Found a gateway to a bazaar.
 51145 | Depths:2 | Identified a +0 arbalest
 51145 | Depths:2 | Identified a +0 arbalest
 51151 | Depths:2 | Identified a +0 arbalest
 51182 | Depths:2 | Identified a +2 trident of flaming
 51182 | Depths:2 | Identified a cursed +0 robe
 51189 | Depths:2 | Identified a +0 giant club
 51190 | Depths:2 | Identified a +0 giant spiked club
 51190 | Depths:2 | Identified a +0 giant club
 51190 | Depths:2 | Identified a +0 giant spiked club
 51192 | Depths:2 | Identified a +0 giant club
 51192 | Depths:2 | Identified a +0 giant club
 51192 | Depths:2 | Identified a cursed -1 giant club
 51192 | Depths:2 | Identified a cursed -3 giant club
 51195 | Depths:2 | Identified a +0 dire flail
 51195 | Depths:2 | Identified a +0 dire flail
 51320 | Depths:2 | Reached XP level 23. HP: 214/214 MP: 26/26
 51348 | Depths:2 | Identified an amulet of inaccuracy (You found it on level 2
                  | of the Depths)
 51447 | Depths:2 | Identified a +0 arbalest
 51900 | Bazaar   | Entered a bazaar
 51904 | Bazaar   | Found Zaad's Weapon Boutique.
 51923 | Bazaar   | Found Kasa's Antique Weapon Emporium.
 51940 | Bazaar   | Found Veeth's Antique Weapon Boutique.
 51958 | Bazaar   | Found Cacipitz's Antique Armour Shoppe.
 51980 | Bazaar   | Bought a pair of embroidered boots for 127 gold pieces
 51980 | Bazaar   | Identified a +2 pair of boots (You bought it in a shop in a
                  | bazaar)
 52029 | Depths:3 | Identified a +0 halberd
 52029 | Depths:3 | Identified a +0 leather armour
 52033 | Depths:3 | Identified a +1 great sword of flaming
 52036 | Depths:3 | Identified a +0 dire flail
 52036 | Depths:3 | Identified a +0 dire flail
 52051 | Depths:3 | Identified a +0 whip
 52051 | Depths:3 | Identified a +0 robe
 52051 | Depths:3 | Identified a +0 giant spiked club
 52051 | Depths:3 | Identified a +0 giant spiked club
 52051 | Depths:3 | Identified a +0 giant club
 52051 | Depths:3 | Identified a +0 giant club
 52051 | Depths:3 | Identified a +0 giant club
 52052 | Depths:3 | Identified a +0 giant club
 52052 | Depths:3 | Identified a +0 giant club
 52071 | Depths:3 | Identified a +0 dire flail
 52071 | Depths:3 | Identified a +0 giant club
 52071 | Depths:3 | Identified a +0 giant club
 52074 | Depths:3 | Identified a +0 troll leather armour
 52074 | Depths:3 | Reached skill level 17 in Armour
 52077 | Depths:3 | Identified a +2 long sword
 52077 | Depths:3 | Identified a +0 robe
 52092 | Depths:2 | Identified +0 ice dragon scales
 52104 | Depths:3 | Found a one-way gate to the infinite horrors of the Abyss.
 52115 | Depths:3 | Identified a cursed +0 robe
 52158 | Depths:3 | Identified a +0 troll leather armour
 52176 | Depths:3 | Voluntarily entered the Abyss.
 52469 | Depths:3 | Escaped the Abyss
 52496 | Depths:3 | Identified a +0 demon whip of freezing
 52496 | Depths:3 | Identified a cursed +0 robe
 52496 | Depths:3 | Noticed Mara
 52502 | Depths:3 | Noticed lepoulpe303's illusion
 52558 | Depths:3 | Killed Mara
 52647 | Depths:3 | Identified a +0 battleaxe of freezing
 52660 | Depths:3 | Reached skill level 17 in Dodging
 52668 | Depths:3 | Identified a cursed +0 arbalest
 52678 | Depths:3 | Identified a +0 arbalest
 52682 | Depths:3 | Identified a +0 arbalest
 52703 | Depths:3 | Identified a +2 battleaxe of freezing
 52703 | Depths:3 | Identified a +0 long sword
 52703 | Depths:3 | Identified a +0 ring mail
 52703 | Depths:3 | Identified a +1 buckler of positive energy
 52785 | Depths:3 | Identified a +0 arbalest
 52785 | Depths:3 | Identified a +0 arbalest
 52787 | Depths:3 | Identified a +0 arbalest
 52799 | Depths:3 | Identified a +0 great sword of flaming
 52803 | Depths:3 | Identified a +0 arbalest
 52810 | Depths:3 | Identified a +0 arbalest
 52812 | Depths:3 | Identified a +0 arbalest
 52812 | Depths:3 | Identified a +0 arbalest
 52813 | Depths:3 | Identified a +0 arbalest
 52821 | Depths:3 | Identified a cursed -3 dire flail
 52821 | Depths:3 | Identified a +0 dire flail
 52900 | Depths:3 | Found a magical portal.
 52905 | WizLab   | Entered Lehudib's Moon Base
 52995 | WizLab   | Found a transporter.
 52998 | WizLab   | Found the -2 hat of the Alchemist {rElec rPois rF+ rC+ rN+
                  | MR+ rMut rCorr}
 53057 | WizLab   | Reached skill level 16 in Evocations
 53508 | WizLab   | Identified a +2 cloak of stealth (You found it in a
                  | wizard's laboratory)
 53540 | WizLab   | Gained mutation: You tend to lose your temper in combat. [a
                  | neqoxec]
 53542 | WizLab   | Gained mutation: You are occasionally teleported next to
                  | monsters. [a neqoxec]
 53544 | WizLab   | Gained mutation: Your body sometimes deteriorates upon
                  | taking damage. [a neqoxec]
 53625 | WizLab   | Reached skill level 23 in Invocations
 53632 | WizLab   | Reached skill level 15 in Fighting
 53775 | WizLab   | Gained mutation: Your magical capacity is low. (-10% MP) [a
                  | neqoxec]
 53868 | WizLab   | Found a transporter.
 54310 | WizLab   | Lost mutation: You tend to lose your temper in combat.
                  | [potion of mutation]
 54310 | WizLab   | Lost mutation: Your magical capacity is low. (-10% MP)
                  | [potion of mutation]
 54310 | WizLab   | Gained mutation: Your muscles are strong. (Str +2) [potion
                  | of mutation]
 54310 | WizLab   | Gained mutation: You are agile. (Dex +2) [potion of
                  | mutation]
 54311 | WizLab   | Lost mutation: Your body sometimes deteriorates upon taking
                  | damage. [potion of mutation]
 54311 | WizLab   | Lost mutation: You are agile. (Dex +2) [potion of mutation]
 54311 | WizLab   | Lost mutation: Your muscles are strong. (Str +2) [potion of
                  | mutation]
 54311 | WizLab   | Gained mutation: Your magical capacity is low. (-10% MP)
                  | [potion of mutation]
 54311 | WizLab   | Gained mutation: You are partially covered in iridescent
                  | scales. (AC +2) [potion of mutation]
 54322 | WizLab   | Identified Lehudib's Disquisition on the Mountains and
                  | Displacement
 54353 | WizLab   | Got a warped granite ring
 54355 | WizLab   | Identified the amulet "Narism" {Faith *Drain rPois rC+
                  | Str+4} (You found it in a wizard's laboratory)
 54550 | Depths:3 | Identified a +0 long sword
 54556 | Depths:3 | Identified the +3 spear "Widowermaker" {freeze, rC+ MP+9}
 54556 | Depths:3 | Noticed a deep elf demonologist
 54561 | Depths:3 | Identified a +0 arbalest
 54567 | Depths:3 | Identified a +0 arbalest
 54567 | Depths:3 | Identified a +0 club
 54567 | Depths:3 | Identified a +0 arbalest
 54567 | Depths:3 | Identified a +1 battleaxe of freezing
 54571 | Depths:3 | Identified a +0 troll leather armour
 54577 | Depths:3 | Identified a +0 troll leather armour
 54588 | Depths:3 | Reached skill level 13 in Slings
 54646 | Depths:3 | Identified +0 shadow dragon scales
 54672 | Depths:3 | Identified a +0 troll leather armour
 54676 | Depths:3 | Killed a deep elf demonologist
 54687 | Depths:3 | Identified a +0 troll leather armour
 54701 | Depths:3 | Identified +0 fire dragon scales
 54713 | Depths:3 | Reached XP level 24. HP: 226/226 MP: 22/22
 54721 | Depths:3 | Identified the ring of Nionesida {rElec rC+ Slay+4 Stlth-}
                  | (You found it in a wizard's laboratory)
 54842 | Depths:3 | Identified a +0 troll leather armour
 54889 | Depths:3 | Identified a +0 buckler
 54965 | Depths:3 | Identified a +0 war axe
 54965 | Depths:3 | Identified a +0 ring mail
 54965 | Depths:3 | Identified a +0 buckler of poison resistance
 55132 | Depths:3 | Identified a +0 arbalest
 55595 | Depths:3 | Identified the +3 plate armour of Indomitability {rF- rN++}
                  | (You found it on level 3 of the Depths)
 55698 | Depths:4 | Identified a +0 scimitar
 55698 | Depths:4 | Identified a +0 robe
 55698 | Depths:4 | Identified a +2 battleaxe of freezing
 55701 | Depths:4 | Identified a +2 vorpal long sword
 55701 | Depths:4 | Identified a +3 ring mail
 55701 | Depths:4 | Identified a +0 buckler
 55729 | Depths:4 | Identified a +0 dagger
 55729 | Depths:4 | Identified a +0 cloak
 55765 | Depths:4 | Identified a +0 short sword
 55775 | Depths:4 | Identified a +1 great sword of flaming
 55775 | Depths:4 | Identified a +3 war axe
 55775 | Depths:4 | Identified a +0 chain mail
 55882 | Depths:4 | Identified a +0 mace
 55882 | Depths:4 | Identified a +0 robe
 55887 | Depths:4 | Identified a +5 great sword
 55887 | Depths:4 | Identified a +0 plate armour
 55892 | Depths:4 | Identified a +0 battleaxe of freezing
 55908 | Depths:4 | Lost mutation: Your magical capacity is low. (-10% MP)
                  | [potion of mutation]
 55908 | Depths:4 | Gained mutation: You are resistant to hostile enchantments.
                  | (MR+) [potion of mutation]
 55931 | Depths:4 | Identified a +2 great sword of flaming
 55940 | Depths:4 | Identified a +1 battleaxe
 55940 | Depths:4 | Identified a +0 scale mail
 55963 | Depths:4 | Identified a +0 great mace of flaming
 55963 | Depths:4 | Identified a +2 great mace of freezing
 55967 | Depths:4 | Identified a +1 battleaxe of freezing
 55990 | Depths:4 | Identified a +0 robe
 55991 | Depths:4 | Identified a +2 battleaxe of freezing
 55991 | Depths:4 | Identified a +2 ring mail of cold resistance
 56019 | Depths:4 | Reached skill level 18 in Armour
 56085 | Depths:4 | Reached skill level 17 in Evocations
 56087 | Depths:4 | Identified a +1 great mace of freezing
 56120 | Depths:4 | Identified a +2 great mace of flaming
 56120 | Depths:4 | Identified a +0 great mace of freezing
 56130 | Depths:4 | Identified a +0 great mace of flaming
 56130 | Depths:4 | Identified a +0 great mace of freezing
 56148 | Depths:4 | Identified an amulet of reflection (You found it on level 4
                  | of the Depths)
 56194 | Depths:4 | Identified a cursed +0 dagger
 56194 | Depths:4 | Identified a +0 leather armour
 56239 | Depths:4 | Identified a +0 great mace of protection
 56239 | Depths:4 | Identified a cursed +0 ring mail
 56239 | Depths:4 | Identified a +0 glaive of freezing
 56259 | Depths:4 | Identified a +1 glaive
 56259 | Depths:4 | Identified a +0 chain mail
 56313 | Depths:4 | Identified a +0 long sword
 56313 | Depths:4 | Identified a +1 battleaxe of freezing
 56340 | Depths:4 | Identified a +0 longbow of freezing
 56340 | Depths:4 | Identified +0 fire dragon scales
 56347 | Depths:4 | Identified a +1 great sword of flaming
 56351 | Depths:4 | Identified a +2 battleaxe of freezing
 56370 | Depths:4 | Identified a +0 troll leather armour
 56425 | Depths:4 | Identified a +0 trident of freezing
 56425 | Depths:4 | Identified a +0 scale mail
 56552 | Depths:4 | Found a gateway to a ziggurat.
 56583 | Depths:4 | Identified a +0 flail
 56583 | Depths:4 | Identified a +0 flail
 56591 | Depths:4 | Identified a +0 robe
 56629 | Depths:4 | Identified a +0 war axe of electrocution
 56629 | Depths:4 | Identified a +0 ring mail
 56629 | Depths:4 | Identified a +0 buckler
 56632 | Depths:4 | Reached skill level 18 in Dodging
 56695 | Depths:4 | Identified a +0 troll leather armour
 56715 | Depths:4 | Identified a +4 battleaxe of freezing
 56715 | Depths:4 | Identified a +0 morningstar
 56906 | Depths:5 | Entered Level 5 of the Depths
 56907 | Depths:5 | Identified a cursed +0 arbalest
 56908 | Depths:5 | Identified a +0 robe
 56910 | Depths:5 | Identified a +0 arbalest
 56910 | Depths:5 | Identified a cursed -2 arbalest
 56950 | Depths:5 | Identified a +0 robe of magic resistance
 56950 | Depths:5 | Noticed Boris
 56961 | Depths:5 | Killed Boris
 57014 | Depths:5 | Identified an amulet of faith (You found it on level 5 of
                  | the Depths)
 57038 | Depths:5 | Identified a +3 flail of protection
 57038 | Depths:5 | Identified a +0 robe
 57038 | Depths:5 | Identified a +0 buckler
 57038 | Depths:5 | Identified a +0 spear
 57039 | Depths:5 | Identified a +0 rapier of draining
 57039 | Depths:5 | Identified a +1 buckler of positive energy
 57039 | Depths:5 | Noticed the Enchantress
 57039 | Depths:5 | Identified a +0 robe
 57040 | Depths:5 | Identified a +0 short sword
 57040 | Depths:5 | Identified a +0 robe
 57046 | Depths:5 | Identified a +6 quick blade
 57046 | Depths:5 | Identified a +0 robe
 57046 | Depths:5 | Identified a +1 buckler of protection
 57047 | Depths:5 | Identified a +2 lajatang of electrocution
 57047 | Depths:5 | Identified a +0 robe of resistance
 57047 | Depths:5 | Identified a +0 rapier
 57047 | Depths:5 | Identified a +0 robe
 57047 | Depths:5 | Identified a +0 buckler
 57074 | Depths:5 | Killed the Enchantress
 57090 | Depths:5 | Identified a +0 robe
 57094 | Depths:5 | Reached skill level 14 in Slings
 57096 | Depths:5 | Identified a +0 broad axe
 57096 | Depths:5 | Identified a +0 ring mail
 57096 | Depths:5 | Identified a +0 buckler
 57106 | Depths:5 | Identified a +0 dire flail
 57106 | Depths:5 | Identified a +0 ring mail
 57167 | Depths:5 | Identified +0 fire dragon scales
 57199 | Depths:5 | Identified +0 ice dragon scales
 57236 | Depths:5 | Identified a +0 battleaxe
 57242 | Depths:5 | Identified a +0 dire flail
 57255 | Depths:5 | Identified a +0 halberd
 57274 | Depths:5 | Identified a +0 short sword
 57278 | Depths:5 | Identified a +0 halberd
 57280 | Depths:5 | Identified +0 ice dragon scales
 57290 | Depths:5 | Identified a +0 whip
 57290 | Depths:5 | Identified a +0 cloak
 57292 | Depths:5 | Identified a +0 hand axe
 57292 | Depths:5 | Identified a +0 animal skin
 57326 | Depths:5 | Identified a +0 short sword
 57335 | Depths:5 | Found a gate to the Realm of Zot.
 57366 | Depths:5 | Identified a +0 rapier
 57366 | Depths:5 | Identified a +0 cloak
 57372 | Depths:5 | Identified a +0 scimitar
 57372 | Depths:5 | Identified a +1 antimagic war axe
 57372 | Depths:5 | Identified a +0 animal skin
 57437 | Depths:5 | Identified a +0 scimitar
 57437 | Depths:5 | Identified a +0 shortbow
 57527 | Depths:5 | Identified a +0 robe
 57535 | Depths:5 | Identified a +1 great sword of flaming
 57541 | Depths:5 | Identified a +3 glaive of pain
 57541 | Depths:5 | Identified a +0 chain mail
 57543 | Depths:5 | Identified a +0 demon whip of draining
 57543 | Depths:5 | Identified +0 storm dragon scales
 57543 | Depths:5 | Noticed Margery
 57543 | Depths:5 | Identified a +4 demon blade
 57543 | Depths:5 | Identified a +0 plate armour
 57543 | Depths:5 | Identified a +0 dagger
 57543 | Depths:5 | Identified a +0 robe of the Archmagi
 57545 | Depths:5 | Identified a +0 dagger
 57545 | Depths:5 | Identified a +0 robe
 57548 | Depths:5 | Identified a +1 demon trident of flaming
 57548 | Depths:5 | Identified a +0 plate armour
 57550 | Depths:5 | Identified a +0 flail
 57550 | Depths:5 | Identified a +0 animal skin
 57552 | Depths:5 | Identified a +4 scimitar
 57552 | Depths:5 | Identified a +0 chain mail
 57554 | Depths:5 | Noticed a caustic shrike
 57557 | Depths:5 | Identified a +0 troll leather armour
 57558 | Depths:5 | Reached skill level 24 in Invocations
 57558 | Depths:5 | Identified a +3 vorpal demon trident
 57558 | Depths:5 | Identified a +0 chain mail
 57575 | Depths:5 | Killed a caustic shrike
 57582 | Depths:5 | Identified a +1 long sword of holy wrath
 57582 | Depths:5 | Identified a +0 scale mail
 57582 | Depths:5 | Identified a +0 buckler
 57583 | Depths:5 | Identified a +0 troll leather armour
 57593 | Depths:5 | Identified a +1 vampiric halberd
 57593 | Depths:5 | Identified a +0 scale mail
 57594 | Depths:5 | Killed Margery
 57594 | Depths:5 | Reached skill level 16 in Fighting
 57597 | Depths:5 | Noticed a caustic shrike
 57607 | Depths:5 | Reached XP level 25. HP: 236/236 MP: 27/27
 57612 | Depths:5 | Reached skill level 18 in Evocations
 57617 | Depths:5 | Noticed a caustic shrike
 57623 | Depths:5 | Identified a +3 battleaxe
 57623 | Depths:5 | Identified a +0 ring mail
 57623 | Depths:5 | Identified a +0 scimitar
 57623 | Depths:5 | Identified a +0 leather armour
 57623 | Depths:5 | Identified a +0 robe
 57623 | Depths:5 | Noticed a lich
 57636 | Depths:5 | Killed a lich
 57638 | Depths:5 | Killed a caustic shrike
 57651 | Depths:5 | Killed a caustic shrike
 57660 | Depths:5 | Identified a +0 dagger
 57660 | Depths:5 | Identified a +0 ring mail
 57660 | Depths:5 | Noticed a deep elf demonologist
 57688 | Depths:5 | Identified +0 ice dragon scales
 57696 | Depths:5 | Killed a deep elf demonologist
 57902 | Depths:5 | Identified a +0 arbalest
 57916 | Depths:5 | Identified a +0 war axe
 57916 | Depths:5 | Identified a +0 animal skin
 57937 | Depths:5 | Identified a +0 war axe
 57937 | Depths:5 | Identified a +0 animal skin
 57941 | Depths:5 | Identified +0 fire dragon scales
 57949 | Depths:5 | Noticed a lich
 57952 | Depths:5 | Noticed a Tzitzimitl
 57965 | Depths:5 | Killed a lich
 57987 | Depths:5 | Found a runed translucent gate.
 57987 | Depths:5 | Found a runed translucent gate.
 57987 | Depths:5 | Found a runed translucent gate.
 57989 | Depths:5 | Identified a +2 great sword of flaming
 57992 | Depths:5 | Identified a +0 dagger
 57992 | Depths:5 | Identified a cursed +0 ring mail
 57994 | Depths:5 | Found an opulent altar of Gozag.
 57994 | Depths:5 | Found Tuygilo's Assorted Antiques.
 57995 | Depths:5 | Noticed p0werm0de's ghost (adept DDFi)
 57996 | Depths:5 | Found Cuanior's Assorted Antiques.
 59065 | Vaults:5 | Entered Level 5 of the Vaults
 59065 | Vaults:5 | Identified a +2 war axe
 59065 | Vaults:5 | Identified a +0 plate armour
 59065 | Vaults:5 | Identified a +2 halberd
 59065 | Vaults:5 | Identified a +0 chain mail
 59065 | Vaults:5 | Identified a +0 battleaxe
 59065 | Vaults:5 | Identified a +0 plate armour
 59065 | Vaults:5 | Identified a +0 glaive
 59065 | Vaults:5 | Identified a +0 plate armour
 59065 | Vaults:5 | Identified a +2 dire flail of holy wrath
 59065 | Vaults:5 | Identified a +0 chain mail
 59065 | Vaults:5 | Identified a +0 great mace
 59065 | Vaults:5 | Identified a +0 chain mail
 59065 | Vaults:5 | Identified a +0 long sword
 59065 | Vaults:5 | Identified a +0 chain mail
 59065 | Vaults:5 | Identified a +0 kite shield
 59065 | Vaults:5 | Identified a +0 long sword
 59065 | Vaults:5 | Identified a +0 plate armour
 59065 | Vaults:5 | Identified a +0 great sword
 59065 | Vaults:5 | Identified a +0 chain mail
 59065 | Vaults:5 | Identified a +0 war axe
 59065 | Vaults:5 | Identified a +4 plate armour
 59065 | Vaults:5 | Identified a +0 great mace
 59065 | Vaults:5 | Identified a +0 plate armour
 59065 | Vaults:5 | Identified a +0 dire flail
 59065 | Vaults:5 | Identified a +0 plate armour
 59065 | Vaults:5 | Identified a +0 great mace
 59065 | Vaults:5 | Identified a +0 chain mail
 59065 | Vaults:5 | Identified a +0 great mace
 59065 | Vaults:5 | Identified a +0 chain mail
 59065 | Vaults:5 | Identified a +0 bardiche
 59065 | Vaults:5 | Identified a +0 chain mail
 59065 | Vaults:5 | Identified a +3 battleaxe
 59065 | Vaults:5 | Identified a +0 chain mail
 59065 | Vaults:5 | Identified a +0 glaive
 59065 | Vaults:5 | Identified a +0 plate armour
 59065 | Vaults:5 | Identified a +3 war axe
 59065 | Vaults:5 | Identified a +0 plate armour of poison resistance
 59065 | Vaults:5 | Identified a +0 kite shield
 59065 | Vaults:5 | Identified a +2 great mace of venom
 59065 | Vaults:5 | Identified a +0 chain mail
 59065 | Vaults:5 | Identified a +3 vorpal long sword
 59065 | Vaults:5 | Identified a +0 plate armour
 59065 | Vaults:5 | Identified a +2 great mace
 59065 | Vaults:5 | Identified a +0 chain mail
 59065 | Vaults:5 | Identified a +0 broad axe
 59065 | Vaults:5 | Identified a +0 plate armour
 59065 | Vaults:5 | Identified a +0 war axe
 59065 | Vaults:5 | Identified a +0 plate armour
 59065 | Vaults:5 | Identified a +0 kite shield
 59065 | Vaults:5 | Identified a +0 battleaxe
 59065 | Vaults:5 | Identified a +0 plate armour
 59065 | Vaults:5 | Identified a +0 great sword
 59065 | Vaults:5 | Identified a +0 plate armour
 59065 | Vaults:5 | Identified a +0 falchion
 59065 | Vaults:5 | Identified a +0 arbalest
 59065 | Vaults:5 | Identified a +0 ring mail
 59065 | Vaults:5 | Identified a +0 great sword of protection
 59065 | Vaults:5 | Identified a +0 plate armour
 59068 | Vaults:5 | Identified a +3 war axe of freezing
 59068 | Vaults:5 | Identified a +0 chain mail
 59068 | Vaults:5 | Identified a +0 kite shield
 59069 | Vaults:5 | Identified a +0 flail
 59072 | Vaults:5 | Reached skill level 1 in Stealth
 59072 | Vaults:5 | Reached skill level 2 in Stealth
 59073 | Vaults:5 | Identified a +0 falchion
 59073 | Vaults:5 | Identified a +3 leather armour
 59073 | Vaults:5 | Reached skill level 3 in Stealth
 59075 | Vaults:5 | Identified a +3 arbalest of freezing
 59077 | Vaults:5 | Identified a +0 short sword
 59077 | Vaults:5 | Identified a +0 leather armour
 59078 | Vaults:5 | Identified a +0 hand axe
 59081 | Vaults:5 | Reached skill level 4 in Stealth
 59085 | Vaults:5 | Identified a +0 giant spiked club
 59086 | Vaults:5 | Identified a +0 short sword
 59090 | Vaults:5 | Identified a +0 vorpal war axe
 59090 | Vaults:5 | Identified a +0 plate armour
 59109 | Vaults:5 | Identified a +3 vorpal battleaxe
 59109 | Vaults:5 | Identified a +0 ring mail
 59115 | Vaults:5 | Identified a +0 dagger
 59115 | Vaults:5 | Identified a +0 robe
 59116 | Vaults:5 | Identified a +0 short sword
 59116 | Vaults:5 | Identified a +0 shortbow
 59120 | Vaults:5 | Identified +0 gold dragon scales
 59120 | Vaults:5 | Reached skill level 19 in Armour
 59120 | Vaults:5 | Reached skill level 5 in Stealth
 59120 | Vaults:5 | Identified a +0 dire flail
 59120 | Vaults:5 | Identified a +0 dire flail
 59121 | Vaults:5 | Identified a +0 short sword
 59122 | Vaults:5 | Identified a +5 long sword of distortion
 59122 | Vaults:5 | Identified a +0 plate armour
 59125 | Vaults:5 | Identified a +0 rapier
 59125 | Vaults:5 | Identified a +0 leather armour
 59125 | Vaults:5 | Noticed an entropy weaver
 59125 | Vaults:5 | Identified a cursed -3 club
 59125 | Vaults:5 | Identified a +0 robe
 59128 | Vaults:5 | Identified a +0 giant club
 59128 | Vaults:5 | Identified a +0 giant spiked club
 59131 | Vaults:5 | Identified a +2 battleaxe of freezing
 59132 | Vaults:5 | Identified a +0 short sword
 59132 | Vaults:5 | Identified a +0 leather armour
 59132 | Vaults:5 | Noticed a deep elf demonologist
 59133 | Vaults:5 | Identified a +0 dagger
 59133 | Vaults:5 | Identified a +0 shortbow
 59133 | Vaults:5 | Identified a +2 leather armour of fire resistance
 59133 | Vaults:5 | Identified a +0 giant spiked club
 59133 | Vaults:5 | Identified a +0 giant spiked club
 59134 | Vaults:5 | Identified a +0 scimitar
 59137 | Vaults:5 | Identified a +0 long sword
 59137 | Vaults:5 | Identified a +0 buckler
 59138 | Vaults:5 | Noticed a Brimstone Fiend
 59138 | Vaults:5 | Identified a +0 giant club
 59138 | Vaults:5 | Identified a +0 giant club
 59139 | Vaults:5 | Identified a +3 battleaxe
 59139 | Vaults:5 | Identified a +0 chain mail
 59139 | Vaults:5 | Identified a +0 battleaxe
 59139 | Vaults:5 | Identified a +0 plate armour
 59139 | Vaults:5 | Identified a +0 hand axe
 59139 | Vaults:5 | Identified a +0 plate armour
 59139 | Vaults:5 | Identified a +0 hand axe
 59139 | Vaults:5 | Identified a +0 plate armour
 59139 | Vaults:5 | Identified a +0 dagger
 59139 | Vaults:5 | Identified a +0 robe
 59139 | Vaults:5 | Identified a cursed -1 giant club
 59139 | Vaults:5 | Identified a +5 broad axe of electrocution
 59139 | Vaults:5 | Identified a +0 scale mail
 59139 | Vaults:5 | Identified a cursed +0 buckler
 59140 | Vaults:5 | Identified a +0 short sword
 59140 | Vaults:5 | Identified a +0 longbow
 59140 | Vaults:5 | Identified a +0 leather armour
 59141 | Vaults:5 | Killed an entropy weaver
 59141 | Vaults:5 | Reached skill level 6 in Stealth
 59142 | Vaults:5 | Identified a +0 giant club
 59143 | Vaults:5 | Identified a +0 giant spiked club
 59143 | Vaults:5 | Identified a +0 giant spiked club
 59144 | Vaults:5 | Identified a +0 arbalest
 59145 | Vaults:5 | Identified a +0 great mace
 59145 | Vaults:5 | Identified a +0 plate armour
 59149 | Vaults:5 | Killed a deep elf demonologist
 59151 | Vaults:5 | Identified a +0 long sword
 59154 | Vaults:5 | Identified +0 gold dragon scales
 59154 | Vaults:5 | Identified a +0 dire flail
 59154 | Vaults:5 | Identified a cursed -2 giant club
 59155 | Vaults:5 | Identified a +0 morningstar
 59155 | Vaults:5 | Identified a +0 plate armour
 59156 | Vaults:5 | Identified a +0 arbalest
 59158 | Vaults:5 | Identified a +0 whip
 59158 | Vaults:5 | Identified a +0 robe
 59159 | Vaults:5 | Identified a +0 war axe
 59159 | Vaults:5 | Identified a +4 ring mail of positive energy
 59159 | Vaults:5 | Identified a +0 buckler
 59165 | Vaults:5 | Identified a +0 giant club
 59169 | Vaults:5 | Identified a +0 giant club
 59169 | Vaults:5 | Identified a +0 battleaxe
 59169 | Vaults:5 | Identified a +0 arbalest
 59169 | Vaults:5 | Identified a +0 plate armour
 59169 | Vaults:5 | Reached skill level 7 in Stealth
 59170 | Vaults:5 | Identified a cursed -3 morningstar
 59170 | Vaults:5 | Identified a +0 scale mail
 59171 | Vaults:5 | Identified a +0 giant club
 59171 | Vaults:5 | Identified a cursed -2 giant club
 59171 | Vaults:5 | Identified a +0 giant club
 59171 | Vaults:5 | Reached skill level 19 in Dodging
 59172 | Vaults:5 | Identified a +2 vorpal morningstar
 59172 | Vaults:5 | Identified a +0 leather armour
 59177 | Vaults:5 | Identified a +0 dire flail
 59177 | Vaults:5 | Identified a +3 great mace
 59183 | Vaults:5 | Identified a +0 arbalest
 59184 | Vaults:5 | Identified a +2 mace of protection
 59184 | Vaults:5 | Identified a +0 scale mail
 59188 | Vaults:5 | Identified a +0 great mace
 59188 | Vaults:5 | Identified a cursed +0 ring mail
 59191 | Vaults:5 | Identified a +0 dire flail
 59191 | Vaults:5 | Identified a +0 dire flail
 59191 | Vaults:5 | Identified a +0 dire flail
 59191 | Vaults:5 | Identified a cursed +0 leather armour
 59196 | Vaults:5 | Identified a +0 war axe
 59196 | Vaults:5 | Identified a +0 plate armour
 59203 | Vaults:5 | Paralysed by a floating eye for 3 turns
 59203 | Vaults:5 | Identified a +0 flail
 59203 | Vaults:5 | Identified a +0 ring mail
 59207 | Vaults:5 | Identified a +0 great mace
 59207 | Vaults:5 | Identified a +0 dire flail
 59212 | Vaults:5 | Identified a +0 great mace
 59212 | Vaults:5 | Identified a +0 ring mail
 59212 | Vaults:5 | Identified a +0 long sword
 59212 | Vaults:5 | Identified a +0 ring mail
 59225 | Vaults:5 | Reached skill level 8 in Stealth
 59228 | Vaults:5 | Reached skill level 19 in Evocations
 59230 | Vaults:5 | Identified a +0 dire flail
 59230 | Vaults:5 | Identified a +0 leather armour
 59233 | Vaults:5 | Identified a +0 giant club
 59233 | Vaults:5 | Identified a +0 giant club
 59235 | Vaults:5 | Identified a +0 scimitar
 59235 | Vaults:5 | Identified a +0 chain mail
 59240 | Vaults:5 | Identified a +0 rapier
 59241 | Vaults:5 | Reached skill level 9 in Stealth
 59254 | Vaults:5 | Identified a +0 long sword
 59254 | Vaults:5 | Identified a +0 scale mail
 59256 | Vaults:5 | Identified a +2 great sword of flaming
 59259 | Vaults:5 | Identified a +0 arbalest
 59275 | Vaults:5 | Identified a +1 short sword of holy wrath
 59275 | Vaults:5 | Identified a +0 longbow
 59275 | Vaults:5 | Identified a +0 leather armour
 59276 | Vaults:5 | Identified a +2 vampiric battleaxe
 59276 | Vaults:5 | Identified a +0 ring mail
 59279 | Vaults:5 | Identified a +0 dagger
 59279 | Vaults:5 | Identified a +0 robe
 59282 | Vaults:5 | Identified a +0 broad axe
 59282 | Vaults:5 | Identified a +0 arbalest
 59282 | Vaults:5 | Identified a +0 plate armour
 59291 | Vaults:5 | Reached XP level 26. HP: 247/247 MP: 8/26
 59291 | Vaults:5 | Identified a +0 arbalest
 59295 | Vaults:5 | Identified a +0 war axe of electrocution
 59295 | Vaults:5 | Identified a +0 arbalest
 59301 | Vaults:5 | Identified a +3 long sword
 59301 | Vaults:5 | Identified a +0 chain mail
 59310 | Vaults:5 | Identified a +0 great mace
 59317 | Vaults:5 | Identified a +2 antimagic long sword
 59317 | Vaults:5 | Identified a +0 plate armour
 59319 | Vaults:5 | Identified a +0 arbalest
 59322 | Vaults:5 | Identified a +0 arbalest
 59323 | Vaults:5 | Identified a +4 arbalest
 59323 | Vaults:5 | Identified a +0 arbalest
 59330 | Vaults:5 | Identified a +0 arbalest
 59331 | Vaults:5 | Identified +0 gold dragon scales
 59334 | Vaults:5 | Identified a +0 arbalest
 59338 | Vaults:5 | Reached skill level 10 in Stealth
 59356 | Vaults:5 | Identified a +0 war axe
 59356 | Vaults:5 | Identified a +0 ring mail
 59385 | Vaults:5 | Identified a +0 arbalest
 59425 | Vaults:5 | Identified a +0 halberd
 59425 | Vaults:5 | Identified a +0 ring mail
 59724 | Vaults:5 | Identified a +1 executioner's axe of distortion
 59724 | Vaults:5 | Identified a +0 arbalest
 59883 | Vaults:5 | Identified a +2 battleaxe of freezing
 60044 | Vaults:5 | Identified the cursed +0 cloak of Ponioroz {rPois MR-
                  | Dex+9} (You found it on level 5 of the Vaults)
 60065 | Vaults:5 | Identified a +1 great sword of electrocution
 60065 | Vaults:5 | Identified a +1 plate armour of cold resistance
 60065 | Vaults:5 | Noticed Jory
 60094 | Vaults:5 | Killed Jory
 60165 | Vaults:5 | Identified the +5 great sword "Hellblazer" {protect, +Blink
                  | rPois}
 60229 | Vaults:5 | Identified a +1 vorpal mace
 60229 | Vaults:5 | Identified a +0 robe
 60275 | Vaults:5 | Identified a +0 short sword
 60275 | Vaults:5 | Identified a cursed -1 leather armour
 60358 | Vaults:5 | Got a silver rune of Zot
 60368 | Vaults:5 | Identified a scroll of holy word
 60369 | Vaults:5 | Identified a potion of berserk rage
 60423 | Vaults:5 | Identified a +3 vorpal long sword
 60423 | Vaults:5 | Identified a +0 chain mail
 60544 | Vaults:5 | Identified a +0 arbalest
 60592 | Vaults:5 | Identified a +1 battleaxe of freezing
 60599 | Vaults:5 | Identified a +0 arbalest
 60613 | Vaults:5 | Identified a +0 arbalest
 60613 | Vaults:5 | Identified a +0 arbalest
 60704 | Vaults:5 | Identified a +3 vorpal battleaxe
 60704 | Vaults:5 | Identified a +2 scale mail of cold resistance
 60715 | Vaults:5 | Reached skill level 11 in Stealth
 60993 | Vaults:5 | Identified the cursed -1 pair of gloves of the Tortoise
                  | {-Cast rElec rC+} (You found it on level 5 of the Vaults)
 61316 | Zot:1    | Entered Level 1 of the Realm of Zot
 61354 | Zot:1    | Identified a +0 battleaxe
 61354 | Zot:1    | Identified a +0 flail
 61354 | Zot:1    | Identified a +0 flail
 61369 | Zot:1    | Identified a +0 whip of freezing
 61369 | Zot:1    | Identified a +0 cloak
 61371 | Zot:1    | Identified a +0 short sword
 61401 | Zot:1    | Identified a +2 long sword of holy wrath
 61401 | Zot:1    | Identified a +0 cloak
 61406 | Zot:1    | Identified a +0 glaive
 61415 | Zot:1    | Reached skill level 25 in Invocations
 61416 | Zot:1    | Identified a +0 whip
 61416 | Zot:1    | Identified a +2 cloak
 61422 | Zot:1    | Identified a +0 glaive
 61422 | Zot:1    | Identified a cursed -1 glaive
 61443 | Zot:1    | Identified a +0 long sword
 61453 | Zot:1    | Identified a +0 war axe
 61463 | Zot:1    | Identified a +0 vampiric trident
 61472 | Zot:1    | Identified a +0 dagger
 61472 | Zot:1    | Identified a +0 cloak
 61476 | Zot:1    | Identified a +1 dire flail
 61476 | Zot:1    | Identified a +0 cloak
 61476 | Zot:1    | Identified a +0 dagger
 61476 | Zot:1    | Identified a +0 cloak
 61477 | Zot:1    | Identified a +0 cloak
 61477 | Zot:1    | Identified a +0 long sword
 61477 | Zot:1    | Identified a +0 whip
 61477 | Zot:1    | Identified a +0 cloak
 61477 | Zot:1    | Identified a +0 trident
 61478 | Zot:1    | Noticed an orb of fire
 61478 | Zot:1    | Identified a +0 whip
 61478 | Zot:1    | Identified a +0 cloak
 61478 | Zot:1    | Identified a +0 whip
 61478 | Zot:1    | Identified a +1 cloak
 61478 | Zot:1    | Identified a +0 battleaxe
 61479 | Zot:1    | Identified a +0 mace
 61479 | Zot:1    | Identified a +0 scimitar
 61480 | Zot:1    | Identified a +0 dire flail
 61481 | Zot:1    | Identified a +0 long sword
 61481 | Zot:1    | Identified a +0 cloak
 61482 | Zot:1    | Identified a +0 short sword
 61482 | Zot:1    | Identified a cursed +0 cloak
 61484 | Zot:1    | Identified a +0 glaive
 61485 | Zot:1    | Identified a +0 short sword
 61494 | Zot:1    | Identified a +0 scimitar
 61495 | Zot:1    | Gained mutation: You are clumsy. (Dex -2) [an orb of fire]
 61497 | Zot:1    | Gained mutation: Your muscles are strong. (Str +2) [an orb
                  | of fire]
 61501 | Zot:1    | Identified a +0 hand axe
 61501 | Zot:1    | Identified a +0 short sword
 61501 | Zot:1    | Identified a +1 cloak of magic resistance
 61501 | Zot:1    | Identified a +0 rapier
 61501 | Zot:1    | Identified a +1 cloak of preservation
 61530 | Zot:1    | Identified a +2 war axe of freezing
 61530 | Zot:1    | Identified a +0 cloak
 61530 | Zot:1    | Identified a +0 kite shield
 61535 | Zot:1    | Identified a +2 long sword of protection
 61552 | Zot:1    | Identified a +0 halberd
 61559 | Zot:1    | Identified a +0 whip
 61559 | Zot:1    | Identified a +0 cloak
 61566 | Zot:1    | Identified a +0 long sword
 61566 | Zot:1    | Identified a +0 cloak
 61627 | Zot:1    | Reached skill level 17 in Fighting
 61627 | Zot:1    | Reached skill level 12 in Stealth
 61689 | Zot:1    | Identified a +0 cloak
 61697 | Zot:1    | Identified a +0 cloak
 61709 | Zot:1    | Identified a +0 long sword
 61752 | Zot:1    | Identified a +0 mace
 61755 | Zot:1    | Identified a +0 trident
 61756 | Zot:1    | Identified a +0 rapier
 61802 | Zot:1    | Identified +0 storm dragon scales
 61820 | Zot:1    | Identified a +0 battleaxe
 61823 | Zot:1    | Identified a +0 long sword
 61824 | Zot:1    | Identified a +0 long sword
 61824 | Zot:1    | Identified a +0 cloak
 61824 | Zot:1    | Identified a +0 glaive
 61825 | Zot:1    | Identified a +1 vorpal mace
 61839 | Zot:1    | Identified a +0 glaive
 61857 | Zot:1    | Noticed an orb of fire
 61874 | Zot:1    | Killed an orb of fire
 61979 | Zot:1    | Identified a +0 long sword
 62017 | Zot:1    | Identified a +0 short sword
 62017 | Zot:1    | Identified a +2 cloak
 62022 | Zot:1    | Identified a +0 dire flail
 62025 | Zot:1    | Identified a +0 short sword
 62032 | Zot:1    | Identified a +0 dire flail
 62149 | Zot:1    | Reached skill level 13 in Stealth
 62216 | Zot:1    | Identified quicksilver dragon scales
 62235 | Zot:1    | Killed an orb of fire
 62235 | Zot:1    | Reached skill level 20 in Armour
 62325 | Zot:1    | Reached skill level 20 in Evocations
 62543 | Zot:1    | Identified a +0 long sword
 62543 | Zot:1    | Identified a +0 cloak
 62543 | Zot:1    | Identified a +0 hand axe
 62543 | Zot:1    | Identified a +0 cloak
 62543 | Zot:1    | Identified a +0 flail
 62543 | Zot:1    | Identified a +0 halberd
 62543 | Zot:1    | Identified a +0 trident
 62545 | Zot:1    | Identified a +0 glaive
 62545 | Zot:1    | Identified a +2 vorpal war axe
 62546 | Zot:1    | Identified a +1 cloak
 62572 | Zot:1    | Identified a +0 dire flail
 62578 | Zot:1    | Identified a +1 vorpal broad axe
 62580 | Zot:1    | Identified a +0 battleaxe
 62635 | Zot:1    | Reached XP level 27. HP: 258/258 MP: 26/26
 62732 | Zot:1    | Identified a +0 short sword
 62732 | Zot:1    | Identified a +0 cloak
 62803 | Zot:1    | Identified a +0 halberd
 62806 | Zot:1    | Identified a +0 battleaxe
 62813 | Zot:1    | Reached skill level 14 in Stealth
 62840 | Zot:1    | Identified a +0 whip
 62840 | Zot:1    | Identified a +0 cloak
 62851 | Zot:1    | Reached skill level 20 in Dodging
 62875 | Zot:1    | Identified a +0 war axe
 62875 | Zot:1    | Identified a +0 long sword
 62875 | Zot:1    | Identified a +0 cloak
 62875 | Zot:1    | Identified a +0 scimitar
 62875 | Zot:1    | Identified a +0 long sword
 62875 | Zot:1    | Identified a +0 cloak
 62875 | Zot:1    | Identified a +0 cloak
 62875 | Zot:1    | Identified a +0 long sword
 62875 | Zot:1    | Identified a +0 cloak
 62875 | Zot:1    | Identified a +0 cloak
 62875 | Zot:1    | Identified a +1 dire flail of protection
 62875 | Zot:1    | Identified a +0 hand axe
 62876 | Zot:1    | Identified a +0 short sword
 62876 | Zot:1    | Identified a +0 long sword
 62876 | Zot:1    | Identified a +0 cloak
 63368 | Zot:1    | Identified a cursed +0 helmet (You found it on level 1 of
                  | the Realm of Zot)
 63442 | Zot:2    | Identified a +0 long sword
 63442 | Zot:2    | Identified a +0 cloak
 63442 | Zot:2    | Identified a cursed +0 tower shield
 63442 | Zot:2    | Identified a +0 halberd
 63442 | Zot:2    | Identified a +0 short sword
 63442 | Zot:2    | Identified a +0 cloak
 63442 | Zot:2    | Identified a +0 long sword
 63442 | Zot:2    | Identified a +0 cloak
 63550 | Zot:2    | Identified a +0 long sword
 63550 | Zot:2    | Identified a +2 cloak
 63576 | Zot:2    | Identified a +0 hand axe
 63724 | Zot:2    | Identified +0 shadow dragon scales
 63910 | Zot:2    | Identified a +0 flail
 63921 | Zot:2    | Identified a +0 flail
 63921 | Zot:2    | Identified a +0 scimitar
 63954 | Zot:2    | Identified +0 storm dragon scales
 63958 | Zot:2    | Reached skill level 15 in Stealth
 64224 | Zot:2    | Identified a cursed -3 hand axe
 64281 | Zot:2    | Identified a +0 scimitar
 64446 | Zot:2    | Identified +0 gold dragon scales
 64711 | Zot:3    | Identified +0 shadow dragon scales
 64724 | Zot:3    | Identified a +0 long sword
 64724 | Zot:3    | Identified a +0 cloak
 64724 | Zot:3    | Identified a +0 whip
 64724 | Zot:3    | Identified a +0 cloak
 64726 | Zot:3    | Identified a +0 long sword
 64727 | Zot:3    | Identified a +0 hand axe
 64734 | Zot:3    | Identified a +0 war axe
 64738 | Zot:3    | Identified a +0 mace
 64742 | Zot:3    | Identified a +0 war axe
 64759 | Zot:3    | Identified a +0 scimitar
 64760 | Zot:3    | Identified a +0 hand axe
 64769 | Zot:3    | Identified +0 storm dragon scales
 64770 | Zot:3    | Identified a +0 war axe
 65039 | Zot:3    | Noticed an orb of fire
 65041 | Zot:3    | Gained mutation: You are frail. (-10% HP) [an orb of fire]
 65063 | Zot:3    | Gained mutation: You are very clumsy. (Dex -4) [an orb of
                  | fire]
 65068 | Zot:3    | Gained mutation: You occasionally shout uncontrollably at
                  | your foes. [an orb of fire]
 65069 | Zot:3    | Killed an orb of fire
 65069 | Zot:3    | Reached skill level 16 in Stealth
 65185 | Zot:1    | Lost mutation: Your muscles are strong. (Str +2) [potion of
                  | mutation]
 65185 | Zot:1    | Lost mutation: You are frail. (-10% HP) [potion of
                  | mutation]
 65185 | Zot:1    | Gained mutation: Scrolls take you a little longer to read.
                  | [potion of mutation]
 65185 | Zot:1    | Gained mutation: Your spells are a little harder to cast,
                  | but a little more powerful. [potion of mutation]
 65185 | Zot:1    | Gained mutation: You have a pair of small horns on your
                  | head. [potion of mutation]
 65544 | D:8      | Lost mutation: You are resistant to hostile enchantments.
                  | (MR+) [potion of mutation]
 65544 | D:8      | Lost mutation: You occasionally shout uncontrollably at
                  | your foes. [potion of mutation]
 65544 | D:8      | Lost mutation: Scrolls take you a little longer to read.
                  | [potion of mutation]
 65544 | D:8      | Gained mutation: Scrolls take you a little longer to read.
                  | [potion of mutation]
 65544 | D:8      | Gained mutation: Your magical capacity is low. (-10% MP)
                  | [potion of mutation]
 65544 | D:8      | Gained mutation: You are resistant to hostile enchantments.
                  | (MR+) [potion of mutation]
 65544 | D:8      | Gained mutation: You have large cloven feet. [potion of
                  | mutation]
 65545 | D:8      | Lost mutation: You have a pair of small horns on your head.
                  | [potion of mutation]
 65545 | D:8      | Lost mutation: Your magical capacity is low. (-10% MP)
                  | [potion of mutation]
 65545 | D:8      | Lost mutation: You are resistant to hostile enchantments.
                  | (MR+) [potion of mutation]
 65545 | D:8      | Gained mutation: You are partially covered in yellow
                  | scales. (AC +2) [potion of mutation]
 65545 | D:8      | Gained mutation: You are partially covered in large bone
                  | plates. (SH +4) [potion of mutation]
 65545 | D:8      | Gained mutation: You evolve. [potion of mutation]
 66063 | Zot:3    | Identified +0 shadow dragon scales
 66085 | Zot:3    | Noticed a Tzitzimitl
 66101 | Zot:3    | Killed a Tzitzimitl
 66516 | Zot:4    | Noticed an orb of fire
 66530 | Zot:3    | Reached skill level 26 in Invocations
 66552 | Zot:4    | Gained mutation: You are weak. (Str -2) [an orb of fire]
 66564 | Zot:4    | Gained mutation: You are dopey. (Int -2) [an orb of fire]
 66569 | Zot:4    | Killed an orb of fire
 66628 | Zot:4    | Identified quicksilver dragon scales
 66642 | Zot:4    | Identified a +1 dire flail of protection
 66648 | Zot:4    | Identified a +0 long sword
 66648 | Zot:4    | Identified a +1 cloak
 66663 | Zot:4    | Reached skill level 21 in Evocations
 66670 | Zot:4    | Identified a +0 flail
 66682 | Zot:4    | Identified a +2 short sword of speed
 66682 | Zot:4    | Identified a +0 cloak
 66682 | Zot:4    | Identified a +0 short sword
 66682 | Zot:4    | Identified a +0 cloak
 66692 | Zot:4    | Identified a +0 whip
 66692 | Zot:4    | Identified a +0 cloak
 66696 | Zot:4    | Identified a +0 dire flail
 66792 | Zot:4    | Identified a +0 cloak
 66816 | Zot:4    | Identified a +0 long sword
 66816 | Zot:4    | Identified a +0 cloak
 66816 | Zot:4    | Identified a +0 scimitar
 66818 | Zot:4    | Identified a +2 war axe of freezing
 66857 | Zot:4    | Reached skill level 18 in Fighting
 66873 | Zot:4    | Reached skill level 17 in Stealth
 66899 | Zot:4    | Gained mutation: You have a pair of small antennae on your
                  | head. [evolution]
 66938 | Zot:4    | Identified a +0 battleaxe
 66938 | Zot:4    | Identified a +0 long sword
 66938 | Zot:4    | Identified a cursed -1 mace
 66940 | Zot:4    | Identified a +0 halberd
 66947 | Zot:4    | Identified a +0 glaive
 66959 | Zot:4    | Identified a +0 scimitar
 66996 | Zot:4    | Identified a +0 short sword
 67055 | Zot:4    | Identified a +0 short sword
 67061 | Zot:4    | Identified a +0 flail
 67179 | Zot:4    | Identified a +0 war axe
 67179 | Zot:4    | Identified a +0 battleaxe
 67183 | Zot:4    | Identified a +0 dire flail
 67188 | Zot:4    | Identified a +0 rapier
 67188 | Zot:4    | Identified a +2 cloak
 67197 | Zot:4    | Identified a +0 long sword
 67206 | Zot:4    | Identified a +0 short sword
 67238 | Zot:4    | Identified a +0 flail
 67262 | Zot:4    | Identified +0 storm dragon scales
 67334 | Zot:4    | Identified a +0 mace
 67459 | Zot:4    | Identified +0 shadow dragon scales
 67625 | Zot:5    | Entered Level 5 of the Realm of Zot
 67625 | Zot:5    | Found a runed translucent gate.
 67625 | Zot:5    | Found a runed translucent gate.
 67625 | Zot:5    | Found a runed translucent gate.
 67628 | Zot:5    | Noticed Icycared's ghost (master GrFi)
 67630 | Zot:5    | Identified a +0 cloak
 67632 | Zot:5    | Noticed a curse toe
 67645 | Zot:5    | Identified +0 shadow dragon scales
 67718 | Zot:5    | Noticed an orb of fire
 67719 | Zot:5    | Noticed an orb of fire
 67719 | Zot:5    | Gained mutation: Your magical capacity is low. (-10% MP)
                  | [an orb of fire]
 67722 | Zot:5    | Gained mutation: You are frail. (-10% HP) [an orb of fire]
 67746 | Zot:5    | Gained mutation: Your magical capacity is very low. (-20%
                  | MP) [an orb of fire]
 67747 | Zot:5    | Lost mutation: Scrolls take you a little longer to read.
                  | [an orb of fire]
 67748 | Zot:5    | Killed an orb of fire
 67762 | Zot:5    | Killed an orb of fire
 67762 | Zot:5    | Reached skill level 21 in Armour
 67833 | Zot:5    | Reached skill level 18 in Stealth
 67962 | Zot:5    | Noticed an ancient lich
 67983 | Zot:5    | Noticed an ancient lich
 67990 | Zot:5    | Reached skill level 21 in Dodging
 67991 | Zot:5    | Killed an ancient lich
 68009 | Zot:5    | Killed an ancient lich
 68030 | Zot:5    | Noticed an ancient lich
 68030 | Zot:5    | Noticed an ancient lich
 68032 | Zot:5    | Identified a +10 club of electrocution
 68033 | Zot:5    | Noticed an orb of fire
 68043 | Zot:5    | Noticed an ancient lich
 68046 | Zot:5    | Killed an ancient lich
 68054 | Zot:5    | Killed an ancient lich
 68062 | Zot:5    | Killed an ancient lich
 68086 | Zot:5    | Killed an orb of fire
 68091 | Zot:5    | Identified a +11 antimagic club
 68112 | Zot:5    | Identified +0 gold dragon scales
 68122 | Zot:5    | Reached skill level 19 in Stealth
 68137 | Zot:5    | Identified a ring of magical power (You found it on level 5
                  | of the Realm of Zot)
 68302 | Zot:5    | Reached skill level 22 in Evocations
 68325 | Zot:5    | Identified a +11 club of pain
 68325 | Zot:5    | Identified a +12 club
 68325 | Zot:5    | Noticed an orb of fire
 68325 | Zot:5    | Identified a +11 vorpal club
 68331 | Zot:5    | Identified a +9 club of flaming
 68333 | Zot:5    | Identified a +9 club
 68333 | Zot:5    | Identified a +11 club
 68335 | Zot:5    | Noticed an ancient lich
 68338 | Zot:5    | Identified a +1 demon whip of venom
 68343 | Zot:5    | Gained mutation: Your magical capacity is extremely low.
                  | (-30% MP) [an orb of fire]
 68344 | Zot:5    | Identified a +1 halberd of holy wrath
 68344 | Zot:5    | Identified a +0 cloak
 68350 | Zot:5    | Gained mutation: You are sometimes teleported next to
                  | monsters. [an orb of fire]
 68352 | Zot:5    | Killed an orb of fire
 68361 | Zot:5    | Killed an ancient lich
 68409 | Zot:5    | Got the Orb of Zot
 68561 | Zot:2    | Noticed Zalafyps the pandemonium lord
 68758 | Depths:2 | Identified a +1 robe of magic resistance
 68758 | Depths:2 | Noticed Boris
 68822 | D:14     | Noticed a Brimstone Fiend
 68896 | D:11     | Reached skill level 27 in Invocations
 68959 | D:8      | Identified a +3 flail of flaming
 68959 | D:8      | Identified a +0 fustibalus
 68959 | D:8      | Identified a +0 robe
 68959 | D:8      | Identified a +0 buckler
 68975 | D:7      | Noticed an Ice Fiend
 68997 | D:7      | Identified a +2 demon blade of venom
 68997 | D:7      | Identified a +0 scale mail
 68997 | D:7      | Identified a +0 scimitar
 68997 | D:7      | Identified a +0 scale mail
 69022 | D:7      | HP: 55/235 [??? (31)]
 69027 | D:7      | HP: 33/235 [??? (16)]
 69032 | D:7      | Killed an Ice Fiend
 69032 | D:7      | Reached skill level 20 in Stealth
 69154 | D:$      | Escaped with the Orb!

Table legend:
 A = Turns spent in this place as a percentage of turns spent in the entire game.
 B = Non-inter-level travel turns spent in this place as a percentage of non-inter-level travel turns spent in the entire game.
 C = Inter-level travel turns spent in this place as a percentage of turns spent in this place.
 D = Turns resting spent in this place as a percentage of non-inter-level travel turns spent in this place.
 E = Turns spent auto-exploring this place as a percentage of non-inter-level travel turns spent in this place.
 F = Non-inter-level travel turns spent in this place divided by the number of levels of this place that you've seen.
                   A       B       C       D       E      F
               +-------+-------+-------+-------+-------+----------------------
         Total | 100.0 | 100.0 |  13.6 |   0.9 |  58.2 | 1127.8
       Dungeon |  26.1 |  23.1 |  23.6 |   0.8 |  67.0 | 920.5
        Temple |   0.1 |   0.1 |   0.0 |   0.0 |  80.5 |  82.0
          Lair |  13.0 |  12.1 |  19.6 |   1.9 |  55.1 | 1203.5
         Swamp |   6.0 |   6.2 |  10.9 |   0.7 |  64.1 | 931.5
     Snake Pit |   8.3 |   9.0 |   6.2 |   0.1 |  62.7 | 1347.2
  Orcish Mines |   3.1 |   3.3 |   9.4 |   0.0 |  63.2 | 977.5
   Elven Halls |   6.6 |   7.2 |   4.6 |   2.4 |  56.6 | 1444.0
        Vaults |  12.1 |  13.1 |   7.1 |   0.0 |  58.3 | 1561.0
        Depths |  12.3 |  12.5 |  11.9 |   0.8 |  51.5 | 1496.2
           Zot |   9.6 |  10.2 |   7.8 |   2.1 |  46.3 | 1220.4
         Abyss |   0.4 |   0.5 |   0.0 |   0.0 |  46.1 | 293.0
        Bazaar |   0.2 |   0.2 |   0.0 |   0.0 |  64.8 | 108.0
        Wizlab |   2.1 |   2.5 |   0.0 |   0.0 |  42.6 | 1473.0
               +-------+-------+-------+-------+-------+----------------------

Table legend:
 A = Kills in this place as a percentage of kills in entire the game.
 B = Kills by you in this place as a percentage of kills by you in the entire game.
 C = Kills by friends in this place as a percentage of kills by friends in the entire game.
 D = Other kills in this place as a percentage of other kills in the entire game.
 E = Experience gained in this place as a percentage of experience gained in the entire game.
 F = Experience gained in this place divided by the number of levels of this place that you have seen.
                   A       B       C       D       E      F
               +-------+-------+-------+-------+-------+----------------------
         Total | 100.0 | 100.0 | 100.0 | 100.0 | 100.0 | 36913.0
       Dungeon |  18.0 |  18.4 |   0.0 |   5.3 |   3.7 | 4878.0
          Lair |   8.2 |   8.4 |   0.0 |   0.0 |   3.0 | 9835.7
         Swamp |   4.5 |   4.6 |   2.3 |   0.0 |   3.4 | 16493.2
     Snake Pit |   9.1 |   8.8 |  20.9 |  21.1 |   7.1 | 34552.5
  Orcish Mines |   4.0 |   4.0 |   2.3 |   5.3 |   1.1 | 10339.5
   Elven Halls |   8.8 |   8.0 |  44.2 |  36.8 |   8.1 | 52782.3
        Vaults |  18.1 |  18.4 |   2.3 |  10.5 |  19.6 | 76565.6
        Depths |  16.1 |  16.0 |  23.3 |   5.3 |  21.4 | 83827.0
           Zot |  10.7 |  10.7 |   4.7 |  15.8 |  29.4 | 115123.0
         Abyss |   0.4 |   0.5 |   0.0 |   0.0 |   0.4 | 8681.0
        Wizlab |   2.2 |   2.3 |   0.0 |   0.0 |   2.8 | 54736.0
               +-------+-------+-------+-------+-------+----------------------

Skill      XL: |  1  2  3  4  5  6  7  8  9 10 11 12 13 14 15 16 17 18 19 20 21 22 23 24 25 26 27 |
---------------+----------------------------------------------------------------------------------+-----
Fighting       | 3 4 5 6 7 8 9 10 11 12 13 14 15 16 17 18 | 18.7
Axes           | 3 4 5 6 7 8 9 10 12 13 14 15 16 17 18 | 18.0
Dodging        | 1 2 3 4 5 6 7 8 9 10 11 12 13 14 15 16 17 18 19 21 | 21.5
Armour         | 4 5 6 7 8 9 10 11 12 13 14 15 16 17 18 19 20 21 | 21.6
Shields        | 4 5 6 7 8 9 10 11 12 13 14 15 16 | 16.0
Invocations    | 1 4 7 9 10 12 13 15 16 17 18 19 20 21 22 23 24 25 27 | 27.0
Slings         | 2 4 5 6 7 8 9 10 11 12 13 14 | 14.0
Evocations     | 3 5 7 10 12 13 15 16 17 19 20 22 | 22.2
Stealth        | 9 13 20 | 20.0

Action                   |  1- 3 |  4- 6 |  7- 9 | 10-12 | 13-15 | 16-18 | 19-21 | 22-24 | 25-27 || total
-------------------------+-------+-------+-------+-------+-------+-------+-------+-------+-------++-------
Melee: War axe           |    92 |   160 |     8 |       |       |       |       |       |       ||   260
       Broad axe         |       |       |   591 |  1093 |  1323 |  1364 |  1650 |  1971 |  2072 || 10064
       Mace              |       |       |       |    29 |     9 |       |       |       |       ||    38
       Hunting sling     |       |       |       |       |     3 |       |     2 |       |       ||     5
 Fire: Hunting sling     |       |       |    41 |   346 |   808 |   943 |   565 |       |       ||  2703
       Fustibalus        |       |       |       |       |       |       |    32 |   557 |   607 ||  1196
Throw: Dart              |       |    12 |     9 |    23 |    23 |     9 |       |       |       ||    76
       Boomerang         |       |       |       |       |     2 |       |       |       |       ||     2
       Javelin           |       |       |       |       |       |     3 |    37 |    42 |    34 ||   116
       Stone             |       |       |       |       |       |       |       |     6 |       ||     6
Invok: Lesser Servant of |       |       |       |       |     3 |       |       |       |       ||     3
       Greater Servant o |       |       |       |       |       |     1 |     2 |     2 |     9 ||    14
       Major Destruction |       |       |       |       |       |       |     1 |       |       ||     1
 Abil: Heal Wounds       |       |     4 |     9 |     9 |     7 |     2 |       |       |    13 ||    44
       Evoke Flight      |       |       |       |       |       |       |       |     1 |       ||     1
Evoke: Wand              |       |       |       |     2 |     4 |    19 |     4 |     2 |    33 ||    64
       Box of beasts     |       |       |       |       |       |       |     2 |     1 |     1 ||     4
  Use: Scroll            |       |     1 |     4 |    10 |    17 |    14 |    15 |    10 |    21 ||    92
       Potion            |       |       |       |     3 |     4 |     5 |     4 |     6 |    15 ||    37
 Stab: Sleeping          |       |       |       |       |     2 |     3 |       |     2 |     1 ||     8
       Distracted        |       |       |       |       |     2 |       |     3 |     4 |     7 ||    16
       Invisible         |       |       |       |       |       |       |       |     1 |       ||     1
       Petrified         |       |       |       |       |       |       |       |       |    10 ||    10
       Petrifying        |       |       |       |       |       |       |       |       |     2 ||     2
       Confused          |       |       |       |       |       |       |       |       |     4 ||     4
  Eat: Chunk             |       |     5 |    16 |    16 |    21 |     4 |    21 |    12 |    13 ||   108
       Ration            |       |     1 |     1 |     4 |     4 |    10 |     4 |     4 |     7 ||    35
Armor: Scale mail        |     5 |       |       |       |       |       |    93 |       |       ||    98
       Chain mail        |    60 |    68 |   328 |   489 |   481 |   372 |   168 |       |       ||  1966
       Plate armour      |       |       |       |    42 |       |       |     6 |   501 |   615 ||  1164
Dodge: Dodged            |    25 |    34 |   201 |   441 |   429 |   487 |   526 |   712 |   796 ||  3651
Block: Kite shield       |    52 |    81 |   368 |   691 |   612 |   904 |   804 |  1223 |  1370 ||  6105
       Tower shield      |       |       |       |       |   115 |    17 |       |       |       ||   132
       Reflection        |       |       |       |       |       |   122 |   115 |    62 |    87 ||   386

Vanquished Creatures
  Mara (Depths:3)
  8 orbs of fire
  5 ancient liches (Zot:5)
  5 Killer Klowns (Zot:5)
  Margery (Depths:5)
  3 caustic shrikes (Depths:5)
  13 golden dragons
  the Enchantress (Depths:5)
  Jory (Vaults:5)
  2 bone dragons
  A Tzitzimitl (Zot:3)
  4 electric golems
  13 tentacled monstrosities
  An Ice Fiend (D:7)
  Jorgrun (Elf:1)
  Rupert (Orc:1)
  23 Orb Guardians
  A moon troll (WizLab)
  2 deep elf master archers
  4 liches
  9 quicksilver dragons
  3 titans (Vaults:5)
  5 acid blobs (Zot:1)
  7 tentacled starspawn (WizLab)
  3 sphinxes
  12 death cobs
  7 thorn hunters
  12 shadow dragons
  Kirke (D:14)
  22 storm dragons
  Donald (Swamp:1)
  15 nagarajas
  3 storm dragons (shapeshifter) (Depths:4)
  17 tengu reavers
  9 draconian monks
  12 frost giants
  11 fire giants
  3 draconian knights
  2 iron dragons
  9 deep elf sorcerers
  13 draconian scorchers
  A ghost moth (shapeshifter) (Vaults:5)
  8 draconian shifters
  Aizul (Swamp:1)
  17 vault wardens
  2 ghost moths
  Louise (D:15)
  7 draconian stormcallers
  2 cacodemons (WizLab)
  A reaper (Depths:1)
  3 spriggan defenders (Depths:5)
  19 very ugly things
  5 deep elf elementalists
  14 ironheart preservers
  A ghoul (Vaults:2)
  3 war gargoyles
  7 draconian annihilators
  2 entropy weavers
  27 stone giants
  2 vampire knights
  4 deep elf demonologists
  16 green draconians
  3 deep elf annihilators
  Nessos (D:15)
  15 black draconians
  13 purple draconians
  15 red draconians
  14 white draconians
  Azrael (Elf:2)
  An eidolon (Abyss:1)
  3 lorocyprocas (Depths:4)
  21 yellow draconians
  7 spark wasps
  2 green deaths
  A blizzard demon (Zot:4)
  15 ettins
  8 crystal guardians
  Snorg (D:11)
  5 deep elf death magi
  16 yaktaur captains
  14 ogre magi
  16 fire dragons
  A merfolk impaler (Depths:2)
  7 deep elf high priests
  2 jiangshi (Depths:5)
  12 great orbs of eyes
  17 ice dragons
  30 vault guards
  18 hydras
  2 shambling mangroves
  23 naga warriors
  3 rakshasas
  2 hell beasts
  A ghost crab (Swamp:4)
  6 anacondas
  4 catoblepae
  10 spriggan air magi
  10 alligators
  9 centaur warriors
  40 two-headed ogres
  33 dancing weapons
  16 deep troll earth magi
  13 death yaks
  6 death knights
  13 deep troll shamans
  A queen ant (Lair:3)
  4 vampire magi
  9 tengu warriors
  A thrashing horror (Abyss:1)
  An orc high priest (Elf:3)
  8 spriggan berserkers
  Nergalle (Orc:2)
  Urug (D:13)
  17 naga sharpshooters
  2 wretched stars
  8 shock serpents
  35 deep elf knights
  A soul eater (Depths:3)
  2 small abominations
  9 skeletal warriors
  A salamander mystic (Snake:4)
  10 hell knights
  7 iron trolls
  2 sun demons
  3 unseen horrors
  A shadow wraith (Vaults:1)
  A spriggan druid (Swamp:2)
  4 flayed ghosts
  3 wizards
  10 naga ritualists
  8 glowing orange brains
  2 infernal demonspawn (D:7)
  6 large abominations
  A sea snake (shapeshifter) (Vaults:5)
  27 deep elf archers
  A lindwurm (shapeshifter) (Vaults:5)
  30 deep trolls
  13 starcursed masses (WizLab)
  9 swamp dragons
  3 phantasmal warriors
  A tengu zombie (Vaults:4)
  14 ironbrand convokers
  2 wolf spiders (shapeshifter)
  6 harpies
  12 necromancers
  3 oklob plants (Zot:1)
  10 mana vipers
  12 orc sorcerers
  A harpy (shapeshifter) (Depths:5)
  2 orange crystal statues
  3 wolf spiders
  11 orc knights
  A tengu skeleton (Vaults:4)
  103 deep elf magi
  A stone giant zombie (D:15)
  A mana viper (shapeshifter) (Depths:5)
  4 manticores
  8 salamanders
  56 ugly things
  A moth of wrath (shapeshifter) (Vaults:5)
  A salamander (shapeshifter) (Vaults:5)
  3 centaur zombies
  7 cyclopes
  A stone giant skeleton (Vaults:4)
  37 black mambas
  8 guardian serpents
  21 moths of wrath
  9 elephants
  11 vault sentinels
  8 eyes of devastation (WizLab)
  Psyche (D:8)
  3 rust devils
  5 centaur skeletons
  2 smoke demons
  A gargoyle (D:13)
  An orange demon (Depths:3)
  13 spiny frogs
  17 naga magi
  A yaktaur zombie (Vaults:4)
  8 freezing wraiths
  3 human zombies (Vaults:4)
  A kobold demonologist (D:15)
  62 yaktaurs
  A rime drake (Lair:6)
  8 tengu conjurers
  2 efreet (D:14)
  A golden dragon simulacrum (Depths:3)
  10 komodo dragons
  2 yaktaurs (shapeshifter)
  A human skeleton (Vaults:4)
  A jumping spider (Vaults:3)
  4 polar bears
  8 tyrant leeches
  An ancient zyme (Abyss:1)
  A polar bear (shapeshifter) (Depths:1)
  A jumping spider (shapeshifter) (Vaults:5)
  A yaktaur skeleton (Vaults:5)
  10 trolls
  A spriggan zombie (D:15)
  9 hornets
  2 hornets (shapeshifter)
  2 ettin zombies
  A meliai zombie (D:13)
  11 blink frogs
  A raiju (Abyss:1)
  9 bog bodies
  A deep troll zombie (Depths:1)
  A dream sheep (shapeshifter) (Depths:4)
  A frost giant simulacrum (Depths:1)
  7 hippogriffs
  39 slime creatures
  2 hippogriffs (shapeshifter)
  An ettin skeleton (Depths:1)
  4 flying skulls (Depths:3)
  A spriggan skeleton (D:15)
  6 air elementals
  A spriggan (shapeshifter) (Depths:1)
  3 vampires
  3 ynoxinuls
  5 shadows
  8 wraiths
  4 redbacks
  5 water elementals
  2 fire elementals
  48 yaks
  6 spriggans
  4 hungry ghosts
  Eustachio (D:5)
  2 humans (D:8)
  A human (shapeshifter) (Vaults:5)
  3 wyverns
  2 basilisks (Lair:5)
  2 hogs (D:14)
  12 vampire mosquitoes
  6 golden eyes
  A basilisk (shapeshifter) (Depths:5)
  4 neqoxecs
  21 swamp worms
  Menkaure (D:6)
  Edmund (D:4)
  72 nagas
  7 insubstantial wisps
  6 acid dragons
  20 soldier ants (Lair:3)
  19 water moccasins
  A floating eye (shapeshifter) (Vaults:4)
  4 hell hounds (Elf:2)
  8 porcupines
  29 orc warriors
  11 sky beasts
  15 swamp drakes
  5 ice beasts
  4 black bears
  A hornet zombie (D:15)
  3 phantoms
  2 elf zombies
  6 wolves
  An eye of draining (D:10)
  10 boggarts
  A tengu (shapeshifter) (D:9)
  An elf skeleton (Vaults:4)
  29 ogres
  2 necrophages
  16 centaurs
  13 crocodiles
  A crocodile (shapeshifter) (Vaults:1)
  4 big kobolds
  20 bullfrogs
  4 earth elementals
  5 scorpions
  2 human simulacra
  15 killer bees
  9 wights
  2 electric eels
  2 howler monkeys
  5 crimson imps
  2 bullfrog zombies
  2 quasits (Depths:1)
  21 orc priests
  6 hounds
  22 jellies
  2 gnoll shamans
  2 bullfrog skeletons
  38 orc wizards
  Crazy Yiuf (D:4)
  2 iron imps
  Jessica (D:3)
  Terence (D:2)
  32 worker ants
  3 iguanas
  2 hound skeletons
  A howler monkey zombie (D:10)
  13 gnolls
  15 adders
  5 shadow imps
  4 white imps
  3 ufetubi (Depths:1)
  An adder zombie (D:5)
  An adder skeleton (D:6)
  2 worms
  A dart slug (D:3)
  12 leopard geckos
  112 orcs
  3 ball pythons
  3 giant cockroaches
  7 goblins
  2 hobgoblins
  6 jackals
  27 kobolds
  3 quokkas
  8 bats
  5 frilled lizards
  2 jackal skeletons
  A jackal zombie (D:7)
  A quokka skeleton (D:5)
  2 quokka zombies
  6 rats
  4 briar patches (Swamp:4)
  13 crawling corpses
  A demonic plant (WizLab)
  4 fungi
  3 plants
  7 starspawn tentacles (WizLab)
2645 creatures vanquished.

Vanquished Creatures (collateral kills)
  An ancient lich (Zot:5)
  Boris (Depths:5)
  A Killer Klown (Zot:5)
  A deep elf master archer (Elf:3)
  2 deep elf blademasters (Elf:3)
  A shadow dragon (Depths:5)
  A tengu reaver (Depths:5)
  A nagaraja (Snake:4)
  3 deep elf sorcerers (Elf:3)
  A deep elf elementalist (Elf:3)
  A stone giant (Vaults:5)
  A deep elf annihilator (Elf:3)
  2 deep elf demonologists (Elf:3)
  A deep elf death mage (Elf:3)
  A fire dragon (Depths:5)
  2 naga warriors (Snake:4)
  A deep elf high priest (Depths:5)
  A great orb of eyes (Depths:5)
  An ice dragon (Depths:5)
  A dancing weapon (Elf:3)
  2 naga sharpshooters (Snake:4)
  2 hell knights (Depths:5)
  2 deep elf knights (Elf:3)
  A small abomination (Elf:3)
  A deep troll (Depths:5)
  2 deep elf magi (Elf:3)
  An ugly thing (Swamp:1)
  A naga mage (Snake:4)
  An air elemental (Elf:3)
  A water elemental (Elf:3)
  3 nagas (Snake:4)
  An orc (Orc:2)
  2 crawling corpses (Elf:3)
45 creatures vanquished.

Vanquished Creatures (others)
  A draconian knight (Zot:1)
  A draconian scorcher (Zot:1)
  A war gargoyle (Depths:4)
  A yellow draconian (Zot:1)
  2 naga warriors (Snake:4)
  3 deep elf knights
  A naga ritualist (Snake:4)
  A deep elf archer (Elf:3)
  A wizard (Vaults:3)
  6 deep elf magi
  4 ugly things (D:15)
  A mana viper (Snake:4)
  4 humans (D:14)
  A hell hound (Elf:2)
  3 ogres
  A jelly (Zot:1)
  An orc wizard (Orc:2)
  11 briar patches (Swamp:4)
  A bush (Lair:6)
  A crawling corpse (Elf:3)
  A demonic plant (WizLab)
  15 fungi
  11 plants
  21 starspawn tentacles (WizLab)
  A withered plant (D:15)
95 creatures vanquished.

Grand Total: 2785 creatures vanquished
